Workbook

Sheet Resumo (19.01.2024)
B1: Tabelas Resumo Credores
B3: Credores | C3: Qtde | D3: Valor em 19/01/2024 | F3: OSCN | G3: OSBR | H3: OSSO | I3: OSSG
B4: Credores Totais | C4: =COUNTIFS('Consolidado Credores'!$C:$C,"Sim")+G32 -> 318 | D4: =SUMIFS('Consolidado Credores'!$T:$T,'Consolidado Credores'!$C:$C,"Sim") -> 7.9319499e+09 | F4: =SUMIFS('Consolidado Credores'!$T:$T,'Consolidado Credores'!$G:$G,F$3,'Consolidado Credores'!$C:$C,"Sim") -> 7.5554946e+09 | G4: =SUMIFS('Consolidado Credores'!$T:$T,'Consolidado Credores'!$G:$G,G$3,'Consolidado Credores'!$C:$C,"Sim") -> 3.2069205e+08 | H4: =SUMIFS('Consolidado Credores'!$T:$T,'Consolidado Credores'!$G:$G,H$3,'Consolidado Credores'!$C:$C,"Sim") -> 55763320 | I4: =SUMIFS('Consolidado Credores'!$T:$T,'Consolidado Credores'!$G:$G,I$3,'Consolidado Credores'!$C:$C,"Sim") -> 0
B5: Com Valor Positivo | C5: =COUNTIFS('Consolidado Credores'!$S:$S,">="&0,'Consolidado Credores'!$C:$C,"Sim") -> 292 | D5: =SUMIF('Consolidado Credores'!$R$3:$R$332,">"&0,'Consolidado Credores'!$R$3:$R$332) -> 7.8109511e+09 | F5: =SUMIFS('Consolidado Credores'!$T$3:$T$332,'Consolidado Credores'!$R$3:$R$332,">"&0,'Consolidado Credores'!$G$3:$G$332,F$3) -> 7.5554946e+09 | G5: =SUMIFS('Consolidado Credores'!$T$3:$T$332,'Consolidado Credores'!$R$3:$R$332,">"&0,'Consolidado Credores'!$G$3:$G$332,G$3) -> 3.7945445e+08 | H5: =SUMIFS('Consolidado Credores'!$T$3:$T$332,'Consolidado Credores'!$R$3:$R$332,">"&0,'Consolidado Credores'!$G$3:$G$332,H$3) -> 55766176 | I5: =SUMIFS('Consolidado Credores'!$T$3:$T$332,'Consolidado Credores'!$R$3:$R$332,">"&0,'Consolidado Credores'!$G$3:$G$332,I$3) -> 806.68
E8: =1-SUM(E10:E16) -> -0.015490925
B9: Classe | C9: Qtde | D9: Valor em 19/01/2024 | E9: % | F9: OSCN | G9: OSBR | H9: OSSO | I9: OSSG
B10: CLASSE I | C10: =COUNTIFS('Consolidado Credores'!$K:$K,B10,'Consolidado Credores'!$C:$C,"sim")+COUNTIF('Consolidado Contingências Trab'!$K:$K,"Provável") -> 29 | D10: =SUMIFS('Consolidado Credores'!$T:$T,'Consolidado Credores'!$K:$K,B10,'Consolidado Credores'!$C:$C,"sim") -> 411683.06 | E10: =D10/$D$5 -> 5.2705882e-05 | F10: =SUMIFS('Consolidado Credores'!$T:$T,'Consolidado Credores'!$K:$K,$B10,'Consolidado Credores'!$T:$T,">"&0,'Consolidado Credores'!$G:$G,F$9,'Consolidado Credores'!$C:$C,"Sim") -> 161403.5 | G10: =SUMIFS('Consolidado Credores'!$T:$T,'Consolidado Credores'!$K:$K,$B10,'Consolidado Credores'!$T:$T,">"&0,'Consolidado Credores'!$G:$G,G$9,'Consolidado Credores'!$C:$C,"Sim") -> 250279.56 | H10: =SUMIFS('Consolidado Credores'!$T:$T,'Consolidado Credores'!$K:$K,$B10,'Consolidado Credores'!$T:$T,">"&0,'Consolidado Credores'!$G:$G,H$9,'Consolidado Credores'!$C:$C,"Sim") -> 0 | I10: =SUMIFS('Consolidado Credores'!$T:$T,'Consolidado Credores'!$K:$K,$B10,'Consolidado Credores'!$T:$T,">"&0,'Consolidado Credores'!$G:$G,I$9,'Consolidado Credores'!$C:$C,"Sim") -> 0
B11: CLASSE II | C11: =COUNTIFS('Consolidado Credores'!$K:$K,B11,'Consolidado Credores'!$C:$C,"sim") -> 0 | D11: =SUMIFS('Consolidado Credores'!$T:$T,'Consolidado Credores'!$K:$K,B11,'Consolidado Credores'!$C:$C,"sim") -> 0 | E11: =D11/$D$5 -> 0 | F11: =SUMIFS('Consolidado Credores'!$T:$T,'Consolidado Credores'!$K:$K,$B11,'Consolidado Credores'!$T:$T,">"&0,'Consolidado Credores'!$G:$G,F$9,'Consolidado Credores'!$C:$C,"Sim") -> 0 | G11: =SUMIFS('Consolidado Credores'!$T:$T,'Consolidado Credores'!$K:$K,$B11,'Consolidado Credores'!$T:$T,">"&0,'Consolidado Credores'!$G:$G,G$9,'Consolidado Credores'!$C:$C,"Sim") -> 0 | H11: =SUMIFS('Consolidado Credores'!$T:$T,'Consolidado Credores'!$K:$K,$B11,'Consolidado Credores'!$T:$T,">"&0,'Consolidado Credores'!$G:$G,H$9,'Consolidado Credores'!$C:$C,"Sim") -> 0 | I11: =SUMIFS('Consolidado Credores'!$T:$T,'Consolidado Credores'!$K:$K,$B11,'Consolidado Credores'!$T:$T,">"&0,'Consolidado Credores'!$G:$G,I$9,'Consolidado Credores'!$C:$C,"Sim") -> 0
B12: CLASSE III | C12: =COUNTIFS('Consolidado Credores'!$K:$K,B12,'Consolidado Credores'!$C:$C,"sim") -> 253 | D12: =SUMIFS('Consolidado Credores'!$T:$T,'Consolidado Credores'!$K:$K,B12,'Consolidado Credores'!$C:$C,"sim") -> 7.5060784e+09 | E12: =D12/$D$5 -> 0.96096856 | F12: =SUMIFS('Consolidado Credores'!$T:$T,'Consolidado Credores'!$K:$K,$B12,'Consolidado Credores'!$T:$T,">"&0,'Consolidado Credores'!$G:$G,F$9,'Consolidado Credores'!$C:$C,"Sim") -> 7.4803275e+09 | G12: =SUMIFS('Consolidado Credores'!$T:$T,'Consolidado Credores'!$K:$K,$B12,'Consolidado Credores'!$T:$T,">"&0,'Consolidado Credores'!$G:$G,G$9,'Consolidado Credores'!$C:$C,"Sim") -> 25749180 | H12: =SUMIFS('Consolidado Credores'!$T:$T,'Consolidado Credores'!$K:$K,$B12,'Consolidado Credores'!$T:$T,">"&0,'Consolidado Credores'!$G:$G,H$9,'Consolidado Credores'!$C:$C,"Sim") -> 1779.37 | I12: =SUMIFS('Consolidado Credores'!$T:$T,'Consolidado Credores'!$K:$K,$B12,'Consolidado Credores'!$T:$T,">"&0,'Consolidado Credores'!$G:$G,I$9,'Consolidado Credores'!$C:$C,"Sim") -> 0
B13: CLASSE IV | C13: =COUNTIFS('Consolidado Credores'!$K:$K,B13,'Consolidado Credores'!$C:$C,"sim") -> 13 | D13: =SUMIFS('Consolidado Credores'!$T:$T,'Consolidado Credores'!$K:$K,B13,'Consolidado Credores'!$C:$C,"sim") -> 3777352 | E13: =D13/$D$5 -> 0.00048359693 | F13: =SUMIFS('Consolidado Credores'!$T:$T,'Consolidado Credores'!$K:$K,$B13,'Consolidado Credores'!$T:$T,">"&0,'Consolidado Credores'!$G:$G,F$9,'Consolidado Credores'!$C:$C,"Sim") -> 3676568.3 | G13: =SUMIFS('Consolidado Credores'!$T:$T,'Consolidado Credores'!$K:$K,$B13,'Consolidado Credores'!$T:$T,">"&0,'Consolidado Credores'!$G:$G,G$9,'Consolidado Credores'!$C:$C,"Sim") -> 100783.71 | H13: =SUMIFS('Consolidado Credores'!$T:$T,'Consolidado Credores'!$K:$K,$B13,'Consolidado Credores'!$T:$T,">"&0,'Consolidado Credores'!$G:$G,H$9,'Consolidado Credores'!$C:$C,"Sim") -> 0 | I13: =SUMIFS('Consolidado Credores'!$T:$T,'Consolidado Credores'!$K:$K,$B13,'Consolidado Credores'!$T:$T,">"&0,'Consolidado Credores'!$G:$G,I$9,'Consolidado Credores'!$C:$C,"Sim") -> 0
B14: PARTES RELACIONADAS | C14: =COUNTIFS('Consolidado Credores'!$K:$K,B14,'Consolidado Credores'!$C:$C,"sim") -> 23 | D14: =SUMIFS('Consolidado Credores'!$T:$T,'Consolidado Credores'!$K:$K,B14,'Consolidado Credores'!$C:$C,"sim") -> 4.2168248e+08 | E14: =D14/$D$5 -> 0.053986061 | F14: =SUMIFS('Consolidado Credores'!$T:$T,'Consolidado Credores'!$K:$K,$B14,'Consolidado Credores'!$T:$T,">"&0,'Consolidado Credores'!$G:$G,F$9,'Consolidado Credores'!$C:$C,"Sim") -> 71329130 | G14: =SUMIFS('Consolidado Credores'!$T:$T,'Consolidado Credores'!$K:$K,$B14,'Consolidado Credores'!$T:$T,">"&0,'Consolidado Credores'!$G:$G,G$9,'Consolidado Credores'!$C:$C,"Sim") -> 2.9459181e+08 | H14: =SUMIFS('Consolidado Credores'!$T:$T,'Consolidado Credores'!$K:$K,$B14,'Consolidado Credores'!$T:$T,">"&0,'Consolidado Credores'!$G:$G,H$9,'Consolidado Credores'!$C:$C,"Sim") -> 55761540 | I14: =SUMIFS('Consolidado Credores'!$T:$T,'Consolidado Credores'!$K:$K,$B14,'Consolidado Credores'!$T:$T,">"&0,'Consolidado Credores'!$G:$G,I$9,'Consolidado Credores'!$C:$C,"Sim") -> 0
B15: TOTAL | C15: =SUM(C10:C14) -> 318 | D15: =SUM(D10:D14) -> 7.9319499e+09 | F15: =SUM(F10:F14) -> 7.5554946e+09 | G15: =SUM(G10:G14) -> 3.2069205e+08 | H15: =SUM(H10:H14) -> 55763320 | I15: =SUM(I10:I14) -> 0
B16: => Contingências Prováveis Sem valor | C16: =C5-SUM(C10:C14) -> -26 | D16: =D4-SUM(D10:D14) -> 0 | E16: =D16/$D$5 -> 0 | F16: =F4-SUM(F10:F14) -> 0 | G16: =G4-SUM(G10:G14) -> 0 | H16: =H4-SUM(H10:H14) -> 0 | I16: =I4-SUM(I10:I14) -> 0
B19: Pendências de Classificaçao | C19: Qtde
B20: Email | C20: =COUNTIFS('Consolidado Credores'!$F:$F,$B20,'Consolidado Credores'!$S:$S,">"&0,'Consolidado Credores'!$C:$C,"Sim") -> 18
B21: Endereço | C21: =COUNTIFS('Consolidado Credores'!$F:$F,$B21,'Consolidado Credores'!$S:$S,">"&0,'Consolidado Credores'!$C:$C,"Sim") -> 3
B22: Telefone | C22: =COUNTIFS('Consolidado Credores'!$F:$F,$B22,'Consolidado Credores'!$S:$S,">"&0,'Consolidado Credores'!$C:$C,"Sim") -> 9
B23: Telefone; Email | C23: =COUNTIFS('Consolidado Credores'!$F:$F,$B23,'Consolidado Credores'!$S:$S,">"&0,'Consolidado Credores'!$C:$C,"Sim") -> 12
B24: Telefone; Email; Endereço | C24: =COUNTIFS('Consolidado Credores'!$F:$F,$B24,'Consolidado Credores'!$S:$S,">"&0,'Consolidado Credores'!$C:$C,"Sim") -> 3
B25: Telefone; Endereço | C25: =COUNTIFS('Consolidado Credores'!$F:$F,$B25,'Consolidado Credores'!$S:$S,">"&0,'Consolidado Credores'!$C:$C,"Sim") -> 1
B26: Total | C26: =SUM(C20:C25) -> 46
F29: Tabela Contingências Trabalhistas
F30: Contingências | G30: # | H30: OSX BR | I30: OSX CN | J30: Total
F31: Possível | G31: =COUNTIF('Consolidado Contingências Trab'!$K$3:$K$42,F31) -> 13 | H31: =SUMIFS('Consolidado Contingências Trab'!$J:$J,'Consolidado Contingências Trab'!$D:$D,H$30,'Consolidado Contingências Trab'!$K:$K,$F31) -> 431903.09 | I31: =SUMIFS('Consolidado Contingências Trab'!$J:$J,'Consolidado Contingências Trab'!$D:$D,I$30,'Consolidado Contingências Trab'!$K:$K,$F31) -> 50971.55 | J31: =SUM(H31:I31) -> 482874.64
F32: Provável | G32: =COUNTIF('Consolidado Contingências Trab'!$K$3:$K$42,F32) -> 26 | H32: =SUMIFS('Consolidado Contingências Trab'!$J:$J,'Consolidado Contingências Trab'!$D:$D,H$30,'Consolidado Contingências Trab'!$K:$K,$F32) -> 725923.52 | I32: =SUMIFS('Consolidado Contingências Trab'!$J:$J,'Consolidado Contingências Trab'!$D:$D,I$30,'Consolidado Contingências Trab'!$K:$K,$F32) -> 6007029.4 | J32: =SUM(H32:I32) -> 6732953
F33: Total | H33: =SUM(H31:H32) -> 1157826.6 | I33: =SUM(I31:I32) -> 6058001 | J33: =SUM(H33:I33) -> 7215827.6

Sheet Resumo (set.23)
B1: Tabelas Resumo Credores
B3: Credores | C3: Qtde | D3: Valor em 30/09/2023 | F3: OSCN | G3: OSBR | H3: OSSO | I3: OSSG
B4: Credores Totais | C4: =COUNTIFS('Consolidado Credores'!$C:$C,"Sim") -> 292 | D4: =SUMIFS('Consolidado Credores'!$R:$R,'Consolidado Credores'!$C:$C,"Sim") -> 7.7502214e+09 | F4: =SUMIFS('Consolidado Credores'!$R:$R,'Consolidado Credores'!$G:$G,F$3,'Consolidado Credores'!$C:$C,"Sim") -> 7.3764101e+09 | G4: =SUMIFS('Consolidado Credores'!$R:$R,'Consolidado Credores'!$G:$G,G$3,'Consolidado Credores'!$C:$C,"Sim") -> 3.1780105e+08 | H4: =SUMIFS('Consolidado Credores'!$R:$R,'Consolidado Credores'!$G:$G,H$3,'Consolidado Credores'!$C:$C,"Sim") -> 56010305 | I4: =SUMIFS('Consolidado Credores'!$R:$R,'Consolidado Credores'!$G:$G,I$3,'Consolidado Credores'!$C:$C,"Sim") -> 0
B5: Com Valor Positivo | C5: =COUNTIFS('Consolidado Credores'!$R:$R,">="&0,'Consolidado Credores'!$C:$C,"Sim") -> 292 | D5: =SUMIF('Consolidado Credores'!$R$3:$R$332,">"&0,'Consolidado Credores'!$R$3:$R$332) -> 7.8109511e+09 | F5: =SUMIFS('Consolidado Credores'!$R$3:$R$332,'Consolidado Credores'!$R$3:$R$332,">"&0,'Consolidado Credores'!$G$3:$G$332,F$3) -> 7.3771376e+09 | G5: =SUMIFS('Consolidado Credores'!$R$3:$R$332,'Consolidado Credores'!$R$3:$R$332,">"&0,'Consolidado Credores'!$G$3:$G$332,G$3) -> 3.7778166e+08 | H5: =SUMIFS('Consolidado Credores'!$R$3:$R$332,'Consolidado Credores'!$R$3:$R$332,">"&0,'Consolidado Credores'!$G$3:$G$332,H$3) -> 56031044 | I5: =SUMIFS('Consolidado Credores'!$R$3:$R$332,'Consolidado Credores'!$R$3:$R$332,">"&0,'Consolidado Credores'!$G$3:$G$332,I$3) -> 806.68
B8: Credores Valor Positivo | E8: =1-SUM(E10:E15) -> 0.0077749379
B9: Classe | C9: Qtde | D9: Valor em 30/09/2023 | E9: % | F9: OSCN | G9: OSBR | H9: OSSO | I9: OSSG
B10: CLASSE I | C10: =COUNTIFS('Consolidado Credores'!$K:$K,B10,'Consolidado Credores'!$C:$C,"sim")+COUNTIF('Consolidado Contingências Trab'!$K:$K,"Provável") -> 29 | D10: =SUMIFS('Consolidado Credores'!$R:$R,'Consolidado Credores'!$K:$K,B10,'Consolidado Credores'!$C:$C,"sim") -> 477292.09 | E10: =D10/$D$5 -> 6.1105503e-05 | F10: =SUMIFS('Consolidado Credores'!$R:$R,'Consolidado Credores'!$K:$K,$B10,'Consolidado Credores'!$R:$R,">"&0,'Consolidado Credores'!$G:$G,F$9,'Consolidado Credores'!$C:$C,"Sim") -> 159673.3 | G10: =SUMIFS('Consolidado Credores'!$R:$R,'Consolidado Credores'!$K:$K,$B10,'Consolidado Credores'!$R:$R,">"&0,'Consolidado Credores'!$G:$G,G$9,'Consolidado Credores'!$C:$C,"Sim") -> 317618.79 | H10: =SUMIFS('Consolidado Credores'!$R:$R,'Consolidado Credores'!$K:$K,$B10,'Consolidado Credores'!$R:$R,">"&0,'Consolidado Credores'!$G:$G,H$9,'Consolidado Credores'!$C:$C,"Sim") -> 0 | I10: =SUMIFS('Consolidado Credores'!$R:$R,'Consolidado Credores'!$K:$K,$B10,'Consolidado Credores'!$R:$R,">"&0,'Consolidado Credores'!$G:$G,I$9,'Consolidado Credores'!$C:$C,"Sim") -> 0
B11: CLASSE II | C11: =COUNTIFS('Consolidado Credores'!$K:$K,B11,'Consolidado Credores'!$C:$C,"sim") -> 0 | D11: =SUMIFS('Consolidado Credores'!$R:$R,'Consolidado Credores'!$K:$K,B11,'Consolidado Credores'!$C:$C,"sim") -> 0 | E11: =D11/$D$5 -> 0 | F11: =SUMIFS('Consolidado Credores'!$R:$R,'Consolidado Credores'!$K:$K,$B11,'Consolidado Credores'!$R:$R,">"&0,'Consolidado Credores'!$G:$G,F$9,'Consolidado Credores'!$C:$C,"Sim") -> 0 | G11: =SUMIFS('Consolidado Credores'!$R:$R,'Consolidado Credores'!$K:$K,$B11,'Consolidado Credores'!$R:$R,">"&0,'Consolidado Credores'!$G:$G,G$9,'Consolidado Credores'!$C:$C,"Sim") -> 0 | H11: =SUMIFS('Consolidado Credores'!$R:$R,'Consolidado Credores'!$K:$K,$B11,'Consolidado Credores'!$R:$R,">"&0,'Consolidado Credores'!$G:$G,H$9,'Consolidado Credores'!$C:$C,"Sim") -> 0 | I11: =SUMIFS('Consolidado Credores'!$R:$R,'Consolidado Credores'!$K:$K,$B11,'Consolidado Credores'!$R:$R,">"&0,'Consolidado Credores'!$G:$G,I$9,'Consolidado Credores'!$C:$C,"Sim") -> 0
B12: CLASSE III | C12: =COUNTIFS('Consolidado Credores'!$K:$K,B12,'Consolidado Credores'!$C:$C,"sim") -> 253 | D12: =SUMIFS('Consolidado Credores'!$R:$R,'Consolidado Credores'!$K:$K,B12,'Consolidado Credores'!$C:$C,"sim") -> 7.3189198e+09 | E12: =D12/$D$5 -> 0.93700751 | F12: =SUMIFS('Consolidado Credores'!$R:$R,'Consolidado Credores'!$K:$K,$B12,'Consolidado Credores'!$R:$R,">"&0,'Consolidado Credores'!$G:$G,F$9,'Consolidado Credores'!$C:$C,"Sim") -> 7.2932591e+09 | G12: =SUMIFS('Consolidado Credores'!$R:$R,'Consolidado Credores'!$K:$K,$B12,'Consolidado Credores'!$R:$R,">"&0,'Consolidado Credores'!$G:$G,G$9,'Consolidado Credores'!$C:$C,"Sim") -> 25658958 | H12: =SUMIFS('Consolidado Credores'!$R:$R,'Consolidado Credores'!$K:$K,$B12,'Consolidado Credores'!$R:$R,">"&0,'Consolidado Credores'!$G:$G,H$9,'Consolidado Credores'!$C:$C,"Sim") -> 1779.37 | I12: =SUMIFS('Consolidado Credores'!$R:$R,'Consolidado Credores'!$K:$K,$B12,'Consolidado Credores'!$R:$R,">"&0,'Consolidado Credores'!$G:$G,I$9,'Consolidado Credores'!$C:$C,"Sim") -> 0
B13: CLASSE IV | C13: =COUNTIFS('Consolidado Credores'!$K:$K,B13,'Consolidado Credores'!$C:$C,"sim") -> 13 | D13: =SUMIFS('Consolidado Credores'!$R:$R,'Consolidado Credores'!$K:$K,B13,'Consolidado Credores'!$C:$C,"sim") -> 3736925.7 | E13: =D13/$D$5 -> 0.00047842134 | F13: =SUMIFS('Consolidado Credores'!$R:$R,'Consolidado Credores'!$K:$K,$B13,'Consolidado Credores'!$R:$R,">"&0,'Consolidado Credores'!$G:$G,F$9,'Consolidado Credores'!$C:$C,"Sim") -> 3637222.4 | G13: =SUMIFS('Consolidado Credores'!$R:$R,'Consolidado Credores'!$K:$K,$B13,'Consolidado Credores'!$R:$R,">"&0,'Consolidado Credores'!$G:$G,G$9,'Consolidado Credores'!$C:$C,"Sim") -> 99703.343 | H13: =SUMIFS('Consolidado Credores'!$R:$R,'Consolidado Credores'!$K:$K,$B13,'Consolidado Credores'!$R:$R,">"&0,'Consolidado Credores'!$G:$G,H$9,'Consolidado Credores'!$C:$C,"Sim") -> 0 | I13: =SUMIFS('Consolidado Credores'!$R:$R,'Consolidado Credores'!$K:$K,$B13,'Consolidado Credores'!$R:$R,">"&0,'Consolidado Credores'!$G:$G,I$9,'Consolidado Credores'!$C:$C,"Sim") -> 0
B14: PARTES RELACIONADAS | C14: =COUNTIFS('Consolidado Credores'!$K:$K,B14,'Consolidado Credores'!$C:$C,"sim") -> 23 | D14: =SUMIFS('Consolidado Credores'!$R:$R,'Consolidado Credores'!$K:$K,B14,'Consolidado Credores'!$C:$C,"sim") -> 4.270874e+08 | E14: =D14/$D$5 -> 0.054678028 | F14: =SUMIFS('Consolidado Credores'!$R:$R,'Consolidado Credores'!$K:$K,$B14,'Consolidado Credores'!$R:$R,">"&0,'Consolidado Credores'!$G:$G,F$9,'Consolidado Credores'!$C:$C,"Sim") -> 79354106 | G14: =SUMIFS('Consolidado Credores'!$R:$R,'Consolidado Credores'!$K:$K,$B14,'Consolidado Credores'!$R:$R,">"&0,'Consolidado Credores'!$G:$G,G$9,'Consolidado Credores'!$C:$C,"Sim") -> 2.9172477e+08 | H14: =SUMIFS('Consolidado Credores'!$R:$R,'Consolidado Credores'!$K:$K,$B14,'Consolidado Credores'!$R:$R,">"&0,'Consolidado Credores'!$G:$G,H$9,'Consolidado Credores'!$C:$C,"Sim") -> 56008526 | I14: =SUMIFS('Consolidado Credores'!$R:$R,'Consolidado Credores'!$K:$K,$B14,'Consolidado Credores'!$R:$R,">"&0,'Consolidado Credores'!$G:$G,I$9,'Consolidado Credores'!$C:$C,"Sim") -> 0
B15: => Contingências Prováveis Sem valor | C15: =C5-SUM(C10:C14) -> -26 | D15: =D4-SUM(D10:D14) -> 0 | E15: =D15/$D$5 -> 0 | F15: =F4-SUM(F10:F14) -> 0 | G15: =G4-SUM(G10:G14) -> 0 | H15: =H4-SUM(H10:H14) -> 0 | I15: =I4-SUM(I10:I14) -> 0
B18: Pendências de Classificaçao | C18: Qtde
B19: Email | C19: =COUNTIFS('Consolidado Credores'!$F:$F,$B19,'Consolidado Credores'!$R:$R,">"&0,'Consolidado Credores'!$C:$C,"Sim") -> 18
B20: Endereço | C20: =COUNTIFS('Consolidado Credores'!$F:$F,$B20,'Consolidado Credores'!$R:$R,">"&0,'Consolidado Credores'!$C:$C,"Sim") -> 3
B21: Telefone | C21: =COUNTIFS('Consolidado Credores'!$F:$F,$B21,'Consolidado Credores'!$R:$R,">"&0,'Consolidado Credores'!$C:$C,"Sim") -> 9
B22: Telefone; Email | C22: =COUNTIFS('Consolidado Credores'!$F:$F,$B22,'Consolidado Credores'!$R:$R,">"&0,'Consolidado Credores'!$C:$C,"Sim") -> 12
B23: Telefone; Email; Endereço | C23: =COUNTIFS('Consolidado Credores'!$F:$F,$B23,'Consolidado Credores'!$R:$R,">"&0,'Consolidado Credores'!$C:$C,"Sim") -> 3
B24: Telefone; Endereço | C24: =COUNTIFS('Consolidado Credores'!$F:$F,$B24,'Consolidado Credores'!$R:$R,">"&0,'Consolidado Credores'!$C:$C,"Sim") -> 1
B25: Total | C25: =SUM(C19:C24) -> 46
F28: Tabela Contingências Trabalhistas
F29: Contingências | G29: # | H29: OSX BR | I29: OSX CN | J29: Total
F30: Possível | G30: =COUNTIF('Consolidado Contingências Trab'!$K$3:$K$42,F30) -> 13 | H30: =SUMIFS('Consolidado Contingências Trab'!$I:$I,'Consolidado Contingências Trab'!$D:$D,H$29,'Consolidado Contingências Trab'!$K:$K,$F30) -> 477830.16 | I30: =SUMIFS('Consolidado Contingências Trab'!$I:$I,'Consolidado Contingências Trab'!$D:$D,I$29,'Consolidado Contingências Trab'!$K:$K,$F30) -> 68801.22 | J30: =SUM(H30:I30) -> 546631.38
F31: Provável | G31: =COUNTIF('Consolidado Contingências Trab'!$K$3:$K$42,F31) -> 26 | H31: =SUMIFS('Consolidado Contingências Trab'!$I:$I,'Consolidado Contingências Trab'!$D:$D,H$29,'Consolidado Contingências Trab'!$K:$K,$F31) -> 725923.52 | I31: =SUMIFS('Consolidado Contingências Trab'!$I:$I,'Consolidado Contingências Trab'!$D:$D,I$29,'Consolidado Contingências Trab'!$K:$K,$F31) -> 5930983.7 | J31: =SUM(H31:I31) -> 6656907.2
F32: Total | H32: =SUM(H30:H31) -> 1203753.7 | I32: =SUM(I30:I31) -> 5999784.9 | J32: =SUM(H32:I32) -> 7203538.6

Sheet Consolidado Credores
B2: # | C2: ENTRA NO QGC? | D2: OBS Meden 1 | E2: OBS Meden 2 | F2: OBS Meden 3 | G2: Empresa | H2: Verificar | I2: Aba | J2: Tipo | K2: Classe | L2: Credor | M2: CPF/CNPJ | N2: Telefone | O2: E-mail | P2: Endereço Físico | Q2: Moeda | R2: Saldo em 30/09/2023 | S2: Saldo em 31/12/2023 | T2: Saldo em 19/01/2024 | V2: Estava na 1º RJ? | W2: Classe no 1º QGC | X2: Moeda | Y2: Valor do Crédito 1º QGC | Z2: Presta serviço atualmente? | AA2: Observação | AB2: Pagamento é acumulado de quantos meses? | AJ2: x
B3: 686 | C3: Sim | F3: Telefone | G3: =INDEX(INDIRECT($I3&"!$1:$1048576"),MATCH($B3,INDIRECT($I3&"!$A:$A"),),MATCH(G$2,INDIRECT($I3&"!$1:$1"),)) -> OSCN | H3: X | I3: Debêntures | J3: Debenture | K3: CLASSE III | L3: =INDEX(INDIRECT($I3&"!$1:$1048576"),MATCH($B3,INDIRECT($I3&"!$A:$A"),),MATCH(L$2,INDIRECT($I3&"!$1:$1"),)) -> BANCO VOTORANTIM S.A. / BANCO SANTANDER (BRASIL) S.A. | M3: =INDEX(INDIRECT($I3&"!$1:$1048576"),MATCH($B3,INDIRECT($I3&"!$A:$A"),),MATCH(M$2,INDIRECT($I3&"!$1:$1"),)) -> 59.588.111/0001-03 (Votorantim) - 90.400.888/0001-42 (Santander) | N3: =INDEX(INDIRECT($I3&"!$1:$1048576"),MATCH($B3,INDIRECT($I3&"!$A:$A"),),MATCH(N$2,INDIRECT($I3&"!$1:$1"),)) -> 0800 772 8086 (Votorantim) 4004 3535 (Santander) | O3: =INDEX(INDIRECT($I3&"!$1:$1048576"),MATCH($B3,INDIRECT($I3&"!$A:$A"),),MATCH(O$2,INDIRECT($I3&"!$1:$1"),)) -> marco.jesus@bancovotorantim.com.br; rodrigo.cuano@bancovotorantim.com.br; jose.salvini@bancovotorantim.com.br; adriana.vieira@bancovotorantim.com.br; rodrigo.pereira@bancovotorantim.com.br | P3: =INDEX(INDIRECT($I3&"!$1:$1048576"),MATCH($B3,INDIRECT($I3&"!$A:$A"),),MATCH(P$2,INDIRECT($I3&"!$1:$1"),)) -> AVENIDA DAS NACOES UNIDAS 14171, TORRE A ANDAR 18 SÃO PAULO/SP (Votorantim)| AV PRES JUSCELINO KUBITSCHEK 2041 - SÃO PAULO/SP (Santander) | Q3: =INDEX(INDIRECT($I3&"!$1:$1048576"),MATCH($B3,INDIRECT($I3&"!$A:$A"),),MATCH(Q$2,INDIRECT($I3&"!$1:$1"),)) -> Real | R3: =INDEX(INDIRECT($I3&"!$1:$1048576"),MATCH($B3,INDIRECT($I3&"!$A:$A"),),MATCH(R$2,INDIRECT($I3&"!$1:$1"),)) -> 2.2220228e+09 | S3: =INDEX(INDIRECT($I3&"!$1:$1048576"),MATCH($B3,INDIRECT($I3&"!$A:$A"),),MATCH(S$2,INDIRECT($I3&"!$1:$1"),)) -> 2.2850849e+09 | T3: =INDEX(INDIRECT($I3&"!$1:$1048576"),MATCH($B3,INDIRECT($I3&"!$A:$A"),),MATCH(T$2,INDIRECT($I3&"!$1:$1"),)) -> 2.2850849e+09 | V3: =INDEX(INDIRECT($I3&"!$1:$1048576"),MATCH($B3,INDIRECT($I3&"!$A:$A"),),MATCH(V$2,INDIRECT($I3&"!$1:$1"),)) -> SIM | W3: =INDEX(INDIRECT($I3&"!$1:$1048576"),MATCH($B3,INDIRECT($I3&"!$A:$A"),),MATCH(W$2,INDIRECT($I3&"!$1:$1"),)) -> 3 | X3: =INDEX(INDIRECT($I3&"!$1:$1048576"),MATCH($B3,INDIRECT($I3&"!$A:$A"),),MATCH(X$2,INDIRECT($I3&"!$1:$1"),)) -> Real | Y3: =INDEX(INDIRECT($I3&"!$1:$1048576"),MATCH($B3,INDIRECT($I3&"!$A:$A"),),MATCH(Y$2,INDIRECT($I3&"!$1:$1"),)) -> 5.8839759e+08 | Z3: =INDEX(INDIRECT($I3&"!$1:$1048576"),MATCH($B3,INDIRECT($I3&"!$A:$A"),),MATCH(Z$2,INDIRECT($I3&"!$1:$1"),)) -> 0 | AA3: =INDEX(INDIRECT($I3&"!$1:$1048576"),MATCH($B3,INDIRECT($I3&"!$A:$A"),),MATCH(AA$2,INDIRECT($I3&"!$1:$1"),)) -> Debêntures subscritas pelos bancos Votorantim e Santander com créditos concursais | AB3: =IFERROR(INDEX(INDIRECT($I3&"!$1:$1048576"),MATCH($B3,INDIRECT($I3&"!$A:$A"),),MATCH(AB$2,INDIRECT($I3&"!$1:$1"),)),"") -> 0
B4: 681 | C4: Sim | G4: =INDEX(INDIRECT($I4&"!$1:$1048576"),MATCH($B4,INDIRECT($I4&"!$A:$A"),),MATCH(G$2,INDIRECT($I4&"!$1:$1"),)) -> OSCN | H4: X | I4: Empréstimos | J4: Empréstimo | K4: CLASSE III | L4: =INDEX(INDIRECT($I4&"!$1:$1048576"),MATCH($B4,INDIRECT($I4&"!$A:$A"),),MATCH(L$2,INDIRECT($I4&"!$1:$1"),)) -> Caixa Econômica Federal - CEF | M4: =INDEX(INDIRECT($I4&"!$1:$1048576"),MATCH($B4,INDIRECT($I4&"!$A:$A"),),MATCH(M$2,INDIRECT($I4&"!$1:$1"),)) -> 00.360.305/0001-04 | N4: =INDEX(INDIRECT($I4&"!$1:$1048576"),MATCH($B4,INDIRECT($I4&"!$A:$A"),),MATCH(N$2,INDIRECT($I4&"!$1:$1"),)) -> 61 3521-8600 | O4: =INDEX(INDIRECT($I4&"!$1:$1048576"),MATCH($B4,INDIRECT($I4&"!$A:$A"),),MATCH(O$2,INDIRECT($I4&"!$1:$1"),)) -> thiago.paim@caixa.gov.br; antonio.silveira@caixa.gov.br; luis.romero@caixa.gov.br; antonio. silveira@caixa. gov.br | P4: =INDEX(INDIRECT($I4&"!$1:$1048576"),MATCH($B4,INDIRECT($I4&"!$A:$A"),),MATCH(P$2,INDIRECT($I4&"!$1:$1"),)) -> Setor Bancário Sul Quadra 4 34 Bloco A Asa Sul 70092-900 Brasilia Brasilia Distrito Federal Brasil | Q4: =INDEX(INDIRECT($I4&"!$1:$1048576"),MATCH($B4,INDIRECT($I4&"!$A:$A"),),MATCH(Q$2,INDIRECT($I4&"!$1:$1"),)) -> Real | R4: =INDEX(INDIRECT($I4&"!$1:$1048576"),MATCH($B4,INDIRECT($I4&"!$A:$A"),),MATCH(R$2,INDIRECT($I4&"!$1:$1"),)) -> 1.6409002e+09 | S4: =INDEX(INDIRECT($I4&"!$1:$1048576"),MATCH($B4,INDIRECT($I4&"!$A:$A"),),MATCH(S$2,INDIRECT($I4&"!$1:$1"),)) -> 1.6912135e+09 | T4: =INDEX(INDIRECT($I4&"!$1:$1048576"),MATCH($B4,INDIRECT($I4&"!$A:$A"),),MATCH(T$2,INDIRECT($I4&"!$1:$1"),)) -> 1.6912135e+09 | V4: =INDEX(INDIRECT($I4&"!$1:$1048576"),MATCH($B4,INDIRECT($I4&"!$A:$A"),),MATCH(V$2,INDIRECT($I4&"!$1:$1"),)) -> SIM | W4: =INDEX(INDIRECT($I4&"!$1:$1048576"),MATCH($B4,INDIRECT($I4&"!$A:$A"),),MATCH(W$2,INDIRECT($I4&"!$1:$1"),)) -> 3 | X4: =INDEX(INDIRECT($I4&"!$1:$1048576"),MATCH($B4,INDIRECT($I4&"!$A:$A"),),MATCH(X$2,INDIRECT($I4&"!$1:$1"),)) -> Real | Y4: =INDEX(INDIRECT($I4&"!$1:$1048576"),MATCH($B4,INDIRECT($I4&"!$A:$A"),),MATCH(Y$2,INDIRECT($I4&"!$1:$1"),)) -> 461400842 | Z4: =INDEX(INDIRECT($I4&"!$1:$1048576"),MATCH($B4,INDIRECT($I4&"!$A:$A"),),MATCH(Z$2,INDIRECT($I4&"!$1:$1"),)) -> 0 | AA4: =INDEX(INDIRECT($I4&"!$1:$1048576"),MATCH($B4,INDIRECT($I4&"!$A:$A"),),MATCH(AA$2,INDIRECT($I4&"!$1:$1"),)) -> 0 | AB4: =IFERROR(INDEX(INDIRECT($I4&"!$1:$1048576"),MATCH($B4,INDIRECT($I4&"!$A:$A"),),MATCH(AB$2,INDIRECT($I4&"!$1:$1"),)),"") -> 0
B5: 688 | C5: Sim | F5: Telefone | G5: =INDEX(INDIRECT($I5&"!$1:$1048576"),MATCH($B5,INDIRECT($I5&"!$A:$A"),),MATCH(G$2,INDIRECT($I5&"!$1:$1"),)) -> OSCN | H5: X | I5: Debêntures | J5: Debenture | K5: CLASSE III | L5: =INDEX(INDIRECT($I5&"!$1:$1048576"),MATCH($B5,INDIRECT($I5&"!$A:$A"),),MATCH(L$2,INDIRECT($I5&"!$1:$1"),)) -> PRUMO LOGISTICA S.A. | M5: =INDEX(INDIRECT($I5&"!$1:$1048576"),MATCH($B5,INDIRECT($I5&"!$A:$A"),),MATCH(M$2,INDIRECT($I5&"!$1:$1"),)) -> 08.741.499/0001-08 | N5: =INDEX(INDIRECT($I5&"!$1:$1048576"),MATCH($B5,INDIRECT($I5&"!$A:$A"),),MATCH(N$2,INDIRECT($I5&"!$1:$1"),)) -> 21 37258000 | O5: =INDEX(INDIRECT($I5&"!$1:$1048576"),MATCH($B5,INDIRECT($I5&"!$A:$A"),),MATCH(O$2,INDIRECT($I5&"!$1:$1"),)) -> flavio.valle@prumologistica.com.br; eugenio.figueiredo@prumologistica.com.br; diego.antunes@prumologistica.com.br | P5: =INDEX(INDIRECT($I5&"!$1:$1048576"),MATCH($B5,INDIRECT($I5&"!$A:$A"),),MATCH(P$2,INDIRECT($I5&"!$1:$1"),)) -> R DO RUSSEL 804, 5 ANDAR - RIO DE JANEIRO/RJ | Q5: =INDEX(INDIRECT($I5&"!$1:$1048576"),MATCH($B5,INDIRECT($I5&"!$A:$A"),),MATCH(Q$2,INDIRECT($I5&"!$1:$1"),)) -> Real | R5: =INDEX(INDIRECT($I5&"!$1:$1048576"),MATCH($B5,INDIRECT($I5&"!$A:$A"),),MATCH(R$2,INDIRECT($I5&"!$1:$1"),)) -> 1.5318327e+09 | S5: =INDEX(INDIRECT($I5&"!$1:$1048576"),MATCH($B5,INDIRECT($I5&"!$A:$A"),),MATCH(S$2,INDIRECT($I5&"!$1:$1"),)) -> 1.575307e+09 | T5: =INDEX(INDIRECT($I5&"!$1:$1048576"),MATCH($B5,INDIRECT($I5&"!$A:$A"),),MATCH(T$2,INDIRECT($I5&"!$1:$1"),)) -> 1.575307e+09 | V5: =INDEX(INDIRECT($I5&"!$1:$1048576"),MATCH($B5,INDIRECT($I5&"!$A:$A"),),MATCH(V$2,INDIRECT($I5&"!$1:$1"),)) -> 0 | W5: =INDEX(INDIRECT($I5&"!$1:$1048576"),MATCH($B5,INDIRECT($I5&"!$A:$A"),),MATCH(W$2,INDIRECT($I5&"!$1:$1"),)) -> 0 | X5: =INDEX(INDIRECT($I5&"!$1:$1048576"),MATCH($B5,INDIRECT($I5&"!$A:$A"),),MATCH(X$2,INDIRECT($I5&"!$1:$1"),)) -> Real | Y5: =INDEX(INDIRECT($I5&"!$1:$1048576"),MATCH($B5,INDIRECT($I5&"!$A:$A"),),MATCH(Y$2,INDIRECT($I5&"!$1:$1"),)) -> 0 | Z5: =INDEX(INDIRECT($I5&"!$1:$1048576"),MATCH($B5,INDIRECT($I5&"!$A:$A"),),MATCH(Z$2,INDIRECT($I5&"!$1:$1"),)) -> 0 | AA5: =INDEX(INDIRECT($I5&"!$1:$1048576"),MATCH($B5,INDIRECT($I5&"!$A:$A"),),MATCH(AA$2,INDIRECT($I5&"!$1:$1"),)) -> Debêntures subscritas pela Prumo com créditos concursais / extraconcursais | AB5: =IFERROR(INDEX(INDIRECT($I5&"!$1:$1048576"),MATCH($B5,INDIRECT($I5&"!$A:$A"),),MATCH(AB$2,INDIRECT($I5&"!$1:$1"),)),"") -> 0
B6: 25 | C6: Sim | D6: Classificado plano Antigo | G6: =INDEX(INDIRECT($I6&"!$1:$1048576"),MATCH($B6,INDIRECT($I6&"!$A:$A"),),MATCH(G$2,INDIRECT($I6&"!$1:$1"),)) -> OSCN | H6: X | I6: Fornecedores | J6: Quirografário | K6: CLASSE III | L6: =INDEX(INDIRECT($I6&"!$1:$1048576"),MATCH($B6,INDIRECT($I6&"!$A:$A"),),MATCH(L$2,INDIRECT($I6&"!$1:$1"),)) -> ACCIONA INFRAESTRUCTURAS S.A | M6: =INDEX(INDIRECT($I6&"!$1:$1048576"),MATCH($B6,INDIRECT($I6&"!$A:$A"),),MATCH(M$2,INDIRECT($I6&"!$1:$1"),)) -> 3503152000600 | N6: =INDEX(INDIRECT($I6&"!$1:$1048576"),MATCH($B6,INDIRECT($I6&"!$A:$A"),),MATCH(N$2,INDIRECT($I6&"!$1:$1"),)) -> 11 30748300 | O6: =INDEX(INDIRECT($I6&"!$1:$1048576"),MATCH($B6,INDIRECT($I6&"!$A:$A"),),MATCH(O$2,INDIRECT($I6&"!$1:$1"),)) -> wribeiro@acciona.com.br | P6: =INDEX(INDIRECT($I6&"!$1:$1048576"),MATCH($B6,INDIRECT($I6&"!$A:$A"),),MATCH(P$2,INDIRECT($I6&"!$1:$1"),)) -> Av Carlos Alberto Chebase 2667 Km 08 Pqe. Guarus 28073506 Rio de Janeiro Campos dos Goytacazes BRASIL | Q6: =INDEX(INDIRECT($I6&"!$1:$1048576"),MATCH($B6,INDIRECT($I6&"!$A:$A"),),MATCH(Q$2,INDIRECT($I6&"!$1:$1"),)) -> Real | R6: =INDEX(INDIRECT($I6&"!$1:$1048576"),MATCH($B6,INDIRECT($I6&"!$A:$A"),),MATCH(R$2,INDIRECT($I6&"!$1:$1"),)) -> 4.9787706e+08 | S6: =INDEX(INDIRECT($I6&"!$1:$1048576"),MATCH($B6,INDIRECT($I6&"!$A:$A"),),MATCH(S$2,INDIRECT($I6&"!$1:$1"),)) -> 5.03272e+08 | T6: =INDEX(INDIRECT($I6&"!$1:$1048576"),MATCH($B6,INDIRECT($I6&"!$A:$A"),),MATCH(T$2,INDIRECT($I6&"!$1:$1"),)) -> 5.03272e+08 | V6: =INDEX(INDIRECT($I6&"!$1:$1048576"),MATCH($B6,INDIRECT($I6&"!$A:$A"),),MATCH(V$2,INDIRECT($I6&"!$1:$1"),)) -> SIM | W6: =INDEX(INDIRECT($I6&"!$1:$1048576"),MATCH($B6,INDIRECT($I6&"!$A:$A"),),MATCH(W$2,INDIRECT($I6&"!$1:$1"),)) -> 3 | X6: =INDEX(INDIRECT($I6&"!$1:$1048576"),MATCH($B6,INDIRECT($I6&"!$A:$A"),),MATCH(X$2,INDIRECT($I6&"!$1:$1"),)) -> Real | Y6: =INDEX(INDIRECT($I6&"!$1:$1048576"),MATCH($B6,INDIRECT($I6&"!$A:$A"),),MATCH(Y$2,INDIRECT($I6&"!$1:$1"),)) -> 302566667 | Z6: =INDEX(INDIRECT($I6&"!$1:$1048576"),MATCH($B6,INDIRECT($I6&"!$A:$A"),),MATCH(Z$2,INDIRECT($I6&"!$1:$1"),)) -> Não | AA6: =INDEX(INDIRECT($I6&"!$1:$1048576"),MATCH($B6,INDIRECT($I6&"!$A:$A"),),MATCH(AA$2,INDIRECT($I6&"!$1:$1"),)) -> 0 | AB6: =IFERROR(INDEX(INDIRECT($I6&"!$1:$1048576"),MATCH($B6,INDIRECT($I6&"!$A:$A"),),MATCH(AB$2,INDIRECT($I6&"!$1:$1"),)),"") -> 0
B7: 682 | C7: Sim | G7: =INDEX(INDIRECT($I7&"!$1:$1048576"),MATCH($B7,INDIRECT($I7&"!$A:$A"),),MATCH(G$2,INDIRECT($I7&"!$1:$1"),)) -> OSCN | H7: Confirmar Classe | I7: Empréstimos | J7: Empréstimo | K7: CLASSE III | L7: =INDEX(INDIRECT($I7&"!$1:$1048576"),MATCH($B7,INDIRECT($I7&"!$A:$A"),),MATCH(L$2,INDIRECT($I7&"!$1:$1"),)) -> BANCO BTG PACTUAL S.A. | M7: =INDEX(INDIRECT($I7&"!$1:$1048576"),MATCH($B7,INDIRECT($I7&"!$A:$A"),),MATCH(M$2,INDIRECT($I7&"!$1:$1"),)) -> 30.306.294/0001-45 | N7: =INDEX(INDIRECT($I7&"!$1:$1048576"),MATCH($B7,INDIRECT($I7&"!$A:$A"),),MATCH(N$2,INDIRECT($I7&"!$1:$1"),)) -> 21 3262-9757 | O7: =INDEX(INDIRECT($I7&"!$1:$1048576"),MATCH($B7,INDIRECT($I7&"!$A:$A"),),MATCH(O$2,INDIRECT($I7&"!$1:$1"),)) -> gustavo.Martinez@btgpactual.com | P7: =INDEX(INDIRECT($I7&"!$1:$1048576"),MATCH($B7,INDIRECT($I7&"!$A:$A"),),MATCH(P$2,INDIRECT($I7&"!$1:$1"),)) -> Pr Botafogo 501 Bloco ll Sal 501 Blc ll Sal 601 Botafogo 22250-911 Rio de Janeiro Rio de Janeiro Rio de Janeiro Brasil | Q7: =INDEX(INDIRECT($I7&"!$1:$1048576"),MATCH($B7,INDIRECT($I7&"!$A:$A"),),MATCH(Q$2,INDIRECT($I7&"!$1:$1"),)) -> Real | R7: =INDEX(INDIRECT($I7&"!$1:$1048576"),MATCH($B7,INDIRECT($I7&"!$A:$A"),),MATCH(R$2,INDIRECT($I7&"!$1:$1"),)) -> 3.6378102e+08 | S7: =INDEX(INDIRECT($I7&"!$1:$1048576"),MATCH($B7,INDIRECT($I7&"!$A:$A"),),MATCH(S$2,INDIRECT($I7&"!$1:$1"),)) -> 3.7773295e+08 | T7: =INDEX(INDIRECT($I7&"!$1:$1048576"),MATCH($B7,INDIRECT($I7&"!$A:$A"),),MATCH(T$2,INDIRECT($I7&"!$1:$1"),)) -> 3.7773295e+08 | V7: =INDEX(INDIRECT($I7&"!$1:$1048576"),MATCH($B7,INDIRECT($I7&"!$A:$A"),),MATCH(V$2,INDIRECT($I7&"!$1:$1"),)) -> 0 | W7: =INDEX(INDIRECT($I7&"!$1:$1048576"),MATCH($B7,INDIRECT($I7&"!$A:$A"),),MATCH(W$2,INDIRECT($I7&"!$1:$1"),)) -> 0 | X7: =INDEX(INDIRECT($I7&"!$1:$1048576"),MATCH($B7,INDIRECT($I7&"!$A:$A"),),MATCH(X$2,INDIRECT($I7&"!$1:$1"),)) -> Real | Y7: =INDEX(INDIRECT($I7&"!$1:$1048576"),MATCH($B7,INDIRECT($I7&"!$A:$A"),),MATCH(Y$2,INDIRECT($I7&"!$1:$1"),)) -> 0 | Z7: =INDEX(INDIRECT($I7&"!$1:$1048576"),MATCH($B7,INDIRECT($I7&"!$A:$A"),),MATCH(Z$2,INDIRECT($I7&"!$1:$1"),)) -> 0 | AA7: =INDEX(INDIRECT($I7&"!$1:$1048576"),MATCH($B7,INDIRECT($I7&"!$A:$A"),),MATCH(AA$2,INDIRECT($I7&"!$1:$1"),)) -> Não consta no 1º QGC | AB7: =IFERROR(INDEX(INDIRECT($I7&"!$1:$1048576"),MATCH($B7,INDIRECT($I7&"!$A:$A"),),MATCH(AB$2,INDIRECT($I7&"!$1:$1"),)),"") -> 0
B8: 57 | C8: Sim | D8: Classificado plano Antigo | G8: =INDEX(INDIRECT($I8&"!$1:$1048576"),MATCH($B8,INDIRECT($I8&"!$A:$A"),),MATCH(G$2,INDIRECT($I8&"!$1:$1"),)) -> OSCN | H8: X | I8: Fornecedores | J8: Quirografário | K8: CLASSE III | L8: =INDEX(INDIRECT($I8&"!$1:$1048576"),MATCH($B8,INDIRECT($I8&"!$A:$A"),),MATCH(L$2,INDIRECT($I8&"!$1:$1"),)) -> ARG LTDA | M8: =INDEX(INDIRECT($I8&"!$1:$1048576"),MATCH($B8,INDIRECT($I8&"!$A:$A"),),MATCH(M$2,INDIRECT($I8&"!$1:$1"),)) -> 20520862000152 | N8: =INDEX(INDIRECT($I8&"!$1:$1048576"),MATCH($B8,INDIRECT($I8&"!$A:$A"),),MATCH(N$2,INDIRECT($I8&"!$1:$1"),)) -> 31 2103-7020 | O8: =INDEX(INDIRECT($I8&"!$1:$1048576"),MATCH($B8,INDIRECT($I8&"!$A:$A"),),MATCH(O$2,INDIRECT($I8&"!$1:$1"),)) -> celso@grupoarg.com.br | P8: =INDEX(INDIRECT($I8&"!$1:$1048576"),MATCH($B8,INDIRECT($I8&"!$A:$A"),),MATCH(P$2,INDIRECT($I8&"!$1:$1"),)) -> Av Raja Gabaglia 1255 14o andar Luxemburgo 30380-435 Belo Horizonte Belo Horizonte MG BRASIL | Q8: =INDEX(INDIRECT($I8&"!$1:$1048576"),MATCH($B8,INDIRECT($I8&"!$A:$A"),),MATCH(Q$2,INDIRECT($I8&"!$1:$1"),)) -> Real | R8: =INDEX(INDIRECT($I8&"!$1:$1048576"),MATCH($B8,INDIRECT($I8&"!$A:$A"),),MATCH(R$2,INDIRECT($I8&"!$1:$1"),)) -> 1.4735519e+08 | S8: =INDEX(INDIRECT($I8&"!$1:$1048576"),MATCH($B8,INDIRECT($I8&"!$A:$A"),),MATCH(S$2,INDIRECT($I8&"!$1:$1"),)) -> 1.4895191e+08 | T8: =INDEX(INDIRECT($I8&"!$1:$1048576"),MATCH($B8,INDIRECT($I8&"!$A:$A"),),MATCH(T$2,INDIRECT($I8&"!$1:$1"),)) -> 1.4895191e+08 | V8: =INDEX(INDIRECT($I8&"!$1:$1048576"),MATCH($B8,INDIRECT($I8&"!$A:$A"),),MATCH(V$2,INDIRECT($I8&"!$1:$1"),)) -> SIM | W8: =INDEX(INDIRECT($I8&"!$1:$1048576"),MATCH($B8,INDIRECT($I8&"!$A:$A"),),MATCH(W$2,INDIRECT($I8&"!$1:$1"),)) -> 3 | X8: =INDEX(INDIRECT($I8&"!$1:$1048576"),MATCH($B8,INDIRECT($I8&"!$A:$A"),),MATCH(X$2,INDIRECT($I8&"!$1:$1"),)) -> Real | Y8: =INDEX(INDIRECT($I8&"!$1:$1048576"),MATCH($B8,INDIRECT($I8&"!$A:$A"),),MATCH(Y$2,INDIRECT($I8&"!$1:$1"),)) -> 81195483 | Z8: =INDEX(INDIRECT($I8&"!$1:$1048576"),MATCH($B8,INDIRECT($I8&"!$A:$A"),),MATCH(Z$2,INDIRECT($I8&"!$1:$1"),)) -> Não | AA8: =INDEX(INDIRECT($I8&"!$1:$1048576"),MATCH($B8,INDIRECT($I8&"!$A:$A"),),MATCH(AA$2,INDIRECT($I8&"!$1:$1"),)) -> 0 | AB8: =IFERROR(INDEX(INDIRECT($I8&"!$1:$1048576"),MATCH($B8,INDIRECT($I8&"!$A:$A"),),MATCH(AB$2,INDIRECT($I8&"!$1:$1"),)),"") -> 0
B9: 695 | C9: Sim | D9: Classificado pela Meden | G9: =INDEX(INDIRECT($I9&"!$1:$1048576"),MATCH($B9,INDIRECT($I9&"!$A:$A"),),MATCH(G$2,INDIRECT($I9&"!$1:$1"),)) -> OSBR | I9: Partes_Relacionadas | J9: Partes Relacionadas | K9: PARTES RELACIONADAS | L9: =INDEX(INDIRECT($I9&"!$1:$1048576"),MATCH($B9,INDIRECT($I9&"!$A:$A"),),MATCH(L$2,INDIRECT($I9&"!$1:$1"),)) -> OSX Serviços Operacionais Ltda | M9: =INDEX(INDIRECT($I9&"!$1:$1048576"),MATCH($B9,INDIRECT($I9&"!$A:$A"),),MATCH(M$2,INDIRECT($I9&"!$1:$1"),)) -> 11.437.203/0001-66 | N9: =INDEX(INDIRECT($I9&"!$1:$1048576"),MATCH($B9,INDIRECT($I9&"!$A:$A"),),MATCH(N$2,INDIRECT($I9&"!$1:$1"),)) -> 21 3237-5200 | O9: =INDEX(INDIRECT($I9&"!$1:$1048576"),MATCH($B9,INDIRECT($I9&"!$A:$A"),),MATCH(O$2,INDIRECT($I9&"!$1:$1"),)) -> faturamento@osx.com.br | P9: =INDEX(INDIRECT($I9&"!$1:$1048576"),MATCH($B9,INDIRECT($I9&"!$A:$A"),),MATCH(P$2,INDIRECT($I9&"!$1:$1"),)) -> Rua Lauro Muller 116 Sala 2405 Botafogo 22290-160 Rio de Janeiro Rio de Janeiro RJ | Q9: =INDEX(INDIRECT($I9&"!$1:$1048576"),MATCH($B9,INDIRECT($I9&"!$A:$A"),),MATCH(Q$2,INDIRECT($I9&"!$1:$1"),)) -> Real | R9: =INDEX(INDIRECT($I9&"!$1:$1048576"),MATCH($B9,INDIRECT($I9&"!$A:$A"),),MATCH(R$2,INDIRECT($I9&"!$1:$1"),)) -> 1.0859682e+08 | S9: =INDEX(INDIRECT($I9&"!$1:$1048576"),MATCH($B9,INDIRECT($I9&"!$A:$A"),),MATCH(S$2,INDIRECT($I9&"!$1:$1"),)) -> 1.1138549e+08 | T9: =INDEX(INDIRECT($I9&"!$1:$1048576"),MATCH($B9,INDIRECT($I9&"!$A:$A"),),MATCH(T$2,INDIRECT($I9&"!$1:$1"),)) -> 1.1138549e+08 | V9: =INDEX(INDIRECT($I9&"!$1:$1048576"),MATCH($B9,INDIRECT($I9&"!$A:$A"),),MATCH(V$2,INDIRECT($I9&"!$1:$1"),)) -> -2788677.5 | W9: =INDEX(INDIRECT($I9&"!$1:$1048576"),MATCH($B9,INDIRECT($I9&"!$A:$A"),),MATCH(W$2,INDIRECT($I9&"!$1:$1"),)) -> 0 | X9: =INDEX(INDIRECT($I9&"!$1:$1048576"),MATCH($B9,INDIRECT($I9&"!$A:$A"),),MATCH(X$2,INDIRECT($I9&"!$1:$1"),)) -> Real | Y9: =INDEX(INDIRECT($I9&"!$1:$1048576"),MATCH($B9,INDIRECT($I9&"!$A:$A"),),MATCH(Y$2,INDIRECT($I9&"!$1:$1"),)) -> 0 | Z9: =INDEX(INDIRECT($I9&"!$1:$1048576"),MATCH($B9,INDIRECT($I9&"!$A:$A"),),MATCH(Z$2,INDIRECT($I9&"!$1:$1"),)) -> 0 | AA9: =INDEX(INDIRECT($I9&"!$1:$1048576"),MATCH($B9,INDIRECT($I9&"!$A:$A"),),MATCH(AA$2,INDIRECT($I9&"!$1:$1"),)) -> 0 | AB9: =IFERROR(INDEX(INDIRECT($I9&"!$1:$1048576"),MATCH($B9,INDIRECT($I9&"!$A:$A"),),MATCH(AB$2,INDIRECT($I9&"!$1:$1"),)),"") -> 0
B10: 581 | C10: Sim | D10: Classificado plano Antigo | G10: =INDEX(INDIRECT($I10&"!$1:$1048576"),MATCH($B10,INDIRECT($I10&"!$A:$A"),),MATCH(G$2,INDIRECT($I10&"!$1:$1"),)) -> OSCN | H10: X | I10: Fornecedores | J10: Quirografário | K10: CLASSE III | L10: =INDEX(INDIRECT($I10&"!$1:$1048576"),MATCH($B10,INDIRECT($I10&"!$A:$A"),),MATCH(L$2,INDIRECT($I10&"!$1:$1"),)) -> SPE CENTRAL DE UTILIDADES RIO SA | M10: =INDEX(INDIRECT($I10&"!$1:$1048576"),MATCH($B10,INDIRECT($I10&"!$A:$A"),),MATCH(M$2,INDIRECT($I10&"!$1:$1"),)) -> 15.400.869/0001-09 | N10: =INDEX(INDIRECT($I10&"!$1:$1048576"),MATCH($B10,INDIRECT($I10&"!$A:$A"),),MATCH(N$2,INDIRECT($I10&"!$1:$1"),)) -> 11 3076-2700 | O10: =INDEX(INDIRECT($I10&"!$1:$1048576"),MATCH($B10,INDIRECT($I10&"!$A:$A"),),MATCH(O$2,INDIRECT($I10&"!$1:$1"),)) -> fiscal@enfil.com.br | P10: =INDEX(INDIRECT($I10&"!$1:$1048576"),MATCH($B10,INDIRECT($I10&"!$A:$A"),),MATCH(P$2,INDIRECT($I10&"!$1:$1"),)) -> Rua Dr Fernandes Coelho 85 11 andar Bloco S Pinheiros 05423-040 São Paulo São Paulo SP BRASIL | Q10: =INDEX(INDIRECT($I10&"!$1:$1048576"),MATCH($B10,INDIRECT($I10&"!$A:$A"),),MATCH(Q$2,INDIRECT($I10&"!$1:$1"),)) -> Real | R10: =INDEX(INDIRECT($I10&"!$1:$1048576"),MATCH($B10,INDIRECT($I10&"!$A:$A"),),MATCH(R$2,INDIRECT($I10&"!$1:$1"),)) -> 92228887 | S10: =INDEX(INDIRECT($I10&"!$1:$1048576"),MATCH($B10,INDIRECT($I10&"!$A:$A"),),MATCH(S$2,INDIRECT($I10&"!$1:$1"),)) -> 93228268 | T10: =INDEX(INDIRECT($I10&"!$1:$1048576"),MATCH($B10,INDIRECT($I10&"!$A:$A"),),MATCH(T$2,INDIRECT($I10&"!$1:$1"),)) -> 93228268 | V10: =INDEX(INDIRECT($I10&"!$1:$1048576"),MATCH($B10,INDIRECT($I10&"!$A:$A"),),MATCH(V$2,INDIRECT($I10&"!$1:$1"),)) -> SIM | W10: =INDEX(INDIRECT($I10&"!$1:$1048576"),MATCH($B10,INDIRECT($I10&"!$A:$A"),),MATCH(W$2,INDIRECT($I10&"!$1:$1"),)) -> 3 | X10: =INDEX(INDIRECT($I10&"!$1:$1048576"),MATCH($B10,INDIRECT($I10&"!$A:$A"),),MATCH(X$2,INDIRECT($I10&"!$1:$1"),)) -> Real | Y10: =INDEX(INDIRECT($I10&"!$1:$1048576"),MATCH($B10,INDIRECT($I10&"!$A:$A"),),MATCH(Y$2,INDIRECT($I10&"!$1:$1"),)) -> 56048750 | Z10: =INDEX(INDIRECT($I10&"!$1:$1048576"),MATCH($B10,INDIRECT($I10&"!$A:$A"),),MATCH(Z$2,INDIRECT($I10&"!$1:$1"),)) -> Não | AA10: =INDEX(INDIRECT($I10&"!$1:$1048576"),MATCH($B10,INDIRECT($I10&"!$A:$A"),),MATCH(AA$2,INDIRECT($I10&"!$1:$1"),)) -> 0 | AB10: =IFERROR(INDEX(INDIRECT($I10&"!$1:$1048576"),MATCH($B10,INDIRECT($I10&"!$A:$A"),),MATCH(AB$2,INDIRECT($I10&"!$1:$1"),)),"") -> 0
B11: 287 | C11: Sim | D11: Classificado plano Antigo | F11: Telefone; Email | G11: =INDEX(INDIRECT($I11&"!$1:$1048576"),MATCH($B11,INDIRECT($I11&"!$A:$A"),),MATCH(G$2,INDIRECT($I11&"!$1:$1"),)) -> OSCN | H11: X | I11: Fornecedores | J11: Quirografário | K11: CLASSE III | L11: =INDEX(INDIRECT($I11&"!$1:$1048576"),MATCH($B11,INDIRECT($I11&"!$A:$A"),),MATCH(L$2,INDIRECT($I11&"!$1:$1"),)) -> HYUNDAI CORPORATION | M11: =INDEX(INDIRECT($I11&"!$1:$1048576"),MATCH($B11,INDIRECT($I11&"!$A:$A"),),MATCH(M$2,INDIRECT($I11&"!$1:$1"),)) -> estrangeira | N11: =INDEX(INDIRECT($I11&"!$1:$1048576"),MATCH($B11,INDIRECT($I11&"!$A:$A"),),MATCH(N$2,INDIRECT($I11&"!$1:$1"),)) -> não encontrado | O11: =INDEX(INDIRECT($I11&"!$1:$1048576"),MATCH($B11,INDIRECT($I11&"!$A:$A"),),MATCH(O$2,INDIRECT($I11&"!$1:$1"),)) -> não encontrado | P11: =INDEX(INDIRECT($I11&"!$1:$1048576"),MATCH($B11,INDIRECT($I11&"!$A:$A"),),MATCH(P$2,INDIRECT($I11&"!$1:$1"),)) -> 140-2Kye-Dong,Jongno-Gu, Seoul 110-793 Korea | Q11: =INDEX(INDIRECT($I11&"!$1:$1048576"),MATCH($B11,INDIRECT($I11&"!$A:$A"),),MATCH(Q$2,INDIRECT($I11&"!$1:$1"),)) -> Real | R11: =INDEX(INDIRECT($I11&"!$1:$1048576"),MATCH($B11,INDIRECT($I11&"!$A:$A"),),MATCH(R$2,INDIRECT($I11&"!$1:$1"),)) -> 94281050 | S11: =INDEX(INDIRECT($I11&"!$1:$1048576"),MATCH($B11,INDIRECT($I11&"!$A:$A"),),MATCH(S$2,INDIRECT($I11&"!$1:$1"),)) -> 92137649 | T11: =INDEX(INDIRECT($I11&"!$1:$1048576"),MATCH($B11,INDIRECT($I11&"!$A:$A"),),MATCH(T$2,INDIRECT($I11&"!$1:$1"),)) -> 92137649 | V11: =INDEX(INDIRECT($I11&"!$1:$1048576"),MATCH($B11,INDIRECT($I11&"!$A:$A"),),MATCH(V$2,INDIRECT($I11&"!$1:$1"),)) -> SIM | W11: =INDEX(INDIRECT($I11&"!$1:$1048576"),MATCH($B11,INDIRECT($I11&"!$A:$A"),),MATCH(W$2,INDIRECT($I11&"!$1:$1"),)) -> 3 | X11: =INDEX(INDIRECT($I11&"!$1:$1048576"),MATCH($B11,INDIRECT($I11&"!$A:$A"),),MATCH(X$2,INDIRECT($I11&"!$1:$1"),)) -> Real | Y11: =INDEX(INDIRECT($I11&"!$1:$1048576"),MATCH($B11,INDIRECT($I11&"!$A:$A"),),MATCH(Y$2,INDIRECT($I11&"!$1:$1"),)) -> 11443107 | Z11: =INDEX(INDIRECT($I11&"!$1:$1048576"),MATCH($B11,INDIRECT($I11&"!$A:$A"),),MATCH(Z$2,INDIRECT($I11&"!$1:$1"),)) -> Não | AA11: =INDEX(INDIRECT($I11&"!$1:$1048576"),MATCH($B11,INDIRECT($I11&"!$A:$A"),),MATCH(AA$2,INDIRECT($I11&"!$1:$1"),)) -> 0 | AB11: =IFERROR(INDEX(INDIRECT($I11&"!$1:$1048576"),MATCH($B11,INDIRECT($I11&"!$A:$A"),),MATCH(AB$2,INDIRECT($I11&"!$1:$1"),)),"") -> 0 | AC11: x
B12: 684 | C12: Sim | F12: Endereço | G12: =INDEX(INDIRECT($I12&"!$1:$1048576"),MATCH($B12,INDIRECT($I12&"!$A:$A"),),MATCH(G$2,INDIRECT($I12&"!$1:$1"),)) -> OSCN | H12: X | I12: Fianças | J12: Fiança | K12: CLASSE III | L12: =INDEX(INDIRECT($I12&"!$1:$1048576"),MATCH($B12,INDIRECT($I12&"!$A:$A"),),MATCH(L$2,INDIRECT($I12&"!$1:$1"),)) -> BANCO BTG PACTUAL S.A. | M12: =INDEX(INDIRECT($I12&"!$1:$1048576"),MATCH($B12,INDIRECT($I12&"!$A:$A"),),MATCH(M$2,INDIRECT($I12&"!$1:$1"),)) -> 30.306.294/0001-45 | N12: =INDEX(INDIRECT($I12&"!$1:$1048576"),MATCH($B12,INDIRECT($I12&"!$A:$A"),),MATCH(N$2,INDIRECT($I12&"!$1:$1"),)) -> 11 96468-0022 | O12: =INDEX(INDIRECT($I12&"!$1:$1048576"),MATCH($B12,INDIRECT($I12&"!$A:$A"),),MATCH(O$2,INDIRECT($I12&"!$1:$1"),)) -> gustavo.Martinez@btgpactual.com | P12: =INDEX(INDIRECT($I12&"!$1:$1048576"),MATCH($B12,INDIRECT($I12&"!$A:$A"),),MATCH(P$2,INDIRECT($I12&"!$1:$1"),)) -> Pr Botafogo 501 Bloco ll Sal 501 Blc ll Sal 601 Botafogo 22250-911 Rio de Janeiro Rio de Janeiro Rio de Janeiro Brasil | Q12: =INDEX(INDIRECT($I12&"!$1:$1048576"),MATCH($B12,INDIRECT($I12&"!$A:$A"),),MATCH(Q$2,INDIRECT($I12&"!$1:$1"),)) -> Real | R12: =INDEX(INDIRECT($I12&"!$1:$1048576"),MATCH($B12,INDIRECT($I12&"!$A:$A"),),MATCH(R$2,INDIRECT($I12&"!$1:$1"),)) -> 59514860 | S12: =INDEX(INDIRECT($I12&"!$1:$1048576"),MATCH($B12,INDIRECT($I12&"!$A:$A"),),MATCH(S$2,INDIRECT($I12&"!$1:$1"),)) -> 61466782 | T12: =INDEX(INDIRECT($I12&"!$1:$1048576"),MATCH($B12,INDIRECT($I12&"!$A:$A"),),MATCH(T$2,INDIRECT($I12&"!$1:$1"),)) -> 61466782 | V12: =INDEX(INDIRECT($I12&"!$1:$1048576"),MATCH($B12,INDIRECT($I12&"!$A:$A"),),MATCH(V$2,INDIRECT($I12&"!$1:$1"),)) -> 0 | W12: =INDEX(INDIRECT($I12&"!$1:$1048576"),MATCH($B12,INDIRECT($I12&"!$A:$A"),),MATCH(W$2,INDIRECT($I12&"!$1:$1"),)) -> 0 | X12: =INDEX(INDIRECT($I12&"!$1:$1048576"),MATCH($B12,INDIRECT($I12&"!$A:$A"),),MATCH(X$2,INDIRECT($I12&"!$1:$1"),)) -> Real | Y12: =INDEX(INDIRECT($I12&"!$1:$1048576"),MATCH($B12,INDIRECT($I12&"!$A:$A"),),MATCH(Y$2,INDIRECT($I12&"!$1:$1"),)) -> 0 | Z12: =INDEX(INDIRECT($I12&"!$1:$1048576"),MATCH($B12,INDIRECT($I12&"!$A:$A"),),MATCH(Z$2,INDIRECT($I12&"!$1:$1"),)) -> 0 | AA12: =INDEX(INDIRECT($I12&"!$1:$1048576"),MATCH($B12,INDIRECT($I12&"!$A:$A"),),MATCH(AA$2,INDIRECT($I12&"!$1:$1"),)) -> Confissão de Divida referente a fiança do FMM em USD, FI158/12 - Comissões não pagas.Considerando d) CONTRATANTE e DEVEDOR SOLIDÁRIO confessam dever ao BANCO a Comissão Fiança Original no montante atualizado de R$ 9.028.759,32; | AB12: =IFERROR(INDEX(INDIRECT($I12&"!$1:$1048576"),MATCH($B12,INDIRECT($I12&"!$A:$A"),),MATCH(AB$2,INDIRECT($I12&"!$1:$1"),)),"") -> 0
B13: 690 | C13: Sim | F13: Telefone | G13: =INDEX(INDIRECT($I13&"!$1:$1048576"),MATCH($B13,INDIRECT($I13&"!$A:$A"),),MATCH(G$2,INDIRECT($I13&"!$1:$1"),)) -> OSCN | H13: X | I13: Debêntures | J13: Debenture | K13: CLASSE III | L13: =INDEX(INDIRECT($I13&"!$1:$1048576"),MATCH($B13,INDIRECT($I13&"!$A:$A"),),MATCH(L$2,INDIRECT($I13&"!$1:$1"),)) -> BANCO SANTANDER (BRASIL) S.A. | M13: =INDEX(INDIRECT($I13&"!$1:$1048576"),MATCH($B13,INDIRECT($I13&"!$A:$A"),),MATCH(M$2,INDIRECT($I13&"!$1:$1"),)) -> 90.400.888/0001-42 | N13: =INDEX(INDIRECT($I13&"!$1:$1048576"),MATCH($B13,INDIRECT($I13&"!$A:$A"),),MATCH(N$2,INDIRECT($I13&"!$1:$1"),)) -> 4004 3535 | O13: =INDEX(INDIRECT($I13&"!$1:$1048576"),MATCH($B13,INDIRECT($I13&"!$A:$A"),),MATCH(O$2,INDIRECT($I13&"!$1:$1"),)) -> arcastel@santander.com.br; andrepcosta@santander.com.br; andrepcosta@santander.com.br | P13: =INDEX(INDIRECT($I13&"!$1:$1048576"),MATCH($B13,INDIRECT($I13&"!$A:$A"),),MATCH(P$2,INDIRECT($I13&"!$1:$1"),)) -> AV PRES JUSCELINO KUBITSCHEK 2041 - SÃO PAULO/SP | Q13: =INDEX(INDIRECT($I13&"!$1:$1048576"),MATCH($B13,INDIRECT($I13&"!$A:$A"),),MATCH(Q$2,INDIRECT($I13&"!$1:$1"),)) -> Real | R13: =INDEX(INDIRECT($I13&"!$1:$1048576"),MATCH($B13,INDIRECT($I13&"!$A:$A"),),MATCH(R$2,INDIRECT($I13&"!$1:$1"),)) -> 58512584 | S13: =INDEX(INDIRECT($I13&"!$1:$1048576"),MATCH($B13,INDIRECT($I13&"!$A:$A"),),MATCH(S$2,INDIRECT($I13&"!$1:$1"),)) -> 60173193 | T13: =INDEX(INDIRECT($I13&"!$1:$1048576"),MATCH($B13,INDIRECT($I13&"!$A:$A"),),MATCH(T$2,INDIRECT($I13&"!$1:$1"),)) -> 60173193 | V13: =INDEX(INDIRECT($I13&"!$1:$1048576"),MATCH($B13,INDIRECT($I13&"!$A:$A"),),MATCH(V$2,INDIRECT($I13&"!$1:$1"),)) -> SIM | W13: =INDEX(INDIRECT($I13&"!$1:$1048576"),MATCH($B13,INDIRECT($I13&"!$A:$A"),),MATCH(W$2,INDIRECT($I13&"!$1:$1"),)) -> 3 | X13: =INDEX(INDIRECT($I13&"!$1:$1048576"),MATCH($B13,INDIRECT($I13&"!$A:$A"),),MATCH(X$2,INDIRECT($I13&"!$1:$1"),)) -> Real | Y13: =INDEX(INDIRECT($I13&"!$1:$1048576"),MATCH($B13,INDIRECT($I13&"!$A:$A"),),MATCH(Y$2,INDIRECT($I13&"!$1:$1"),)) -> 23310459 | Z13: =INDEX(INDIRECT($I13&"!$1:$1048576"),MATCH($B13,INDIRECT($I13&"!$A:$A"),),MATCH(Z$2,INDIRECT($I13&"!$1:$1"),)) -> 0 | AA13: =INDEX(INDIRECT($I13&"!$1:$1048576"),MATCH($B13,INDIRECT($I13&"!$A:$A"),),MATCH(AA$2,INDIRECT($I13&"!$1:$1"),)) -> Debêntures subscritas pelo Santander com créditos concursais | AB13: =IFERROR(INDEX(INDIRECT($I13&"!$1:$1048576"),MATCH($B13,INDIRECT($I13&"!$A:$A"),),MATCH(AB$2,INDIRECT($I13&"!$1:$1"),)),"") -> 0
B14: 691 | C14: Sim | D14: Classificado pela Meden | G14: =INDEX(INDIRECT($I14&"!$1:$1048576"),MATCH($B14,INDIRECT($I14&"!$A:$A"),),MATCH(G$2,INDIRECT($I14&"!$1:$1"),)) -> OSCN | I14: Partes_Relacionadas | J14: Partes Relacionadas | K14: PARTES RELACIONADAS | L14: =INDEX(INDIRECT($I14&"!$1:$1048576"),MATCH($B14,INDIRECT($I14&"!$A:$A"),),MATCH(L$2,INDIRECT($I14&"!$1:$1"),)) -> OSX Brasil S.A | M14: =INDEX(INDIRECT($I14&"!$1:$1048576"),MATCH($B14,INDIRECT($I14&"!$A:$A"),),MATCH(M$2,INDIRECT($I14&"!$1:$1"),)) -> 09.112.685/0001-32 | N14: =INDEX(INDIRECT($I14&"!$1:$1048576"),MATCH($B14,INDIRECT($I14&"!$A:$A"),),MATCH(N$2,INDIRECT($I14&"!$1:$1"),)) -> 21 3237-5200 | O14: =INDEX(INDIRECT($I14&"!$1:$1048576"),MATCH($B14,INDIRECT($I14&"!$A:$A"),),MATCH(O$2,INDIRECT($I14&"!$1:$1"),)) -> faturamento@osx.com.br | P14: =INDEX(INDIRECT($I14&"!$1:$1048576"),MATCH($B14,INDIRECT($I14&"!$A:$A"),),MATCH(P$2,INDIRECT($I14&"!$1:$1"),)) -> Rua Lauro Muller 116 Sala 2405 Botafogo 22290-160 Rio de Janeiro Rio de Janeiro RJ | Q14: =INDEX(INDIRECT($I14&"!$1:$1048576"),MATCH($B14,INDIRECT($I14&"!$A:$A"),),MATCH(Q$2,INDIRECT($I14&"!$1:$1"),)) -> Real | R14: =INDEX(INDIRECT($I14&"!$1:$1048576"),MATCH($B14,INDIRECT($I14&"!$A:$A"),),MATCH(R$2,INDIRECT($I14&"!$1:$1"),)) -> 67816938 | S14: =INDEX(INDIRECT($I14&"!$1:$1048576"),MATCH($B14,INDIRECT($I14&"!$A:$A"),),MATCH(S$2,INDIRECT($I14&"!$1:$1"),)) -> 65794387 | T14: =INDEX(INDIRECT($I14&"!$1:$1048576"),MATCH($B14,INDIRECT($I14&"!$A:$A"),),MATCH(T$2,INDIRECT($I14&"!$1:$1"),)) -> 59791962 | V14: =INDEX(INDIRECT($I14&"!$1:$1048576"),MATCH($B14,INDIRECT($I14&"!$A:$A"),),MATCH(V$2,INDIRECT($I14&"!$1:$1"),)) -> 2022551.1 | W14: =INDEX(INDIRECT($I14&"!$1:$1048576"),MATCH($B14,INDIRECT($I14&"!$A:$A"),),MATCH(W$2,INDIRECT($I14&"!$1:$1"),)) -> 0 | X14: =INDEX(INDIRECT($I14&"!$1:$1048576"),MATCH($B14,INDIRECT($I14&"!$A:$A"),),MATCH(X$2,INDIRECT($I14&"!$1:$1"),)) -> Real | Y14: =INDEX(INDIRECT($I14&"!$1:$1048576"),MATCH($B14,INDIRECT($I14&"!$A:$A"),),MATCH(Y$2,INDIRECT($I14&"!$1:$1"),)) -> 0 | Z14: =INDEX(INDIRECT($I14&"!$1:$1048576"),MATCH($B14,INDIRECT($I14&"!$A:$A"),),MATCH(Z$2,INDIRECT($I14&"!$1:$1"),)) -> 0 | AA14: =INDEX(INDIRECT($I14&"!$1:$1048576"),MATCH($B14,INDIRECT($I14&"!$A:$A"),),MATCH(AA$2,INDIRECT($I14&"!$1:$1"),)) -> Esse saldo está sendo reduzido em R$ 4.615.483,28 que são referentes as NDs que precisamos ter em aberto para pagar e evitar mútuos entre as companhias. | AB14: =IFERROR(INDEX(INDIRECT($I14&"!$1:$1048576"),MATCH($B14,INDIRECT($I14&"!$A:$A"),),MATCH(AB$2,INDIRECT($I14&"!$1:$1"),)),"") -> 0
B15: 39 | C15: Sim | D15: Classificado plano Antigo | G15: =INDEX(INDIRECT($I15&"!$1:$1048576"),MATCH($B15,INDIRECT($I15&"!$A:$A"),),MATCH(G$2,INDIRECT($I15&"!$1:$1"),)) -> OSCN | H15: X | I15: Fornecedores | J15: Quirografário | K15: CLASSE III | L15: =INDEX(INDIRECT($I15&"!$1:$1048576"),MATCH($B15,INDIRECT($I15&"!$A:$A"),),MATCH(L$2,INDIRECT($I15&"!$1:$1"),)) -> ALE HEAVYLIFT BRASIL MOVIMENTACOES LTDA | M15: =INDEX(INDIRECT($I15&"!$1:$1048576"),MATCH($B15,INDIRECT($I15&"!$A:$A"),),MATCH(M$2,INDIRECT($I15&"!$1:$1"),)) -> 15378349000139 | N15: =INDEX(INDIRECT($I15&"!$1:$1048576"),MATCH($B15,INDIRECT($I15&"!$A:$A"),),MATCH(N$2,INDIRECT($I15&"!$1:$1"),)) -> 21 38493600 | O15: =INDEX(INDIRECT($I15&"!$1:$1048576"),MATCH($B15,INDIRECT($I15&"!$A:$A"),),MATCH(O$2,INDIRECT($I15&"!$1:$1"),)) -> legalizacao@wsscontabilidade.com.br | P15: =INDEX(INDIRECT($I15&"!$1:$1048576"),MATCH($B15,INDIRECT($I15&"!$A:$A"),),MATCH(P$2,INDIRECT($I15&"!$1:$1"),)) -> Av Andromeda 885 Sala 1717 BCO Green Valley Alphaville 6473000 São Paulo Barueri BRASIL | Q15: =INDEX(INDIRECT($I15&"!$1:$1048576"),MATCH($B15,INDIRECT($I15&"!$A:$A"),),MATCH(Q$2,INDIRECT($I15&"!$1:$1"),)) -> Real | R15: =INDEX(INDIRECT($I15&"!$1:$1048576"),MATCH($B15,INDIRECT($I15&"!$A:$A"),),MATCH(R$2,INDIRECT($I15&"!$1:$1"),)) -> 59139542 | S15: =INDEX(INDIRECT($I15&"!$1:$1048576"),MATCH($B15,INDIRECT($I15&"!$A:$A"),),MATCH(S$2,INDIRECT($I15&"!$1:$1"),)) -> 59780371 | T15: =INDEX(INDIRECT($I15&"!$1:$1048576"),MATCH($B15,INDIRECT($I15&"!$A:$A"),),MATCH(T$2,INDIRECT($I15&"!$1:$1"),)) -> 59780371 | V15: =INDEX(INDIRECT($I15&"!$1:$1048576"),MATCH($B15,INDIRECT($I15&"!$A:$A"),),MATCH(V$2,INDIRECT($I15&"!$1:$1"),)) -> SIM | W15: =INDEX(INDIRECT($I15&"!$1:$1048576"),MATCH($B15,INDIRECT($I15&"!$A:$A"),),MATCH(W$2,INDIRECT($I15&"!$1:$1"),)) -> 3 | X15: =INDEX(INDIRECT($I15&"!$1:$1048576"),MATCH($B15,INDIRECT($I15&"!$A:$A"),),MATCH(X$2,INDIRECT($I15&"!$1:$1"),)) -> Real | Y15: =INDEX(INDIRECT($I15&"!$1:$1048576"),MATCH($B15,INDIRECT($I15&"!$A:$A"),),MATCH(Y$2,INDIRECT($I15&"!$1:$1"),)) -> 35939905 | Z15: =INDEX(INDIRECT($I15&"!$1:$1048576"),MATCH($B15,INDIRECT($I15&"!$A:$A"),),MATCH(Z$2,INDIRECT($I15&"!$1:$1"),)) -> Não | AA15: =INDEX(INDIRECT($I15&"!$1:$1048576"),MATCH($B15,INDIRECT($I15&"!$A:$A"),),MATCH(AA$2,INDIRECT($I15&"!$1:$1"),)) -> 0 | AB15: =IFERROR(INDEX(INDIRECT($I15&"!$1:$1048576"),MATCH($B15,INDIRECT($I15&"!$A:$A"),),MATCH(AB$2,INDIRECT($I15&"!$1:$1"),)),"") -> 0
B16: 40 | C16: Sim | D16: Classificado plano Antigo | F16: Telefone | G16: =INDEX(INDIRECT($I16&"!$1:$1048576"),MATCH($B16,INDIRECT($I16&"!$A:$A"),),MATCH(G$2,INDIRECT($I16&"!$1:$1"),)) -> OSCN | H16: X | I16: Fornecedores | J16: Quirografário | K16: CLASSE III | L16: =INDEX(INDIRECT($I16&"!$1:$1048576"),MATCH($B16,INDIRECT($I16&"!$A:$A"),),MATCH(L$2,INDIRECT($I16&"!$1:$1"),)) -> ALE HOLDING NETHERLANDS B.V. | M16: =INDEX(INDIRECT($I16&"!$1:$1048576"),MATCH($B16,INDIRECT($I16&"!$A:$A"),),MATCH(M$2,INDIRECT($I16&"!$1:$1"),)) -> estrangeira | N16: =INDEX(INDIRECT($I16&"!$1:$1048576"),MATCH($B16,INDIRECT($I16&"!$A:$A"),),MATCH(N$2,INDIRECT($I16&"!$1:$1"),)) -> não encontrado | O16: =INDEX(INDIRECT($I16&"!$1:$1048576"),MATCH($B16,INDIRECT($I16&"!$A:$A"),),MATCH(O$2,INDIRECT($I16&"!$1:$1"),)) -> m.birch@ale-heavylift.com | P16: =INDEX(INDIRECT($I16&"!$1:$1048576"),MATCH($B16,INDIRECT($I16&"!$A:$A"),),MATCH(P$2,INDIRECT($I16&"!$1:$1"),)) -> 4825 BD Breda, Países Baixos, Konijnenberg, 68 | Q16: =INDEX(INDIRECT($I16&"!$1:$1048576"),MATCH($B16,INDIRECT($I16&"!$A:$A"),),MATCH(Q$2,INDIRECT($I16&"!$1:$1"),)) -> Real | R16: =INDEX(INDIRECT($I16&"!$1:$1048576"),MATCH($B16,INDIRECT($I16&"!$A:$A"),),MATCH(R$2,INDIRECT($I16&"!$1:$1"),)) -> 59008947 | S16: =INDEX(INDIRECT($I16&"!$1:$1048576"),MATCH($B16,INDIRECT($I16&"!$A:$A"),),MATCH(S$2,INDIRECT($I16&"!$1:$1"),)) -> 59648360 | T16: =INDEX(INDIRECT($I16&"!$1:$1048576"),MATCH($B16,INDIRECT($I16&"!$A:$A"),),MATCH(T$2,INDIRECT($I16&"!$1:$1"),)) -> 59648360 | V16: =INDEX(INDIRECT($I16&"!$1:$1048576"),MATCH($B16,INDIRECT($I16&"!$A:$A"),),MATCH(V$2,INDIRECT($I16&"!$1:$1"),)) -> SIM | W16: =INDEX(INDIRECT($I16&"!$1:$1048576"),MATCH($B16,INDIRECT($I16&"!$A:$A"),),MATCH(W$2,INDIRECT($I16&"!$1:$1"),)) -> 3 | X16: =INDEX(INDIRECT($I16&"!$1:$1048576"),MATCH($B16,INDIRECT($I16&"!$A:$A"),),MATCH(X$2,INDIRECT($I16&"!$1:$1"),)) -> Real | Y16: =INDEX(INDIRECT($I16&"!$1:$1048576"),MATCH($B16,INDIRECT($I16&"!$A:$A"),),MATCH(Y$2,INDIRECT($I16&"!$1:$1"),)) -> 35853864 | Z16: =INDEX(INDIRECT($I16&"!$1:$1048576"),MATCH($B16,INDIRECT($I16&"!$A:$A"),),MATCH(Z$2,INDIRECT($I16&"!$1:$1"),)) -> Não | AA16: =INDEX(INDIRECT($I16&"!$1:$1048576"),MATCH($B16,INDIRECT($I16&"!$A:$A"),),MATCH(AA$2,INDIRECT($I16&"!$1:$1"),)) -> 0 | AB16: =IFERROR(INDEX(INDIRECT($I16&"!$1:$1048576"),MATCH($B16,INDIRECT($I16&"!$A:$A"),),MATCH(AB$2,INDIRECT($I16&"!$1:$1"),)),"") -> 0
B17: 699 | C17: Sim | D17: Classificado pela Meden | F17: Telefone; Email | G17: =INDEX(INDIRECT($I17&"!$1:$1048576"),MATCH($B17,INDIRECT($I17&"!$A:$A"),),MATCH(G$2,INDIRECT($I17&"!$1:$1"),)) -> OSBR | I17: Partes_Relacionadas | J17: Partes Relacionadas | K17: PARTES RELACIONADAS | L17: =INDEX(INDIRECT($I17&"!$1:$1048576"),MATCH($B17,INDIRECT($I17&"!$A:$A"),),MATCH(L$2,INDIRECT($I17&"!$1:$1"),)) -> OSX Leasing Group B.V. | M17: =INDEX(INDIRECT($I17&"!$1:$1048576"),MATCH($B17,INDIRECT($I17&"!$A:$A"),),MATCH(M$2,INDIRECT($I17&"!$1:$1"),)) -> Estrangeira | N17: =INDEX(INDIRECT($I17&"!$1:$1048576"),MATCH($B17,INDIRECT($I17&"!$A:$A"),),MATCH(N$2,INDIRECT($I17&"!$1:$1"),)) -> não encontrado | O17: =INDEX(INDIRECT($I17&"!$1:$1048576"),MATCH($B17,INDIRECT($I17&"!$A:$A"),),MATCH(O$2,INDIRECT($I17&"!$1:$1"),)) -> não encontrado | P17: =INDEX(INDIRECT($I17&"!$1:$1048576"),MATCH($B17,INDIRECT($I17&"!$A:$A"),),MATCH(P$2,INDIRECT($I17&"!$1:$1"),)) -> Prins Bernhardplein 200, 1097JB Amsterdam | Q17: =INDEX(INDIRECT($I17&"!$1:$1048576"),MATCH($B17,INDIRECT($I17&"!$A:$A"),),MATCH(Q$2,INDIRECT($I17&"!$1:$1"),)) -> Real | R17: =INDEX(INDIRECT($I17&"!$1:$1048576"),MATCH($B17,INDIRECT($I17&"!$A:$A"),),MATCH(R$2,INDIRECT($I17&"!$1:$1"),)) -> 58818451 | S17: =INDEX(INDIRECT($I17&"!$1:$1048576"),MATCH($B17,INDIRECT($I17&"!$A:$A"),),MATCH(S$2,INDIRECT($I17&"!$1:$1"),)) -> 58818451 | T17: =INDEX(INDIRECT($I17&"!$1:$1048576"),MATCH($B17,INDIRECT($I17&"!$A:$A"),),MATCH(T$2,INDIRECT($I17&"!$1:$1"),)) -> 58818451 | V17: =INDEX(INDIRECT($I17&"!$1:$1048576"),MATCH($B17,INDIRECT($I17&"!$A:$A"),),MATCH(V$2,INDIRECT($I17&"!$1:$1"),)) -> 0 | W17: =INDEX(INDIRECT($I17&"!$1:$1048576"),MATCH($B17,INDIRECT($I17&"!$A:$A"),),MATCH(W$2,INDIRECT($I17&"!$1:$1"),)) -> 0 | X17: =INDEX(INDIRECT($I17&"!$1:$1048576"),MATCH($B17,INDIRECT($I17&"!$A:$A"),),MATCH(X$2,INDIRECT($I17&"!$1:$1"),)) -> Real | Y17: =INDEX(INDIRECT($I17&"!$1:$1048576"),MATCH($B17,INDIRECT($I17&"!$A:$A"),),MATCH(Y$2,INDIRECT($I17&"!$1:$1"),)) -> 0 | Z17: =INDEX(INDIRECT($I17&"!$1:$1048576"),MATCH($B17,INDIRECT($I17&"!$A:$A"),),MATCH(Z$2,INDIRECT($I17&"!$1:$1"),)) -> 0 | AA17: =INDEX(INDIRECT($I17&"!$1:$1048576"),MATCH($B17,INDIRECT($I17&"!$A:$A"),),MATCH(AA$2,INDIRECT($I17&"!$1:$1"),)) -> 0 | AB17: =IFERROR(INDEX(INDIRECT($I17&"!$1:$1048576"),MATCH($B17,INDIRECT($I17&"!$A:$A"),),MATCH(AB$2,INDIRECT($I17&"!$1:$1"),)),"") -> 0 | AC17: x
B18: 340 | C18: Sim | D18: Classificado plano Antigo | F18: Telefone; Endereço | G18: =INDEX(INDIRECT($I18&"!$1:$1048576"),MATCH($B18,INDIRECT($I18&"!$A:$A"),),MATCH(G$2,INDIRECT($I18&"!$1:$1"),)) -> OSCN | H18: X | I18: Fornecedores | J18: Quirografário | K18: CLASSE III | L18: =INDEX(INDIRECT($I18&"!$1:$1048576"),MATCH($B18,INDIRECT($I18&"!$A:$A"),),MATCH(L$2,INDIRECT($I18&"!$1:$1"),)) -> KONECRANES | M18: =INDEX(INDIRECT($I18&"!$1:$1048576"),MATCH($B18,INDIRECT($I18&"!$A:$A"),),MATCH(M$2,INDIRECT($I18&"!$1:$1"),)) -> estrangeira | N18: =INDEX(INDIRECT($I18&"!$1:$1048576"),MATCH($B18,INDIRECT($I18&"!$A:$A"),),MATCH(N$2,INDIRECT($I18&"!$1:$1"),)) -> não encontrado | O18: =INDEX(INDIRECT($I18&"!$1:$1048576"),MATCH($B18,INDIRECT($I18&"!$A:$A"),),MATCH(O$2,INDIRECT($I18&"!$1:$1"),)) -> wagner.barbosa@konecranes.com | P18: =INDEX(INDIRECT($I18&"!$1:$1048576"),MATCH($B18,INDIRECT($I18&"!$A:$A"),),MATCH(P$2,INDIRECT($I18&"!$1:$1"),)) -> não encontrado | Q18: =INDEX(INDIRECT($I18&"!$1:$1048576"),MATCH($B18,INDIRECT($I18&"!$A:$A"),),MATCH(Q$2,INDIRECT($I18&"!$1:$1"),)) -> Real | R18: =INDEX(INDIRECT($I18&"!$1:$1048576"),MATCH($B18,INDIRECT($I18&"!$A:$A"),),MATCH(R$2,INDIRECT($I18&"!$1:$1"),)) -> 54919922 | S18: =INDEX(INDIRECT($I18&"!$1:$1048576"),MATCH($B18,INDIRECT($I18&"!$A:$A"),),MATCH(S$2,INDIRECT($I18&"!$1:$1"),)) -> 56055513 | T18: =INDEX(INDIRECT($I18&"!$1:$1048576"),MATCH($B18,INDIRECT($I18&"!$A:$A"),),MATCH(T$2,INDIRECT($I18&"!$1:$1"),)) -> 56055513 | V18: =INDEX(INDIRECT($I18&"!$1:$1048576"),MATCH($B18,INDIRECT($I18&"!$A:$A"),),MATCH(V$2,INDIRECT($I18&"!$1:$1"),)) -> SIM | W18: =INDEX(INDIRECT($I18&"!$1:$1048576"),MATCH($B18,INDIRECT($I18&"!$A:$A"),),MATCH(W$2,INDIRECT($I18&"!$1:$1"),)) -> 3 | X18: =INDEX(INDIRECT($I18&"!$1:$1048576"),MATCH($B18,INDIRECT($I18&"!$A:$A"),),MATCH(X$2,INDIRECT($I18&"!$1:$1"),)) -> Real | Y18: =INDEX(INDIRECT($I18&"!$1:$1048576"),MATCH($B18,INDIRECT($I18&"!$A:$A"),),MATCH(Y$2,INDIRECT($I18&"!$1:$1"),)) -> 6297280 | Z18: =INDEX(INDIRECT($I18&"!$1:$1048576"),MATCH($B18,INDIRECT($I18&"!$A:$A"),),MATCH(Z$2,INDIRECT($I18&"!$1:$1"),)) -> Não | AA18: =INDEX(INDIRECT($I18&"!$1:$1048576"),MATCH($B18,INDIRECT($I18&"!$A:$A"),),MATCH(AA$2,INDIRECT($I18&"!$1:$1"),)) -> ATENÇÃO - ESTÁ NA CONTABILIDADE DA OSCN MAS CONSTA NO QGC DA OSBR | AB18: =IFERROR(INDEX(INDIRECT($I18&"!$1:$1048576"),MATCH($B18,INDIRECT($I18&"!$A:$A"),),MATCH(AB$2,INDIRECT($I18&"!$1:$1"),)),"") -> 0
B19: 700 | C19: Sim | D19: Classificado pela Meden | F19: Telefone; Email | G19: =INDEX(INDIRECT($I19&"!$1:$1048576"),MATCH($B19,INDIRECT($I19&"!$A:$A"),),MATCH(G$2,INDIRECT($I19&"!$1:$1"),)) -> OSBR | I19: Partes_Relacionadas | J19: Partes Relacionadas | K19: PARTES RELACIONADAS | L19: =INDEX(INDIRECT($I19&"!$1:$1048576"),MATCH($B19,INDIRECT($I19&"!$A:$A"),),MATCH(L$2,INDIRECT($I19&"!$1:$1"),)) -> Centennial Asset Mining Fund LLC | M19: =INDEX(INDIRECT($I19&"!$1:$1048576"),MATCH($B19,INDIRECT($I19&"!$A:$A"),),MATCH(M$2,INDIRECT($I19&"!$1:$1"),)) -> Estrangeira | N19: =INDEX(INDIRECT($I19&"!$1:$1048576"),MATCH($B19,INDIRECT($I19&"!$A:$A"),),MATCH(N$2,INDIRECT($I19&"!$1:$1"),)) -> não encontrado | O19: =INDEX(INDIRECT($I19&"!$1:$1048576"),MATCH($B19,INDIRECT($I19&"!$A:$A"),),MATCH(O$2,INDIRECT($I19&"!$1:$1"),)) -> não encontrado | P19: =INDEX(INDIRECT($I19&"!$1:$1048576"),MATCH($B19,INDIRECT($I19&"!$A:$A"),),MATCH(P$2,INDIRECT($I19&"!$1:$1"),)) -> 502 East John Street, S/N | Q19: =INDEX(INDIRECT($I19&"!$1:$1048576"),MATCH($B19,INDIRECT($I19&"!$A:$A"),),MATCH(Q$2,INDIRECT($I19&"!$1:$1"),)) -> Real | R19: =INDEX(INDIRECT($I19&"!$1:$1048576"),MATCH($B19,INDIRECT($I19&"!$A:$A"),),MATCH(R$2,INDIRECT($I19&"!$1:$1"),)) -> 51665190 | S19: =INDEX(INDIRECT($I19&"!$1:$1048576"),MATCH($B19,INDIRECT($I19&"!$A:$A"),),MATCH(S$2,INDIRECT($I19&"!$1:$1"),)) -> 51665190 | T19: =INDEX(INDIRECT($I19&"!$1:$1048576"),MATCH($B19,INDIRECT($I19&"!$A:$A"),),MATCH(T$2,INDIRECT($I19&"!$1:$1"),)) -> 51665190 | V19: =INDEX(INDIRECT($I19&"!$1:$1048576"),MATCH($B19,INDIRECT($I19&"!$A:$A"),),MATCH(V$2,INDIRECT($I19&"!$1:$1"),)) -> 0 | W19: =INDEX(INDIRECT($I19&"!$1:$1048576"),MATCH($B19,INDIRECT($I19&"!$A:$A"),),MATCH(W$2,INDIRECT($I19&"!$1:$1"),)) -> 0 | X19: =INDEX(INDIRECT($I19&"!$1:$1048576"),MATCH($B19,INDIRECT($I19&"!$A:$A"),),MATCH(X$2,INDIRECT($I19&"!$1:$1"),)) -> Real | Y19: =INDEX(INDIRECT($I19&"!$1:$1048576"),MATCH($B19,INDIRECT($I19&"!$A:$A"),),MATCH(Y$2,INDIRECT($I19&"!$1:$1"),)) -> 0 | Z19: =INDEX(INDIRECT($I19&"!$1:$1048576"),MATCH($B19,INDIRECT($I19&"!$A:$A"),),MATCH(Z$2,INDIRECT($I19&"!$1:$1"),)) -> 0 | AA19: =INDEX(INDIRECT($I19&"!$1:$1048576"),MATCH($B19,INDIRECT($I19&"!$A:$A"),),MATCH(AA$2,INDIRECT($I19&"!$1:$1"),)) -> Acionista | AB19: =IFERROR(INDEX(INDIRECT($I19&"!$1:$1048576"),MATCH($B19,INDIRECT($I19&"!$A:$A"),),MATCH(AB$2,INDIRECT($I19&"!$1:$1"),)),"") -> 0 | AC19: x
B20: 692 | C20: Sim | D20: Classificado pela Meden | G20: =INDEX(INDIRECT($I20&"!$1:$1048576"),MATCH($B20,INDIRECT($I20&"!$A:$A"),),MATCH(G$2,INDIRECT($I20&"!$1:$1"),)) -> OSSO | I20: Partes_Relacionadas | J20: Partes Relacionadas | K20: PARTES RELACIONADAS | L20: =INDEX(INDIRECT($I20&"!$1:$1048576"),MATCH($B20,INDIRECT($I20&"!$A:$A"),),MATCH(L$2,INDIRECT($I20&"!$1:$1"),)) -> OSX Brasil S.A | M20: =INDEX(INDIRECT($I20&"!$1:$1048576"),MATCH($B20,INDIRECT($I20&"!$A:$A"),),MATCH(M$2,INDIRECT($I20&"!$1:$1"),)) -> 09.112.685/0001-32 | N20: =INDEX(INDIRECT($I20&"!$1:$1048576"),MATCH($B20,INDIRECT($I20&"!$A:$A"),),MATCH(N$2,INDIRECT($I20&"!$1:$1"),)) -> 21 3237-5200 | O20: =INDEX(INDIRECT($I20&"!$1:$1048576"),MATCH($B20,INDIRECT($I20&"!$A:$A"),),MATCH(O$2,INDIRECT($I20&"!$1:$1"),)) -> faturamento@osx.com.br | P20: =INDEX(INDIRECT($I20&"!$1:$1048576"),MATCH($B20,INDIRECT($I20&"!$A:$A"),),MATCH(P$2,INDIRECT($I20&"!$1:$1"),)) -> Rua Lauro Muller 116 Sala 2405 Botafogo 22290-160 Rio de Janeiro Rio de Janeiro RJ | Q20: =INDEX(INDIRECT($I20&"!$1:$1048576"),MATCH($B20,INDIRECT($I20&"!$A:$A"),),MATCH(Q$2,INDIRECT($I20&"!$1:$1"),)) -> Real | R20: =INDEX(INDIRECT($I20&"!$1:$1048576"),MATCH($B20,INDIRECT($I20&"!$A:$A"),),MATCH(R$2,INDIRECT($I20&"!$1:$1"),)) -> 43283924 | S20: =INDEX(INDIRECT($I20&"!$1:$1048576"),MATCH($B20,INDIRECT($I20&"!$A:$A"),),MATCH(S$2,INDIRECT($I20&"!$1:$1"),)) -> 43694394 | T20: =INDEX(INDIRECT($I20&"!$1:$1048576"),MATCH($B20,INDIRECT($I20&"!$A:$A"),),MATCH(T$2,INDIRECT($I20&"!$1:$1"),)) -> 44437452 | V20: =INDEX(INDIRECT($I20&"!$1:$1048576"),MATCH($B20,INDIRECT($I20&"!$A:$A"),),MATCH(V$2,INDIRECT($I20&"!$1:$1"),)) -> -410470.24 | W20: =INDEX(INDIRECT($I20&"!$1:$1048576"),MATCH($B20,INDIRECT($I20&"!$A:$A"),),MATCH(W$2,INDIRECT($I20&"!$1:$1"),)) -> 0 | X20: =INDEX(INDIRECT($I20&"!$1:$1048576"),MATCH($B20,INDIRECT($I20&"!$A:$A"),),MATCH(X$2,INDIRECT($I20&"!$1:$1"),)) -> Real | Y20: =INDEX(INDIRECT($I20&"!$1:$1048576"),MATCH($B20,INDIRECT($I20&"!$A:$A"),),MATCH(Y$2,INDIRECT($I20&"!$1:$1"),)) -> 0 | Z20: =INDEX(INDIRECT($I20&"!$1:$1048576"),MATCH($B20,INDIRECT($I20&"!$A:$A"),),MATCH(Z$2,INDIRECT($I20&"!$1:$1"),)) -> 0 | AA20: =INDEX(INDIRECT($I20&"!$1:$1048576"),MATCH($B20,INDIRECT($I20&"!$A:$A"),),MATCH(AA$2,INDIRECT($I20&"!$1:$1"),)) -> 0 | AB20: =IFERROR(INDEX(INDIRECT($I20&"!$1:$1048576"),MATCH($B20,INDIRECT($I20&"!$A:$A"),),MATCH(AB$2,INDIRECT($I20&"!$1:$1"),)),"") -> 0
B21: 289 | C21: Sim | D21: Classificado plano Antigo | F21: Telefone | G21: =INDEX(INDIRECT($I21&"!$1:$1048576"),MATCH($B21,INDIRECT($I21&"!$A:$A"),),MATCH(G$2,INDIRECT($I21&"!$1:$1"),)) -> OSCN | H21: X | I21: Fornecedores | J21: Quirografário | K21: CLASSE III | L21: =INDEX(INDIRECT($I21&"!$1:$1048576"),MATCH($B21,INDIRECT($I21&"!$A:$A"),),MATCH(L$2,INDIRECT($I21&"!$1:$1"),)) -> HYUNDAI SAMHO HEAVY INDUSTRIES CO L | M21: =INDEX(INDIRECT($I21&"!$1:$1048576"),MATCH($B21,INDIRECT($I21&"!$A:$A"),),MATCH(M$2,INDIRECT($I21&"!$1:$1"),)) -> estrangeira | N21: =INDEX(INDIRECT($I21&"!$1:$1048576"),MATCH($B21,INDIRECT($I21&"!$A:$A"),),MATCH(N$2,INDIRECT($I21&"!$1:$1"),)) -> não encontrado | O21: =INDEX(INDIRECT($I21&"!$1:$1048576"),MATCH($B21,INDIRECT($I21&"!$A:$A"),),MATCH(O$2,INDIRECT($I21&"!$1:$1"),)) -> theday17@hshi.co.kr | P21: =INDEX(INDIRECT($I21&"!$1:$1048576"),MATCH($B21,INDIRECT($I21&"!$A:$A"),),MATCH(P$2,INDIRECT($I21&"!$1:$1"),)) -> 93 Daebullo, Samho-eup,Yeongam-gun,Jeollanam-do,Korea | Q21: =INDEX(INDIRECT($I21&"!$1:$1048576"),MATCH($B21,INDIRECT($I21&"!$A:$A"),),MATCH(Q$2,INDIRECT($I21&"!$1:$1"),)) -> Real | R21: =INDEX(INDIRECT($I21&"!$1:$1048576"),MATCH($B21,INDIRECT($I21&"!$A:$A"),),MATCH(R$2,INDIRECT($I21&"!$1:$1"),)) -> 44979783 | S21: =INDEX(INDIRECT($I21&"!$1:$1048576"),MATCH($B21,INDIRECT($I21&"!$A:$A"),),MATCH(S$2,INDIRECT($I21&"!$1:$1"),)) -> 43957744 | T21: =INDEX(INDIRECT($I21&"!$1:$1048576"),MATCH($B21,INDIRECT($I21&"!$A:$A"),),MATCH(T$2,INDIRECT($I21&"!$1:$1"),)) -> 43957744 | V21: =INDEX(INDIRECT($I21&"!$1:$1048576"),MATCH($B21,INDIRECT($I21&"!$A:$A"),),MATCH(V$2,INDIRECT($I21&"!$1:$1"),)) -> SIM | W21: =INDEX(INDIRECT($I21&"!$1:$1048576"),MATCH($B21,INDIRECT($I21&"!$A:$A"),),MATCH(W$2,INDIRECT($I21&"!$1:$1"),)) -> 3 | X21: =INDEX(INDIRECT($I21&"!$1:$1048576"),MATCH($B21,INDIRECT($I21&"!$A:$A"),),MATCH(X$2,INDIRECT($I21&"!$1:$1"),)) -> Real | Y21: =INDEX(INDIRECT($I21&"!$1:$1048576"),MATCH($B21,INDIRECT($I21&"!$A:$A"),),MATCH(Y$2,INDIRECT($I21&"!$1:$1"),)) -> 5456997.1 | Z21: =INDEX(INDIRECT($I21&"!$1:$1048576"),MATCH($B21,INDIRECT($I21&"!$A:$A"),),MATCH(Z$2,INDIRECT($I21&"!$1:$1"),)) -> Não | AA21: =INDEX(INDIRECT($I21&"!$1:$1048576"),MATCH($B21,INDIRECT($I21&"!$A:$A"),),MATCH(AA$2,INDIRECT($I21&"!$1:$1"),)) -> 0 | AB21: =IFERROR(INDEX(INDIRECT($I21&"!$1:$1048576"),MATCH($B21,INDIRECT($I21&"!$A:$A"),),MATCH(AB$2,INDIRECT($I21&"!$1:$1"),)),"") -> 0
B22: 685 | C22: Sim | F22: Telefone | G22: =INDEX(INDIRECT($I22&"!$1:$1048576"),MATCH($B22,INDIRECT($I22&"!$A:$A"),),MATCH(G$2,INDIRECT($I22&"!$1:$1"),)) -> OSCN | H22: X | I22: Debêntures | J22: Debenture | K22: CLASSE III | L22: =INDEX(INDIRECT($I22&"!$1:$1048576"),MATCH($B22,INDIRECT($I22&"!$A:$A"),),MATCH(L$2,INDIRECT($I22&"!$1:$1"),)) -> BANCO VOTORANTIM S.A. / BANCO SANTANDER (BRASIL) S.A. | M22: =INDEX(INDIRECT($I22&"!$1:$1048576"),MATCH($B22,INDIRECT($I22&"!$A:$A"),),MATCH(M$2,INDIRECT($I22&"!$1:$1"),)) -> 59.588.111/0001-03 (Votorantim) - 90.400.888/0001-42 (Santander) | N22: =INDEX(INDIRECT($I22&"!$1:$1048576"),MATCH($B22,INDIRECT($I22&"!$A:$A"),),MATCH(N$2,INDIRECT($I22&"!$1:$1"),)) -> 0800 772 8086 (Votorantim) 4004 3535 (Santander) | O22: =INDEX(INDIRECT($I22&"!$1:$1048576"),MATCH($B22,INDIRECT($I22&"!$A:$A"),),MATCH(O$2,INDIRECT($I22&"!$1:$1"),)) -> marco.jesus@bancovotorantim.com.br; rodrigo.cuano@bancovotorantim.com.br; jose.salvini@bancovotorantim.com.br; adriana.vieira@bancovotorantim.com.br; rodrigo.pereira@bancovotorantim.com.br | P22: =INDEX(INDIRECT($I22&"!$1:$1048576"),MATCH($B22,INDIRECT($I22&"!$A:$A"),),MATCH(P$2,INDIRECT($I22&"!$1:$1"),)) -> AVENIDA DAS NACOES UNIDAS 14171, TORRE A ANDAR 18 SÃO PAULO/SP (Votorantim)| AV PRES JUSCELINO KUBITSCHEK 2041 - SÃO PAULO/SP (Santander) | Q22: =INDEX(INDIRECT($I22&"!$1:$1048576"),MATCH($B22,INDIRECT($I22&"!$A:$A"),),MATCH(Q$2,INDIRECT($I22&"!$1:$1"),)) -> Real | R22: =INDEX(INDIRECT($I22&"!$1:$1048576"),MATCH($B22,INDIRECT($I22&"!$A:$A"),),MATCH(R$2,INDIRECT($I22&"!$1:$1"),)) -> 38718457 | S22: =INDEX(INDIRECT($I22&"!$1:$1048576"),MATCH($B22,INDIRECT($I22&"!$A:$A"),),MATCH(S$2,INDIRECT($I22&"!$1:$1"),)) -> 40008626 | T22: =INDEX(INDIRECT($I22&"!$1:$1048576"),MATCH($B22,INDIRECT($I22&"!$A:$A"),),MATCH(T$2,INDIRECT($I22&"!$1:$1"),)) -> 40008626 | V22: =INDEX(INDIRECT($I22&"!$1:$1048576"),MATCH($B22,INDIRECT($I22&"!$A:$A"),),MATCH(V$2,INDIRECT($I22&"!$1:$1"),)) -> 0 | W22: =INDEX(INDIRECT($I22&"!$1:$1048576"),MATCH($B22,INDIRECT($I22&"!$A:$A"),),MATCH(W$2,INDIRECT($I22&"!$1:$1"),)) -> 0 | X22: =INDEX(INDIRECT($I22&"!$1:$1048576"),MATCH($B22,INDIRECT($I22&"!$A:$A"),),MATCH(X$2,INDIRECT($I22&"!$1:$1"),)) -> Real | Y22: =INDEX(INDIRECT($I22&"!$1:$1048576"),MATCH($B22,INDIRECT($I22&"!$A:$A"),),MATCH(Y$2,INDIRECT($I22&"!$1:$1"),)) -> 0 | Z22: =INDEX(INDIRECT($I22&"!$1:$1048576"),MATCH($B22,INDIRECT($I22&"!$A:$A"),),MATCH(Z$2,INDIRECT($I22&"!$1:$1"),)) -> 0 | AA22: =INDEX(INDIRECT($I22&"!$1:$1048576"),MATCH($B22,INDIRECT($I22&"!$A:$A"),),MATCH(AA$2,INDIRECT($I22&"!$1:$1"),)) -> 0 | AB22: =IFERROR(INDEX(INDIRECT($I22&"!$1:$1048576"),MATCH($B22,INDIRECT($I22&"!$A:$A"),),MATCH(AB$2,INDIRECT($I22&"!$1:$1"),)),"") -> 0
B23: 683 | C23: Sim | F23: Endereço | G23: =INDEX(INDIRECT($I23&"!$1:$1048576"),MATCH($B23,INDIRECT($I23&"!$A:$A"),),MATCH(G$2,INDIRECT($I23&"!$1:$1"),)) -> OSCN | H23: X | I23: Fianças | J23: Fiança | K23: CLASSE III | L23: =INDEX(INDIRECT($I23&"!$1:$1048576"),MATCH($B23,INDIRECT($I23&"!$A:$A"),),MATCH(L$2,INDIRECT($I23&"!$1:$1"),)) -> BANCO BTG PACTUAL S.A. | M23: =INDEX(INDIRECT($I23&"!$1:$1048576"),MATCH($B23,INDIRECT($I23&"!$A:$A"),),MATCH(M$2,INDIRECT($I23&"!$1:$1"),)) -> 30.306.294/0001-45 | N23: =INDEX(INDIRECT($I23&"!$1:$1048576"),MATCH($B23,INDIRECT($I23&"!$A:$A"),),MATCH(N$2,INDIRECT($I23&"!$1:$1"),)) -> 11 96468-0022 | O23: =INDEX(INDIRECT($I23&"!$1:$1048576"),MATCH($B23,INDIRECT($I23&"!$A:$A"),),MATCH(O$2,INDIRECT($I23&"!$1:$1"),)) -> gustavo.Martinez@btgpactual.com | P23: =INDEX(INDIRECT($I23&"!$1:$1048576"),MATCH($B23,INDIRECT($I23&"!$A:$A"),),MATCH(P$2,INDIRECT($I23&"!$1:$1"),)) -> Pr Botafogo 501 Bloco ll Sal 501 Blc ll Sal 601 Botafogo 22250-911 Rio de Janeiro Rio de Janeiro Rio de Janeiro Brasil | Q23: =INDEX(INDIRECT($I23&"!$1:$1048576"),MATCH($B23,INDIRECT($I23&"!$A:$A"),),MATCH(Q$2,INDIRECT($I23&"!$1:$1"),)) -> Real | R23: =INDEX(INDIRECT($I23&"!$1:$1048576"),MATCH($B23,INDIRECT($I23&"!$A:$A"),),MATCH(R$2,INDIRECT($I23&"!$1:$1"),)) -> 28100775 | S23: =INDEX(INDIRECT($I23&"!$1:$1048576"),MATCH($B23,INDIRECT($I23&"!$A:$A"),),MATCH(S$2,INDIRECT($I23&"!$1:$1"),)) -> 29044163 | T23: =INDEX(INDIRECT($I23&"!$1:$1048576"),MATCH($B23,INDIRECT($I23&"!$A:$A"),),MATCH(T$2,INDIRECT($I23&"!$1:$1"),)) -> 29044163 | V23: =INDEX(INDIRECT($I23&"!$1:$1048576"),MATCH($B23,INDIRECT($I23&"!$A:$A"),),MATCH(V$2,INDIRECT($I23&"!$1:$1"),)) -> 0 | W23: =INDEX(INDIRECT($I23&"!$1:$1048576"),MATCH($B23,INDIRECT($I23&"!$A:$A"),),MATCH(W$2,INDIRECT($I23&"!$1:$1"),)) -> 0 | X23: =INDEX(INDIRECT($I23&"!$1:$1048576"),MATCH($B23,INDIRECT($I23&"!$A:$A"),),MATCH(X$2,INDIRECT($I23&"!$1:$1"),)) -> Real | Y23: =INDEX(INDIRECT($I23&"!$1:$1048576"),MATCH($B23,INDIRECT($I23&"!$A:$A"),),MATCH(Y$2,INDIRECT($I23&"!$1:$1"),)) -> 0 | Z23: =INDEX(INDIRECT($I23&"!$1:$1048576"),MATCH($B23,INDIRECT($I23&"!$A:$A"),),MATCH(Z$2,INDIRECT($I23&"!$1:$1"),)) -> 0 | AA23: =INDEX(INDIRECT($I23&"!$1:$1048576"),MATCH($B23,INDIRECT($I23&"!$A:$A"),),MATCH(AA$2,INDIRECT($I23&"!$1:$1"),)) -> Confissão de Divida referente a fiança do FMM em USD, FI158/12 - Comissões não pagas.Considerando d) CONTRATANTE e DEVEDOR SOLIDÁRIO confessam dever ao BANCO a Comissão Fiança Original no montante atualizado de R$ 9.028.759,32; | AB23: =IFERROR(INDEX(INDIRECT($I23&"!$1:$1048576"),MATCH($B23,INDIRECT($I23&"!$A:$A"),),MATCH(AB$2,INDIRECT($I23&"!$1:$1"),)),"") -> 0
B24: 291 | C24: Sim | D24: Classificado plano Antigo | G24: =INDEX(INDIRECT($I24&"!$1:$1048576"),MATCH($B24,INDIRECT($I24&"!$A:$A"),),MATCH(G$2,INDIRECT($I24&"!$1:$1"),)) -> OSCN | H24: X | I24: Fornecedores | J24: Quirografário | K24: CLASSE III | L24: =INDEX(INDIRECT($I24&"!$1:$1048576"),MATCH($B24,INDIRECT($I24&"!$A:$A"),),MATCH(L$2,INDIRECT($I24&"!$1:$1"),)) -> IBM BRASIL INDUSTRIA MAQUINAS E SERVICOS LIMITADA | M24: =INDEX(INDIRECT($I24&"!$1:$1048576"),MATCH($B24,INDIRECT($I24&"!$A:$A"),),MATCH(M$2,INDIRECT($I24&"!$1:$1"),)) -> 33.372.251/0001-56 | N24: =INDEX(INDIRECT($I24&"!$1:$1048576"),MATCH($B24,INDIRECT($I24&"!$A:$A"),),MATCH(N$2,INDIRECT($I24&"!$1:$1"),)) -> 11 2132-3053 | O24: =INDEX(INDIRECT($I24&"!$1:$1048576"),MATCH($B24,INDIRECT($I24&"!$A:$A"),),MATCH(O$2,INDIRECT($I24&"!$1:$1"),)) -> ibmevoce@br.ibm.com | P24: =INDEX(INDIRECT($I24&"!$1:$1048576"),MATCH($B24,INDIRECT($I24&"!$A:$A"),),MATCH(P$2,INDIRECT($I24&"!$1:$1"),)) -> Rua Tutoia 1157 S PT 1/4 PT 5/8 12/20 Vila Mariana 04007-900 São Paulo São Paulo SP BRASIL | Q24: =INDEX(INDIRECT($I24&"!$1:$1048576"),MATCH($B24,INDIRECT($I24&"!$A:$A"),),MATCH(Q$2,INDIRECT($I24&"!$1:$1"),)) -> Real | R24: =INDEX(INDIRECT($I24&"!$1:$1048576"),MATCH($B24,INDIRECT($I24&"!$A:$A"),),MATCH(R$2,INDIRECT($I24&"!$1:$1"),)) -> 25721291 | S24: =INDEX(INDIRECT($I24&"!$1:$1048576"),MATCH($B24,INDIRECT($I24&"!$A:$A"),),MATCH(S$2,INDIRECT($I24&"!$1:$1"),)) -> 26115633 | T24: =INDEX(INDIRECT($I24&"!$1:$1048576"),MATCH($B24,INDIRECT($I24&"!$A:$A"),),MATCH(T$2,INDIRECT($I24&"!$1:$1"),)) -> 26115633 | V24: =INDEX(INDIRECT($I24&"!$1:$1048576"),MATCH($B24,INDIRECT($I24&"!$A:$A"),),MATCH(V$2,INDIRECT($I24&"!$1:$1"),)) -> SIM | W24: =INDEX(INDIRECT($I24&"!$1:$1048576"),MATCH($B24,INDIRECT($I24&"!$A:$A"),),MATCH(W$2,INDIRECT($I24&"!$1:$1"),)) -> 3 | X24: =INDEX(INDIRECT($I24&"!$1:$1048576"),MATCH($B24,INDIRECT($I24&"!$A:$A"),),MATCH(X$2,INDIRECT($I24&"!$1:$1"),)) -> Real | Y24: =INDEX(INDIRECT($I24&"!$1:$1048576"),MATCH($B24,INDIRECT($I24&"!$A:$A"),),MATCH(Y$2,INDIRECT($I24&"!$1:$1"),)) -> 22097755 | Z24: =INDEX(INDIRECT($I24&"!$1:$1048576"),MATCH($B24,INDIRECT($I24&"!$A:$A"),),MATCH(Z$2,INDIRECT($I24&"!$1:$1"),)) -> Não | AA24: =INDEX(INDIRECT($I24&"!$1:$1048576"),MATCH($B24,INDIRECT($I24&"!$A:$A"),),MATCH(AA$2,INDIRECT($I24&"!$1:$1"),)) -> Saldo contábil R$4.182.413,93 em notas fiscais e R$ 3.090.899,68 provisão | AB24: =IFERROR(INDEX(INDIRECT($I24&"!$1:$1048576"),MATCH($B24,INDIRECT($I24&"!$A:$A"),),MATCH(AB$2,INDIRECT($I24&"!$1:$1"),)),"") -> 0
B25: 687 | C25: Sim | F25: Telefone | G25: =INDEX(INDIRECT($I25&"!$1:$1048576"),MATCH($B25,INDIRECT($I25&"!$A:$A"),),MATCH(G$2,INDIRECT($I25&"!$1:$1"),)) -> OSCN | H25: X | I25: Debêntures | J25: Debenture | K25: CLASSE III | L25: =INDEX(INDIRECT($I25&"!$1:$1048576"),MATCH($B25,INDIRECT($I25&"!$A:$A"),),MATCH(L$2,INDIRECT($I25&"!$1:$1"),)) -> PRUMO LOGISTICA S.A. | M25: =INDEX(INDIRECT($I25&"!$1:$1048576"),MATCH($B25,INDIRECT($I25&"!$A:$A"),),MATCH(M$2,INDIRECT($I25&"!$1:$1"),)) -> 08.741.499/0001-08 | N25: =INDEX(INDIRECT($I25&"!$1:$1048576"),MATCH($B25,INDIRECT($I25&"!$A:$A"),),MATCH(N$2,INDIRECT($I25&"!$1:$1"),)) -> 21 37258000 | O25: =INDEX(INDIRECT($I25&"!$1:$1048576"),MATCH($B25,INDIRECT($I25&"!$A:$A"),),MATCH(O$2,INDIRECT($I25&"!$1:$1"),)) -> flavio.valle@prumologistica.com.br; eugenio.figueiredo@prumologistica.com.br; diego.antunes@prumologistica.com.br | P25: =INDEX(INDIRECT($I25&"!$1:$1048576"),MATCH($B25,INDIRECT($I25&"!$A:$A"),),MATCH(P$2,INDIRECT($I25&"!$1:$1"),)) -> R DO RUSSEL 804, 5 ANDAR - RIO DE JANEIRO/RJ | Q25: =INDEX(INDIRECT($I25&"!$1:$1048576"),MATCH($B25,INDIRECT($I25&"!$A:$A"),),MATCH(Q$2,INDIRECT($I25&"!$1:$1"),)) -> Real | R25: =INDEX(INDIRECT($I25&"!$1:$1048576"),MATCH($B25,INDIRECT($I25&"!$A:$A"),),MATCH(R$2,INDIRECT($I25&"!$1:$1"),)) -> 23636330 | S25: =INDEX(INDIRECT($I25&"!$1:$1048576"),MATCH($B25,INDIRECT($I25&"!$A:$A"),),MATCH(S$2,INDIRECT($I25&"!$1:$1"),)) -> 24423941 | T25: =INDEX(INDIRECT($I25&"!$1:$1048576"),MATCH($B25,INDIRECT($I25&"!$A:$A"),),MATCH(T$2,INDIRECT($I25&"!$1:$1"),)) -> 24423941 | V25: =INDEX(INDIRECT($I25&"!$1:$1048576"),MATCH($B25,INDIRECT($I25&"!$A:$A"),),MATCH(V$2,INDIRECT($I25&"!$1:$1"),)) -> 0 | W25: =INDEX(INDIRECT($I25&"!$1:$1048576"),MATCH($B25,INDIRECT($I25&"!$A:$A"),),MATCH(W$2,INDIRECT($I25&"!$1:$1"),)) -> 0 | X25: =INDEX(INDIRECT($I25&"!$1:$1048576"),MATCH($B25,INDIRECT($I25&"!$A:$A"),),MATCH(X$2,INDIRECT($I25&"!$1:$1"),)) -> Real | Y25: =INDEX(INDIRECT($I25&"!$1:$1048576"),MATCH($B25,INDIRECT($I25&"!$A:$A"),),MATCH(Y$2,INDIRECT($I25&"!$1:$1"),)) -> 0 | Z25: =INDEX(INDIRECT($I25&"!$1:$1048576"),MATCH($B25,INDIRECT($I25&"!$A:$A"),),MATCH(Z$2,INDIRECT($I25&"!$1:$1"),)) -> 0 | AA25: =INDEX(INDIRECT($I25&"!$1:$1048576"),MATCH($B25,INDIRECT($I25&"!$A:$A"),),MATCH(AA$2,INDIRECT($I25&"!$1:$1"),)) -> 0 | AB25: =IFERROR(INDEX(INDIRECT($I25&"!$1:$1048576"),MATCH($B25,INDIRECT($I25&"!$A:$A"),),MATCH(AB$2,INDIRECT($I25&"!$1:$1"),)),"") -> 0
B26: 286 | C26: Sim | D26: Classificado plano Antigo | F26: Telefone; Email | G26: =INDEX(INDIRECT($I26&"!$1:$1048576"),MATCH($B26,INDIRECT($I26&"!$A:$A"),),MATCH(G$2,INDIRECT($I26&"!$1:$1"),)) -> OSCN | H26: X | I26: Fornecedores | J26: Quirografário | K26: CLASSE III | L26: =INDEX(INDIRECT($I26&"!$1:$1048576"),MATCH($B26,INDIRECT($I26&"!$A:$A"),),MATCH(L$2,INDIRECT($I26&"!$1:$1"),)) -> HYUNDAI CORPORATION | M26: =INDEX(INDIRECT($I26&"!$1:$1048576"),MATCH($B26,INDIRECT($I26&"!$A:$A"),),MATCH(M$2,INDIRECT($I26&"!$1:$1"),)) -> estrangeira | N26: =INDEX(INDIRECT($I26&"!$1:$1048576"),MATCH($B26,INDIRECT($I26&"!$A:$A"),),MATCH(N$2,INDIRECT($I26&"!$1:$1"),)) -> não encontrado | O26: =INDEX(INDIRECT($I26&"!$1:$1048576"),MATCH($B26,INDIRECT($I26&"!$A:$A"),),MATCH(O$2,INDIRECT($I26&"!$1:$1"),)) -> não encontrado | P26: =INDEX(INDIRECT($I26&"!$1:$1048576"),MATCH($B26,INDIRECT($I26&"!$A:$A"),),MATCH(P$2,INDIRECT($I26&"!$1:$1"),)) -> 140-2Kye-Dong,Jongno-Gu, Seoul 110-793 Korea | Q26: =INDEX(INDIRECT($I26&"!$1:$1048576"),MATCH($B26,INDIRECT($I26&"!$A:$A"),),MATCH(Q$2,INDIRECT($I26&"!$1:$1"),)) -> Real | R26: =INDEX(INDIRECT($I26&"!$1:$1048576"),MATCH($B26,INDIRECT($I26&"!$A:$A"),),MATCH(R$2,INDIRECT($I26&"!$1:$1"),)) -> 22489489 | S26: =INDEX(INDIRECT($I26&"!$1:$1048576"),MATCH($B26,INDIRECT($I26&"!$A:$A"),),MATCH(S$2,INDIRECT($I26&"!$1:$1"),)) -> 22954509 | T26: =INDEX(INDIRECT($I26&"!$1:$1048576"),MATCH($B26,INDIRECT($I26&"!$A:$A"),),MATCH(T$2,INDIRECT($I26&"!$1:$1"),)) -> 22954509 | V26: =INDEX(INDIRECT($I26&"!$1:$1048576"),MATCH($B26,INDIRECT($I26&"!$A:$A"),),MATCH(V$2,INDIRECT($I26&"!$1:$1"),)) -> SIM | W26: =INDEX(INDIRECT($I26&"!$1:$1048576"),MATCH($B26,INDIRECT($I26&"!$A:$A"),),MATCH(W$2,INDIRECT($I26&"!$1:$1"),)) -> 3 | X26: =INDEX(INDIRECT($I26&"!$1:$1048576"),MATCH($B26,INDIRECT($I26&"!$A:$A"),),MATCH(X$2,INDIRECT($I26&"!$1:$1"),)) -> Real | Y26: =INDEX(INDIRECT($I26&"!$1:$1048576"),MATCH($B26,INDIRECT($I26&"!$A:$A"),),MATCH(Y$2,INDIRECT($I26&"!$1:$1"),)) -> 2578711 | Z26: =INDEX(INDIRECT($I26&"!$1:$1048576"),MATCH($B26,INDIRECT($I26&"!$A:$A"),),MATCH(Z$2,INDIRECT($I26&"!$1:$1"),)) -> Não | AA26: =INDEX(INDIRECT($I26&"!$1:$1048576"),MATCH($B26,INDIRECT($I26&"!$A:$A"),),MATCH(AA$2,INDIRECT($I26&"!$1:$1"),)) -> 0 | AB26: =IFERROR(INDEX(INDIRECT($I26&"!$1:$1048576"),MATCH($B26,INDIRECT($I26&"!$A:$A"),),MATCH(AB$2,INDIRECT($I26&"!$1:$1"),)),"") -> 0 | AC26: x
B27: 36 | C27: Sim | D27: Classificado plano Antigo | G27: =INDEX(INDIRECT($I27&"!$1:$1048576"),MATCH($B27,INDIRECT($I27&"!$A:$A"),),MATCH(G$2,INDIRECT($I27&"!$1:$1"),)) -> OSCN | H27: X | I27: Fornecedores | J27: Quirografário | K27: CLASSE III | L27: =INDEX(INDIRECT($I27&"!$1:$1048576"),MATCH($B27,INDIRECT($I27&"!$A:$A"),),MATCH(L$2,INDIRECT($I27&"!$1:$1"),)) -> AGF ENGENHARIA LTDA | M27: =INDEX(INDIRECT($I27&"!$1:$1048576"),MATCH($B27,INDIRECT($I27&"!$A:$A"),),MATCH(M$2,INDIRECT($I27&"!$1:$1"),)) -> 881168000153 | N27: =INDEX(INDIRECT($I27&"!$1:$1048576"),MATCH($B27,INDIRECT($I27&"!$A:$A"),),MATCH(N$2,INDIRECT($I27&"!$1:$1"),)) -> 41 30316971 | O27: =INDEX(INDIRECT($I27&"!$1:$1048576"),MATCH($B27,INDIRECT($I27&"!$A:$A"),),MATCH(O$2,INDIRECT($I27&"!$1:$1"),)) -> agf@agfengenharia.com.br | P27: =INDEX(INDIRECT($I27&"!$1:$1048576"),MATCH($B27,INDIRECT($I27&"!$A:$A"),),MATCH(P$2,INDIRECT($I27&"!$1:$1"),)) -> Rua Topazio 123 Vila Andreza 36410206 Minas Gerais Congonhas BRASIL | Q27: =INDEX(INDIRECT($I27&"!$1:$1048576"),MATCH($B27,INDIRECT($I27&"!$A:$A"),),MATCH(Q$2,INDIRECT($I27&"!$1:$1"),)) -> Real | R27: =INDEX(INDIRECT($I27&"!$1:$1048576"),MATCH($B27,INDIRECT($I27&"!$A:$A"),),MATCH(R$2,INDIRECT($I27&"!$1:$1"),)) -> 21888117 | S27: =INDEX(INDIRECT($I27&"!$1:$1048576"),MATCH($B27,INDIRECT($I27&"!$A:$A"),),MATCH(S$2,INDIRECT($I27&"!$1:$1"),)) -> 22125294 | T27: =INDEX(INDIRECT($I27&"!$1:$1048576"),MATCH($B27,INDIRECT($I27&"!$A:$A"),),MATCH(T$2,INDIRECT($I27&"!$1:$1"),)) -> 22125294 | V27: =INDEX(INDIRECT($I27&"!$1:$1048576"),MATCH($B27,INDIRECT($I27&"!$A:$A"),),MATCH(V$2,INDIRECT($I27&"!$1:$1"),)) -> SIM | W27: =INDEX(INDIRECT($I27&"!$1:$1048576"),MATCH($B27,INDIRECT($I27&"!$A:$A"),),MATCH(W$2,INDIRECT($I27&"!$1:$1"),)) -> 3 | X27: =INDEX(INDIRECT($I27&"!$1:$1048576"),MATCH($B27,INDIRECT($I27&"!$A:$A"),),MATCH(X$2,INDIRECT($I27&"!$1:$1"),)) -> Real | Y27: =INDEX(INDIRECT($I27&"!$1:$1048576"),MATCH($B27,INDIRECT($I27&"!$A:$A"),),MATCH(Y$2,INDIRECT($I27&"!$1:$1"),)) -> 13301706 | Z27: =INDEX(INDIRECT($I27&"!$1:$1048576"),MATCH($B27,INDIRECT($I27&"!$A:$A"),),MATCH(Z$2,INDIRECT($I27&"!$1:$1"),)) -> Não | AA27: =INDEX(INDIRECT($I27&"!$1:$1048576"),MATCH($B27,INDIRECT($I27&"!$A:$A"),),MATCH(AA$2,INDIRECT($I27&"!$1:$1"),)) -> 0 | AB27: =IFERROR(INDEX(INDIRECT($I27&"!$1:$1048576"),MATCH($B27,INDIRECT($I27&"!$A:$A"),),MATCH(AB$2,INDIRECT($I27&"!$1:$1"),)),"") -> 0
B28: 701 | C28: Sim | D28: Classificado pela Meden | F28: Telefone | G28: =INDEX(INDIRECT($I28&"!$1:$1048576"),MATCH($B28,INDIRECT($I28&"!$A:$A"),),MATCH(G$2,INDIRECT($I28&"!$1:$1"),)) -> OSBR | I28: Partes_Relacionadas | J28: Partes Relacionadas | K28: PARTES RELACIONADAS | L28: =INDEX(INDIRECT($I28&"!$1:$1048576"),MATCH($B28,INDIRECT($I28&"!$A:$A"),),MATCH(L$2,INDIRECT($I28&"!$1:$1"),)) -> Eike Fuhrken Batista | M28: =INDEX(INDIRECT($I28&"!$1:$1048576"),MATCH($B28,INDIRECT($I28&"!$A:$A"),),MATCH(M$2,INDIRECT($I28&"!$1:$1"),)) -> Pessoa Física | N28: =INDEX(INDIRECT($I28&"!$1:$1048576"),MATCH($B28,INDIRECT($I28&"!$A:$A"),),MATCH(N$2,INDIRECT($I28&"!$1:$1"),)) -> não encontrado | O28: =INDEX(INDIRECT($I28&"!$1:$1048576"),MATCH($B28,INDIRECT($I28&"!$A:$A"),),MATCH(O$2,INDIRECT($I28&"!$1:$1"),)) -> eike.batista@ebx.com.br | P28: =INDEX(INDIRECT($I28&"!$1:$1048576"),MATCH($B28,INDIRECT($I28&"!$A:$A"),),MATCH(P$2,INDIRECT($I28&"!$1:$1"),)) -> Praia do Flamengo 154 10º andar Flamengo 22210-030 Rio de Janeiro Rio de Janeiro RJ | Q28: =INDEX(INDIRECT($I28&"!$1:$1048576"),MATCH($B28,INDIRECT($I28&"!$A:$A"),),MATCH(Q$2,INDIRECT($I28&"!$1:$1"),)) -> Real | R28: =INDEX(INDIRECT($I28&"!$1:$1048576"),MATCH($B28,INDIRECT($I28&"!$A:$A"),),MATCH(R$2,INDIRECT($I28&"!$1:$1"),)) -> 19724650 | S28: =INDEX(INDIRECT($I28&"!$1:$1048576"),MATCH($B28,INDIRECT($I28&"!$A:$A"),),MATCH(S$2,INDIRECT($I28&"!$1:$1"),)) -> 19724650 | T28: =INDEX(INDIRECT($I28&"!$1:$1048576"),MATCH($B28,INDIRECT($I28&"!$A:$A"),),MATCH(T$2,INDIRECT($I28&"!$1:$1"),)) -> 19724650 | V28: =INDEX(INDIRECT($I28&"!$1:$1048576"),MATCH($B28,INDIRECT($I28&"!$A:$A"),),MATCH(V$2,INDIRECT($I28&"!$1:$1"),)) -> 0 | W28: =INDEX(INDIRECT($I28&"!$1:$1048576"),MATCH($B28,INDIRECT($I28&"!$A:$A"),),MATCH(W$2,INDIRECT($I28&"!$1:$1"),)) -> 0 | X28: =INDEX(INDIRECT($I28&"!$1:$1048576"),MATCH($B28,INDIRECT($I28&"!$A:$A"),),MATCH(X$2,INDIRECT($I28&"!$1:$1"),)) -> Real | Y28: =INDEX(INDIRECT($I28&"!$1:$1048576"),MATCH($B28,INDIRECT($I28&"!$A:$A"),),MATCH(Y$2,INDIRECT($I28&"!$1:$1"),)) -> 0 | Z28: =INDEX(INDIRECT($I28&"!$1:$1048576"),MATCH($B28,INDIRECT($I28&"!$A:$A"),),MATCH(Z$2,INDIRECT($I28&"!$1:$1"),)) -> 0 | AA28: =INDEX(INDIRECT($I28&"!$1:$1048576"),MATCH($B28,INDIRECT($I28&"!$A:$A"),),MATCH(AA$2,INDIRECT($I28&"!$1:$1"),)) -> Acionista | AB28: =IFERROR(INDEX(INDIRECT($I28&"!$1:$1048576"),MATCH($B28,INDIRECT($I28&"!$A:$A"),),MATCH(AB$2,INDIRECT($I28&"!$1:$1"),)),"") -> 0
B29: 696 | C29: Sim | D29: Classificado pela Meden | G29: =INDEX(INDIRECT($I29&"!$1:$1048576"),MATCH($B29,INDIRECT($I29&"!$A:$A"),),MATCH(G$2,INDIRECT($I29&"!$1:$1"),)) -> OSBR | I29: Partes_Relacionadas | J29: Partes Relacionadas | K29: PARTES RELACIONADAS | L29: =INDEX(INDIRECT($I29&"!$1:$1048576"),MATCH($B29,INDIRECT($I29&"!$A:$A"),),MATCH(L$2,INDIRECT($I29&"!$1:$1"),)) -> OSX Brasil - Porto do Açu S.A. | M29: =INDEX(INDIRECT($I29&"!$1:$1048576"),MATCH($B29,INDIRECT($I29&"!$A:$A"),),MATCH(M$2,INDIRECT($I29&"!$1:$1"),)) -> 11.198.242/0001-58 | N29: =INDEX(INDIRECT($I29&"!$1:$1048576"),MATCH($B29,INDIRECT($I29&"!$A:$A"),),MATCH(N$2,INDIRECT($I29&"!$1:$1"),)) -> 21 3237-5200 | O29: =INDEX(INDIRECT($I29&"!$1:$1048576"),MATCH($B29,INDIRECT($I29&"!$A:$A"),),MATCH(O$2,INDIRECT($I29&"!$1:$1"),)) -> faturamento@osx.com.br | P29: =INDEX(INDIRECT($I29&"!$1:$1048576"),MATCH($B29,INDIRECT($I29&"!$A:$A"),),MATCH(P$2,INDIRECT($I29&"!$1:$1"),)) -> Rua Lauro Muller 116 Sala 2405 Botafogo 22290-160 Rio de Janeiro Rio de Janeiro RJ | Q29: =INDEX(INDIRECT($I29&"!$1:$1048576"),MATCH($B29,INDIRECT($I29&"!$A:$A"),),MATCH(Q$2,INDIRECT($I29&"!$1:$1"),)) -> Real | R29: =INDEX(INDIRECT($I29&"!$1:$1048576"),MATCH($B29,INDIRECT($I29&"!$A:$A"),),MATCH(R$2,INDIRECT($I29&"!$1:$1"),)) -> 18839940 | S29: =INDEX(INDIRECT($I29&"!$1:$1048576"),MATCH($B29,INDIRECT($I29&"!$A:$A"),),MATCH(S$2,INDIRECT($I29&"!$1:$1"),)) -> 18841949 | T29: =INDEX(INDIRECT($I29&"!$1:$1048576"),MATCH($B29,INDIRECT($I29&"!$A:$A"),),MATCH(T$2,INDIRECT($I29&"!$1:$1"),)) -> 18841949 | V29: =INDEX(INDIRECT($I29&"!$1:$1048576"),MATCH($B29,INDIRECT($I29&"!$A:$A"),),MATCH(V$2,INDIRECT($I29&"!$1:$1"),)) -> -2009.85 | W29: =INDEX(INDIRECT($I29&"!$1:$1048576"),MATCH($B29,INDIRECT($I29&"!$A:$A"),),MATCH(W$2,INDIRECT($I29&"!$1:$1"),)) -> 0 | X29: =INDEX(INDIRECT($I29&"!$1:$1048576"),MATCH($B29,INDIRECT($I29&"!$A:$A"),),MATCH(X$2,INDIRECT($I29&"!$1:$1"),)) -> Real | Y29: =INDEX(INDIRECT($I29&"!$1:$1048576"),MATCH($B29,INDIRECT($I29&"!$A:$A"),),MATCH(Y$2,INDIRECT($I29&"!$1:$1"),)) -> 0 | Z29: =INDEX(INDIRECT($I29&"!$1:$1048576"),MATCH($B29,INDIRECT($I29&"!$A:$A"),),MATCH(Z$2,INDIRECT($I29&"!$1:$1"),)) -> 0 | AA29: =INDEX(INDIRECT($I29&"!$1:$1048576"),MATCH($B29,INDIRECT($I29&"!$A:$A"),),MATCH(AA$2,INDIRECT($I29&"!$1:$1"),)) -> 0 | AB29: =IFERROR(INDEX(INDIRECT($I29&"!$1:$1048576"),MATCH($B29,INDIRECT($I29&"!$A:$A"),),MATCH(AB$2,INDIRECT($I29&"!$1:$1"),)),"") -> 0
B30: 290 | C30: Sim | D30: Classificado plano Antigo | G30: =INDEX(INDIRECT($I30&"!$1:$1048576"),MATCH($B30,INDIRECT($I30&"!$A:$A"),),MATCH(G$2,INDIRECT($I30&"!$1:$1"),)) -> OSBR | I30: Fornecedores | J30: Quirografário | K30: CLASSE III | L30: =INDEX(INDIRECT($I30&"!$1:$1048576"),MATCH($B30,INDIRECT($I30&"!$A:$A"),),MATCH(L$2,INDIRECT($I30&"!$1:$1"),)) -> IBM BRASIL INDUSTRIA MAQUINAS E SERVIÇOS LTDA | M30: =INDEX(INDIRECT($I30&"!$1:$1048576"),MATCH($B30,INDIRECT($I30&"!$A:$A"),),MATCH(M$2,INDIRECT($I30&"!$1:$1"),)) -> 33372251012839 | N30: =INDEX(INDIRECT($I30&"!$1:$1048576"),MATCH($B30,INDIRECT($I30&"!$A:$A"),),MATCH(N$2,INDIRECT($I30&"!$1:$1"),)) -> 21 2132-3844 | O30: =INDEX(INDIRECT($I30&"!$1:$1048576"),MATCH($B30,INDIRECT($I30&"!$A:$A"),),MATCH(O$2,INDIRECT($I30&"!$1:$1"),)) -> erikar@br.ibm.com | P30: =INDEX(INDIRECT($I30&"!$1:$1048576"),MATCH($B30,INDIRECT($I30&"!$A:$A"),),MATCH(P$2,INDIRECT($I30&"!$1:$1"),)) -> Av Pasteur 138 146 parte Urca 22290-240 Rio de Janeiro Rio de Janeiro BRASIL | Q30: =INDEX(INDIRECT($I30&"!$1:$1048576"),MATCH($B30,INDIRECT($I30&"!$A:$A"),),MATCH(Q$2,INDIRECT($I30&"!$1:$1"),)) -> Real | R30: =INDEX(INDIRECT($I30&"!$1:$1048576"),MATCH($B30,INDIRECT($I30&"!$A:$A"),),MATCH(R$2,INDIRECT($I30&"!$1:$1"),)) -> 16683201 | S30: =INDEX(INDIRECT($I30&"!$1:$1048576"),MATCH($B30,INDIRECT($I30&"!$A:$A"),),MATCH(S$2,INDIRECT($I30&"!$1:$1"),)) -> 16681945 | T30: =INDEX(INDIRECT($I30&"!$1:$1048576"),MATCH($B30,INDIRECT($I30&"!$A:$A"),),MATCH(T$2,INDIRECT($I30&"!$1:$1"),)) -> 16681945 | V30: =INDEX(INDIRECT($I30&"!$1:$1048576"),MATCH($B30,INDIRECT($I30&"!$A:$A"),),MATCH(V$2,INDIRECT($I30&"!$1:$1"),)) -> SIM | W30: =INDEX(INDIRECT($I30&"!$1:$1048576"),MATCH($B30,INDIRECT($I30&"!$A:$A"),),MATCH(W$2,INDIRECT($I30&"!$1:$1"),)) -> 3 | X30: =INDEX(INDIRECT($I30&"!$1:$1048576"),MATCH($B30,INDIRECT($I30&"!$A:$A"),),MATCH(X$2,INDIRECT($I30&"!$1:$1"),)) -> Real | Y30: =INDEX(INDIRECT($I30&"!$1:$1048576"),MATCH($B30,INDIRECT($I30&"!$A:$A"),),MATCH(Y$2,INDIRECT($I30&"!$1:$1"),)) -> 22177887 | Z30: =INDEX(INDIRECT($I30&"!$1:$1048576"),MATCH($B30,INDIRECT($I30&"!$A:$A"),),MATCH(Z$2,INDIRECT($I30&"!$1:$1"),)) -> Não | AA30: =INDEX(INDIRECT($I30&"!$1:$1048576"),MATCH($B30,INDIRECT($I30&"!$A:$A"),),MATCH(AA$2,INDIRECT($I30&"!$1:$1"),)) -> Na planilha de controle criada na época só colocaram o valor na OSCN para atualização, existe saldo no QGC nas duas empresas OSBR e OSCN. | AB30: =IFERROR(INDEX(INDIRECT($I30&"!$1:$1048576"),MATCH($B30,INDIRECT($I30&"!$A:$A"),),MATCH(AB$2,INDIRECT($I30&"!$1:$1"),)),"") -> 0
B31: 702 | C31: Sim | D31: Classificado pela Meden | G31: =INDEX(INDIRECT($I31&"!$1:$1048576"),MATCH($B31,INDIRECT($I31&"!$A:$A"),),MATCH(G$2,INDIRECT($I31&"!$1:$1"),)) -> OSBR | I31: Partes_Relacionadas | J31: Partes Relacionadas | K31: PARTES RELACIONADAS | L31: =INDEX(INDIRECT($I31&"!$1:$1048576"),MATCH($B31,INDIRECT($I31&"!$A:$A"),),MATCH(L$2,INDIRECT($I31&"!$1:$1"),)) -> Six Soluções Inteligentes S.A. | M31: =INDEX(INDIRECT($I31&"!$1:$1048576"),MATCH($B31,INDIRECT($I31&"!$A:$A"),),MATCH(M$2,INDIRECT($I31&"!$1:$1"),)) -> 13.405.322/0001-62 | N31: =INDEX(INDIRECT($I31&"!$1:$1048576"),MATCH($B31,INDIRECT($I31&"!$A:$A"),),MATCH(N$2,INDIRECT($I31&"!$1:$1"),)) -> 21 2163-4687 | O31: =INDEX(INDIRECT($I31&"!$1:$1048576"),MATCH($B31,INDIRECT($I31&"!$A:$A"),),MATCH(O$2,INDIRECT($I31&"!$1:$1"),)) -> sirlene.pacheco@ebx.com.br | P31: =INDEX(INDIRECT($I31&"!$1:$1048576"),MATCH($B31,INDIRECT($I31&"!$A:$A"),),MATCH(P$2,INDIRECT($I31&"!$1:$1"),)) -> Praia do Flamengo 154 10º andar Flamengo 22210-030 Rio de Janeiro Rio de Janeiro RJ | Q31: =INDEX(INDIRECT($I31&"!$1:$1048576"),MATCH($B31,INDIRECT($I31&"!$A:$A"),),MATCH(Q$2,INDIRECT($I31&"!$1:$1"),)) -> Real | R31: =INDEX(INDIRECT($I31&"!$1:$1048576"),MATCH($B31,INDIRECT($I31&"!$A:$A"),),MATCH(R$2,INDIRECT($I31&"!$1:$1"),)) -> 15945183 | S31: =INDEX(INDIRECT($I31&"!$1:$1048576"),MATCH($B31,INDIRECT($I31&"!$A:$A"),),MATCH(S$2,INDIRECT($I31&"!$1:$1"),)) -> 15945183 | T31: =INDEX(INDIRECT($I31&"!$1:$1048576"),MATCH($B31,INDIRECT($I31&"!$A:$A"),),MATCH(T$2,INDIRECT($I31&"!$1:$1"),)) -> 15945183 | V31: =INDEX(INDIRECT($I31&"!$1:$1048576"),MATCH($B31,INDIRECT($I31&"!$A:$A"),),MATCH(V$2,INDIRECT($I31&"!$1:$1"),)) -> 0 | W31: =INDEX(INDIRECT($I31&"!$1:$1048576"),MATCH($B31,INDIRECT($I31&"!$A:$A"),),MATCH(W$2,INDIRECT($I31&"!$1:$1"),)) -> 0 | X31: =INDEX(INDIRECT($I31&"!$1:$1048576"),MATCH($B31,INDIRECT($I31&"!$A:$A"),),MATCH(X$2,INDIRECT($I31&"!$1:$1"),)) -> Real | Y31: =INDEX(INDIRECT($I31&"!$1:$1048576"),MATCH($B31,INDIRECT($I31&"!$A:$A"),),MATCH(Y$2,INDIRECT($I31&"!$1:$1"),)) -> 0 | Z31: =INDEX(INDIRECT($I31&"!$1:$1048576"),MATCH($B31,INDIRECT($I31&"!$A:$A"),),MATCH(Z$2,INDIRECT($I31&"!$1:$1"),)) -> 0 | AA31: =INDEX(INDIRECT($I31&"!$1:$1048576"),MATCH($B31,INDIRECT($I31&"!$A:$A"),),MATCH(AA$2,INDIRECT($I31&"!$1:$1"),)) -> 0 | AB31: =IFERROR(INDEX(INDIRECT($I31&"!$1:$1048576"),MATCH($B31,INDIRECT($I31&"!$A:$A"),),MATCH(AB$2,INDIRECT($I31&"!$1:$1"),)),"") -> 0
B32: 131 | C32: Sim | D32: Classificado plano Antigo | G32: =INDEX(INDIRECT($I32&"!$1:$1048576"),MATCH($B32,INDIRECT($I32&"!$A:$A"),),MATCH(G$2,INDIRECT($I32&"!$1:$1"),)) -> OSCN | I32: Fornecedores | J32: Quirografário | K32: CLASSE III | L32: =INDEX(INDIRECT($I32&"!$1:$1048576"),MATCH($B32,INDIRECT($I32&"!$A:$A"),),MATCH(L$2,INDIRECT($I32&"!$1:$1"),)) -> CMV CONSTRUCOES MECANICAS LTDA | M32: =INDEX(INDIRECT($I32&"!$1:$1048576"),MATCH($B32,INDIRECT($I32&"!$A:$A"),),MATCH(M$2,INDIRECT($I32&"!$1:$1"),)) -> 87175824000180 | N32: =INDEX(INDIRECT($I32&"!$1:$1048576"),MATCH($B32,INDIRECT($I32&"!$A:$A"),),MATCH(N$2,INDIRECT($I32&"!$1:$1"),)) -> 51 30416633 | O32: =INDEX(INDIRECT($I32&"!$1:$1048576"),MATCH($B32,INDIRECT($I32&"!$A:$A"),),MATCH(O$2,INDIRECT($I32&"!$1:$1"),)) -> luciana@cmv.com.br | P32: =INDEX(INDIRECT($I32&"!$1:$1048576"),MATCH($B32,INDIRECT($I32&"!$A:$A"),),MATCH(P$2,INDIRECT($I32&"!$1:$1"),)) -> Rua Manoel Feu Subtil 60 Sala 201 Enseada do Sua 29050400 Espirito Santo Vitoria BRASIL | Q32: =INDEX(INDIRECT($I32&"!$1:$1048576"),MATCH($B32,INDIRECT($I32&"!$A:$A"),),MATCH(Q$2,INDIRECT($I32&"!$1:$1"),)) -> Real | R32: =INDEX(INDIRECT($I32&"!$1:$1048576"),MATCH($B32,INDIRECT($I32&"!$A:$A"),),MATCH(R$2,INDIRECT($I32&"!$1:$1"),)) -> 15266313 | S32: =INDEX(INDIRECT($I32&"!$1:$1048576"),MATCH($B32,INDIRECT($I32&"!$A:$A"),),MATCH(S$2,INDIRECT($I32&"!$1:$1"),)) -> 15431737 | T32: =INDEX(INDIRECT($I32&"!$1:$1048576"),MATCH($B32,INDIRECT($I32&"!$A:$A"),),MATCH(T$2,INDIRECT($I32&"!$1:$1"),)) -> 15431737 | V32: =INDEX(INDIRECT($I32&"!$1:$1048576"),MATCH($B32,INDIRECT($I32&"!$A:$A"),),MATCH(V$2,INDIRECT($I32&"!$1:$1"),)) -> SIM | W32: =INDEX(INDIRECT($I32&"!$1:$1048576"),MATCH($B32,INDIRECT($I32&"!$A:$A"),),MATCH(W$2,INDIRECT($I32&"!$1:$1"),)) -> 3 | X32: =INDEX(INDIRECT($I32&"!$1:$1048576"),MATCH($B32,INDIRECT($I32&"!$A:$A"),),MATCH(X$2,INDIRECT($I32&"!$1:$1"),)) -> Real | Y32: =INDEX(INDIRECT($I32&"!$1:$1048576"),MATCH($B32,INDIRECT($I32&"!$A:$A"),),MATCH(Y$2,INDIRECT($I32&"!$1:$1"),)) -> 9277546.5 | Z32: =INDEX(INDIRECT($I32&"!$1:$1048576"),MATCH($B32,INDIRECT($I32&"!$A:$A"),),MATCH(Z$2,INDIRECT($I32&"!$1:$1"),)) -> Não | AA32: =INDEX(INDIRECT($I32&"!$1:$1048576"),MATCH($B32,INDIRECT($I32&"!$A:$A"),),MATCH(AA$2,INDIRECT($I32&"!$1:$1"),)) -> 0 | AB32: =IFERROR(INDEX(INDIRECT($I32&"!$1:$1048576"),MATCH($B32,INDIRECT($I32&"!$A:$A"),),MATCH(AB$2,INDIRECT($I32&"!$1:$1"),)),"") -> 0
B33: 601 | C33: Sim | D33: Classificado plano Antigo | F33: Telefone; Email; Endereço | G33: =INDEX(INDIRECT($I33&"!$1:$1048576"),MATCH($B33,INDIRECT($I33&"!$A:$A"),),MATCH(G$2,INDIRECT($I33&"!$1:$1"),)) -> OSCN | I33: Fornecedores | J33: Quirografário | K33: CLASSE III | L33: =INDEX(INDIRECT($I33&"!$1:$1048576"),MATCH($B33,INDIRECT($I33&"!$A:$A"),),MATCH(L$2,INDIRECT($I33&"!$1:$1"),)) -> TEKFEN CONSTRUCTION AND INSTALLATIO | M33: =INDEX(INDIRECT($I33&"!$1:$1048576"),MATCH($B33,INDIRECT($I33&"!$A:$A"),),MATCH(M$2,INDIRECT($I33&"!$1:$1"),)) -> estrangeira | N33: =INDEX(INDIRECT($I33&"!$1:$1048576"),MATCH($B33,INDIRECT($I33&"!$A:$A"),),MATCH(N$2,INDIRECT($I33&"!$1:$1"),)) -> não encontrado | O33: =INDEX(INDIRECT($I33&"!$1:$1048576"),MATCH($B33,INDIRECT($I33&"!$A:$A"),),MATCH(O$2,INDIRECT($I33&"!$1:$1"),)) -> não encontrado | P33: =INDEX(INDIRECT($I33&"!$1:$1048576"),MATCH($B33,INDIRECT($I33&"!$A:$A"),),MATCH(P$2,INDIRECT($I33&"!$1:$1"),)) -> não encontrado | Q33: =INDEX(INDIRECT($I33&"!$1:$1048576"),MATCH($B33,INDIRECT($I33&"!$A:$A"),),MATCH(Q$2,INDIRECT($I33&"!$1:$1"),)) -> Real | R33: =INDEX(INDIRECT($I33&"!$1:$1048576"),MATCH($B33,INDIRECT($I33&"!$A:$A"),),MATCH(R$2,INDIRECT($I33&"!$1:$1"),)) -> 14676553 | S33: =INDEX(INDIRECT($I33&"!$1:$1048576"),MATCH($B33,INDIRECT($I33&"!$A:$A"),),MATCH(S$2,INDIRECT($I33&"!$1:$1"),)) -> 14342893 | T33: =INDEX(INDIRECT($I33&"!$1:$1048576"),MATCH($B33,INDIRECT($I33&"!$A:$A"),),MATCH(T$2,INDIRECT($I33&"!$1:$1"),)) -> 14342893 | V33: =INDEX(INDIRECT($I33&"!$1:$1048576"),MATCH($B33,INDIRECT($I33&"!$A:$A"),),MATCH(V$2,INDIRECT($I33&"!$1:$1"),)) -> SIM | W33: =INDEX(INDIRECT($I33&"!$1:$1048576"),MATCH($B33,INDIRECT($I33&"!$A:$A"),),MATCH(W$2,INDIRECT($I33&"!$1:$1"),)) -> 3 | X33: =INDEX(INDIRECT($I33&"!$1:$1048576"),MATCH($B33,INDIRECT($I33&"!$A:$A"),),MATCH(X$2,INDIRECT($I33&"!$1:$1"),)) -> Real | Y33: =INDEX(INDIRECT($I33&"!$1:$1048576"),MATCH($B33,INDIRECT($I33&"!$A:$A"),),MATCH(Y$2,INDIRECT($I33&"!$1:$1"),)) -> 1782251.1 | Z33: =INDEX(INDIRECT($I33&"!$1:$1048576"),MATCH($B33,INDIRECT($I33&"!$A:$A"),),MATCH(Z$2,INDIRECT($I33&"!$1:$1"),)) -> Não | AA33: =INDEX(INDIRECT($I33&"!$1:$1048576"),MATCH($B33,INDIRECT($I33&"!$A:$A"),),MATCH(AA$2,INDIRECT($I33&"!$1:$1"),)) -> 0 | AB33: =IFERROR(INDEX(INDIRECT($I33&"!$1:$1048576"),MATCH($B33,INDIRECT($I33&"!$A:$A"),),MATCH(AB$2,INDIRECT($I33&"!$1:$1"),)),"") -> 0 | AC33: x
B34: 176 | C34: Sim | D34: Classificado plano Antigo | G34: =INDEX(INDIRECT($I34&"!$1:$1048576"),MATCH($B34,INDIRECT($I34&"!$A:$A"),),MATCH(G$2,INDIRECT($I34&"!$1:$1"),)) -> OSCN | I34: Fornecedores | J34: Quirografário | K34: CLASSE III | L34: =INDEX(INDIRECT($I34&"!$1:$1048576"),MATCH($B34,INDIRECT($I34&"!$A:$A"),),MATCH(L$2,INDIRECT($I34&"!$1:$1"),)) -> DEUGRO BRASIL TRANSPORTES NACIONAIS, INTERNACIONAIS E LOGISTICA LTDA. | M34: =INDEX(INDIRECT($I34&"!$1:$1048576"),MATCH($B34,INDIRECT($I34&"!$A:$A"),),MATCH(M$2,INDIRECT($I34&"!$1:$1"),)) -> 9303312000149 | N34: =INDEX(INDIRECT($I34&"!$1:$1048576"),MATCH($B34,INDIRECT($I34&"!$A:$A"),),MATCH(N$2,INDIRECT($I34&"!$1:$1"),)) -> 11 30741799 | O34: =INDEX(INDIRECT($I34&"!$1:$1048576"),MATCH($B34,INDIRECT($I34&"!$A:$A"),),MATCH(O$2,INDIRECT($I34&"!$1:$1"),)) -> mark.hollenstein@deugro.com | P34: =INDEX(INDIRECT($I34&"!$1:$1048576"),MATCH($B34,INDIRECT($I34&"!$A:$A"),),MATCH(P$2,INDIRECT($I34&"!$1:$1"),)) -> Rua Pedroso Alvarenga 1221 CJ 8B Itaim Bibi 04531-012 São Paulo Sao Paulo BRASIL | Q34: =INDEX(INDIRECT($I34&"!$1:$1048576"),MATCH($B34,INDIRECT($I34&"!$A:$A"),),MATCH(Q$2,INDIRECT($I34&"!$1:$1"),)) -> Real | R34: =INDEX(INDIRECT($I34&"!$1:$1048576"),MATCH($B34,INDIRECT($I34&"!$A:$A"),),MATCH(R$2,INDIRECT($I34&"!$1:$1"),)) -> 12757802 | S34: =INDEX(INDIRECT($I34&"!$1:$1048576"),MATCH($B34,INDIRECT($I34&"!$A:$A"),),MATCH(S$2,INDIRECT($I34&"!$1:$1"),)) -> 12896044 | T34: =INDEX(INDIRECT($I34&"!$1:$1048576"),MATCH($B34,INDIRECT($I34&"!$A:$A"),),MATCH(T$2,INDIRECT($I34&"!$1:$1"),)) -> 12896044 | V34: =INDEX(INDIRECT($I34&"!$1:$1048576"),MATCH($B34,INDIRECT($I34&"!$A:$A"),),MATCH(V$2,INDIRECT($I34&"!$1:$1"),)) -> SIM | W34: =INDEX(INDIRECT($I34&"!$1:$1048576"),MATCH($B34,INDIRECT($I34&"!$A:$A"),),MATCH(W$2,INDIRECT($I34&"!$1:$1"),)) -> 3 | X34: =INDEX(INDIRECT($I34&"!$1:$1048576"),MATCH($B34,INDIRECT($I34&"!$A:$A"),),MATCH(X$2,INDIRECT($I34&"!$1:$1"),)) -> Real | Y34: =INDEX(INDIRECT($I34&"!$1:$1048576"),MATCH($B34,INDIRECT($I34&"!$A:$A"),),MATCH(Y$2,INDIRECT($I34&"!$1:$1"),)) -> 7753089.7 | Z34: =INDEX(INDIRECT($I34&"!$1:$1048576"),MATCH($B34,INDIRECT($I34&"!$A:$A"),),MATCH(Z$2,INDIRECT($I34&"!$1:$1"),)) -> Não | AA34: =INDEX(INDIRECT($I34&"!$1:$1048576"),MATCH($B34,INDIRECT($I34&"!$A:$A"),),MATCH(AA$2,INDIRECT($I34&"!$1:$1"),)) -> 0 | AB34: =IFERROR(INDEX(INDIRECT($I34&"!$1:$1048576"),MATCH($B34,INDIRECT($I34&"!$A:$A"),),MATCH(AB$2,INDIRECT($I34&"!$1:$1"),)),"") -> 0
B35: 705 | C35: Sim | D35: Classificado pela Meden | G35: =INDEX(INDIRECT($I35&"!$1:$1048576"),MATCH($B35,INDIRECT($I35&"!$A:$A"),),MATCH(G$2,INDIRECT($I35&"!$1:$1"),)) -> OSBR | I35: Partes_Relacionadas | J35: Partes Relacionadas | K35: PARTES RELACIONADAS | L35: =INDEX(INDIRECT($I35&"!$1:$1048576"),MATCH($B35,INDIRECT($I35&"!$A:$A"),),MATCH(L$2,INDIRECT($I35&"!$1:$1"),)) -> EBX HOLDING LTDA | M35: =INDEX(INDIRECT($I35&"!$1:$1048576"),MATCH($B35,INDIRECT($I35&"!$A:$A"),),MATCH(M$2,INDIRECT($I35&"!$1:$1"),)) -> 12.334.551/0001-70 | N35: =INDEX(INDIRECT($I35&"!$1:$1048576"),MATCH($B35,INDIRECT($I35&"!$A:$A"),),MATCH(N$2,INDIRECT($I35&"!$1:$1"),)) -> 21 2163-4687 | O35: =INDEX(INDIRECT($I35&"!$1:$1048576"),MATCH($B35,INDIRECT($I35&"!$A:$A"),),MATCH(O$2,INDIRECT($I35&"!$1:$1"),)) -> sirlene.pacheco@ebx.com.br | P35: =INDEX(INDIRECT($I35&"!$1:$1048576"),MATCH($B35,INDIRECT($I35&"!$A:$A"),),MATCH(P$2,INDIRECT($I35&"!$1:$1"),)) -> Praia do Flamengo 154 10º andar Flamengo 22210-030 Rio de Janeiro Rio de Janeiro RJ | Q35: =INDEX(INDIRECT($I35&"!$1:$1048576"),MATCH($B35,INDIRECT($I35&"!$A:$A"),),MATCH(Q$2,INDIRECT($I35&"!$1:$1"),)) -> Real | R35: =INDEX(INDIRECT($I35&"!$1:$1048576"),MATCH($B35,INDIRECT($I35&"!$A:$A"),),MATCH(R$2,INDIRECT($I35&"!$1:$1"),)) -> 11132538 | S35: =INDEX(INDIRECT($I35&"!$1:$1048576"),MATCH($B35,INDIRECT($I35&"!$A:$A"),),MATCH(S$2,INDIRECT($I35&"!$1:$1"),)) -> 11132538 | T35: =INDEX(INDIRECT($I35&"!$1:$1048576"),MATCH($B35,INDIRECT($I35&"!$A:$A"),),MATCH(T$2,INDIRECT($I35&"!$1:$1"),)) -> 11132538 | V35: =INDEX(INDIRECT($I35&"!$1:$1048576"),MATCH($B35,INDIRECT($I35&"!$A:$A"),),MATCH(V$2,INDIRECT($I35&"!$1:$1"),)) -> 0 | W35: =INDEX(INDIRECT($I35&"!$1:$1048576"),MATCH($B35,INDIRECT($I35&"!$A:$A"),),MATCH(W$2,INDIRECT($I35&"!$1:$1"),)) -> 0 | X35: =INDEX(INDIRECT($I35&"!$1:$1048576"),MATCH($B35,INDIRECT($I35&"!$A:$A"),),MATCH(X$2,INDIRECT($I35&"!$1:$1"),)) -> Real | Y35: =INDEX(INDIRECT($I35&"!$1:$1048576"),MATCH($B35,INDIRECT($I35&"!$A:$A"),),MATCH(Y$2,INDIRECT($I35&"!$1:$1"),)) -> 0 | Z35: =INDEX(INDIRECT($I35&"!$1:$1048576"),MATCH($B35,INDIRECT($I35&"!$A:$A"),),MATCH(Z$2,INDIRECT($I35&"!$1:$1"),)) -> 0 | AA35: =INDEX(INDIRECT($I35&"!$1:$1048576"),MATCH($B35,INDIRECT($I35&"!$A:$A"),),MATCH(AA$2,INDIRECT($I35&"!$1:$1"),)) -> 0 | AB35: =IFERROR(INDEX(INDIRECT($I35&"!$1:$1048576"),MATCH($B35,INDIRECT($I35&"!$A:$A"),),MATCH(AB$2,INDIRECT($I35&"!$1:$1"),)),"") -> 0
B36: 288 | C36: Sim | D36: Classificado plano Antigo | F36: Telefone; Email | G36: =INDEX(INDIRECT($I36&"!$1:$1048576"),MATCH($B36,INDIRECT($I36&"!$A:$A"),),MATCH(G$2,INDIRECT($I36&"!$1:$1"),)) -> OSCN | I36: Fornecedores | J36: Quirografário | K36: CLASSE III | L36: =INDEX(INDIRECT($I36&"!$1:$1048576"),MATCH($B36,INDIRECT($I36&"!$A:$A"),),MATCH(L$2,INDIRECT($I36&"!$1:$1"),)) -> HYUNDAI HEAVY INDUSTRIES CO. LTD | M36: =INDEX(INDIRECT($I36&"!$1:$1048576"),MATCH($B36,INDIRECT($I36&"!$A:$A"),),MATCH(M$2,INDIRECT($I36&"!$1:$1"),)) -> estrangeira | N36: =INDEX(INDIRECT($I36&"!$1:$1048576"),MATCH($B36,INDIRECT($I36&"!$A:$A"),),MATCH(N$2,INDIRECT($I36&"!$1:$1"),)) -> não encontrado | O36: =INDEX(INDIRECT($I36&"!$1:$1048576"),MATCH($B36,INDIRECT($I36&"!$A:$A"),),MATCH(O$2,INDIRECT($I36&"!$1:$1"),)) -> não encontrado | P36: =INDEX(INDIRECT($I36&"!$1:$1048576"),MATCH($B36,INDIRECT($I36&"!$A:$A"),),MATCH(P$2,INDIRECT($I36&"!$1:$1"),)) -> I, Jeonha-Dong, Dong-Gu,Ulsan, Korea | Q36: =INDEX(INDIRECT($I36&"!$1:$1048576"),MATCH($B36,INDIRECT($I36&"!$A:$A"),),MATCH(Q$2,INDIRECT($I36&"!$1:$1"),)) -> Real | R36: =INDEX(INDIRECT($I36&"!$1:$1048576"),MATCH($B36,INDIRECT($I36&"!$A:$A"),),MATCH(R$2,INDIRECT($I36&"!$1:$1"),)) -> 10260002 | S36: =INDEX(INDIRECT($I36&"!$1:$1048576"),MATCH($B36,INDIRECT($I36&"!$A:$A"),),MATCH(S$2,INDIRECT($I36&"!$1:$1"),)) -> 10026749 | T36: =INDEX(INDIRECT($I36&"!$1:$1048576"),MATCH($B36,INDIRECT($I36&"!$A:$A"),),MATCH(T$2,INDIRECT($I36&"!$1:$1"),)) -> 10026749 | V36: =INDEX(INDIRECT($I36&"!$1:$1048576"),MATCH($B36,INDIRECT($I36&"!$A:$A"),),MATCH(V$2,INDIRECT($I36&"!$1:$1"),)) -> SIM | W36: =INDEX(INDIRECT($I36&"!$1:$1048576"),MATCH($B36,INDIRECT($I36&"!$A:$A"),),MATCH(W$2,INDIRECT($I36&"!$1:$1"),)) -> 3 | X36: =INDEX(INDIRECT($I36&"!$1:$1048576"),MATCH($B36,INDIRECT($I36&"!$A:$A"),),MATCH(X$2,INDIRECT($I36&"!$1:$1"),)) -> Real | Y36: =INDEX(INDIRECT($I36&"!$1:$1048576"),MATCH($B36,INDIRECT($I36&"!$A:$A"),),MATCH(Y$2,INDIRECT($I36&"!$1:$1"),)) -> 1245160.8 | Z36: =INDEX(INDIRECT($I36&"!$1:$1048576"),MATCH($B36,INDIRECT($I36&"!$A:$A"),),MATCH(Z$2,INDIRECT($I36&"!$1:$1"),)) -> Não | AA36: =INDEX(INDIRECT($I36&"!$1:$1048576"),MATCH($B36,INDIRECT($I36&"!$A:$A"),),MATCH(AA$2,INDIRECT($I36&"!$1:$1"),)) -> Sem saldo no SAP | AB36: =IFERROR(INDEX(INDIRECT($I36&"!$1:$1048576"),MATCH($B36,INDIRECT($I36&"!$A:$A"),),MATCH(AB$2,INDIRECT($I36&"!$1:$1"),)),"") -> 0 | AC36: x
B37: 342 | C37: Sim | D37: Classificado plano Antigo | G37: =INDEX(INDIRECT($I37&"!$1:$1048576"),MATCH($B37,INDIRECT($I37&"!$A:$A"),),MATCH(G$2,INDIRECT($I37&"!$1:$1"),)) -> OSCN | I37: Fornecedores | J37: Quirografário | K37: CLASSE III | L37: =INDEX(INDIRECT($I37&"!$1:$1048576"),MATCH($B37,INDIRECT($I37&"!$A:$A"),),MATCH(L$2,INDIRECT($I37&"!$1:$1"),)) -> KONECRANES TALHAS PONTES ROLANTES | M37: =INDEX(INDIRECT($I37&"!$1:$1048576"),MATCH($B37,INDIRECT($I37&"!$A:$A"),),MATCH(M$2,INDIRECT($I37&"!$1:$1"),)) -> 10.405.464/0001-31 | N37: =INDEX(INDIRECT($I37&"!$1:$1048576"),MATCH($B37,INDIRECT($I37&"!$A:$A"),),MATCH(N$2,INDIRECT($I37&"!$1:$1"),)) -> 11 2145-7800 | O37: =INDEX(INDIRECT($I37&"!$1:$1048576"),MATCH($B37,INDIRECT($I37&"!$A:$A"),),MATCH(O$2,INDIRECT($I37&"!$1:$1"),)) -> contato@konecranes.com | P37: =INDEX(INDIRECT($I37&"!$1:$1048576"),MATCH($B37,INDIRECT($I37&"!$A:$A"),),MATCH(P$2,INDIRECT($I37&"!$1:$1"),)) -> Rod Raposo Tavares KM 31 Jardim Dinorah 06703-030 São Paulo Cotia SP BRASIL | Q37: =INDEX(INDIRECT($I37&"!$1:$1048576"),MATCH($B37,INDIRECT($I37&"!$A:$A"),),MATCH(Q$2,INDIRECT($I37&"!$1:$1"),)) -> Real | R37: =INDEX(INDIRECT($I37&"!$1:$1048576"),MATCH($B37,INDIRECT($I37&"!$A:$A"),),MATCH(R$2,INDIRECT($I37&"!$1:$1"),)) -> 9593103 | S37: =INDEX(INDIRECT($I37&"!$1:$1048576"),MATCH($B37,INDIRECT($I37&"!$A:$A"),),MATCH(S$2,INDIRECT($I37&"!$1:$1"),)) -> 9697052.7 | T37: =INDEX(INDIRECT($I37&"!$1:$1048576"),MATCH($B37,INDIRECT($I37&"!$A:$A"),),MATCH(T$2,INDIRECT($I37&"!$1:$1"),)) -> 9697052.7 | V37: =INDEX(INDIRECT($I37&"!$1:$1048576"),MATCH($B37,INDIRECT($I37&"!$A:$A"),),MATCH(V$2,INDIRECT($I37&"!$1:$1"),)) -> SIM | W37: =INDEX(INDIRECT($I37&"!$1:$1048576"),MATCH($B37,INDIRECT($I37&"!$A:$A"),),MATCH(W$2,INDIRECT($I37&"!$1:$1"),)) -> 3 | X37: =INDEX(INDIRECT($I37&"!$1:$1048576"),MATCH($B37,INDIRECT($I37&"!$A:$A"),),MATCH(X$2,INDIRECT($I37&"!$1:$1"),)) -> Real | Y37: =INDEX(INDIRECT($I37&"!$1:$1048576"),MATCH($B37,INDIRECT($I37&"!$A:$A"),),MATCH(Y$2,INDIRECT($I37&"!$1:$1"),)) -> 5649474.5 | Z37: =INDEX(INDIRECT($I37&"!$1:$1048576"),MATCH($B37,INDIRECT($I37&"!$A:$A"),),MATCH(Z$2,INDIRECT($I37&"!$1:$1"),)) -> Não | AA37: =INDEX(INDIRECT($I37&"!$1:$1048576"),MATCH($B37,INDIRECT($I37&"!$A:$A"),),MATCH(AA$2,INDIRECT($I37&"!$1:$1"),)) -> ATENÇÃO - ESTÁ NA CONTABILIDADE DA OSCN MAS CONSTA NO QGC DA OSBR | AB37: =IFERROR(INDEX(INDIRECT($I37&"!$1:$1048576"),MATCH($B37,INDIRECT($I37&"!$A:$A"),),MATCH(AB$2,INDIRECT($I37&"!$1:$1"),)),"") -> 0
B38: 713 | C38: Sim | D38: Classificado pela Meden | G38: =INDEX(INDIRECT($I38&"!$1:$1048576"),MATCH($B38,INDIRECT($I38&"!$A:$A"),),MATCH(G$2,INDIRECT($I38&"!$1:$1"),)) -> OSSO | I38: Partes_Relacionadas | J38: Partes Relacionadas | K38: PARTES RELACIONADAS | L38: =INDEX(INDIRECT($I38&"!$1:$1048576"),MATCH($B38,INDIRECT($I38&"!$A:$A"),),MATCH(L$2,INDIRECT($I38&"!$1:$1"),)) -> OSX Brasil - Porto do Açu S.A. | M38: =INDEX(INDIRECT($I38&"!$1:$1048576"),MATCH($B38,INDIRECT($I38&"!$A:$A"),),MATCH(M$2,INDIRECT($I38&"!$1:$1"),)) -> 11.198.242/0001-58 | N38: =INDEX(INDIRECT($I38&"!$1:$1048576"),MATCH($B38,INDIRECT($I38&"!$A:$A"),),MATCH(N$2,INDIRECT($I38&"!$1:$1"),)) -> 21 3237-5200 | O38: =INDEX(INDIRECT($I38&"!$1:$1048576"),MATCH($B38,INDIRECT($I38&"!$A:$A"),),MATCH(O$2,INDIRECT($I38&"!$1:$1"),)) -> faturamento@osx.com.br | P38: =INDEX(INDIRECT($I38&"!$1:$1048576"),MATCH($B38,INDIRECT($I38&"!$A:$A"),),MATCH(P$2,INDIRECT($I38&"!$1:$1"),)) -> Rua Lauro Muller 116 Sala 2405 Botafogo 22290-160 Rio de Janeiro Rio de Janeiro RJ | Q38: =INDEX(INDIRECT($I38&"!$1:$1048576"),MATCH($B38,INDIRECT($I38&"!$A:$A"),),MATCH(Q$2,INDIRECT($I38&"!$1:$1"),)) -> Real | R38: =INDEX(INDIRECT($I38&"!$1:$1048576"),MATCH($B38,INDIRECT($I38&"!$A:$A"),),MATCH(R$2,INDIRECT($I38&"!$1:$1"),)) -> 10617102 | S38: =INDEX(INDIRECT($I38&"!$1:$1048576"),MATCH($B38,INDIRECT($I38&"!$A:$A"),),MATCH(S$2,INDIRECT($I38&"!$1:$1"),)) -> 9216588.7 | T38: =INDEX(INDIRECT($I38&"!$1:$1048576"),MATCH($B38,INDIRECT($I38&"!$A:$A"),),MATCH(T$2,INDIRECT($I38&"!$1:$1"),)) -> 9216588.7 | V38: =INDEX(INDIRECT($I38&"!$1:$1048576"),MATCH($B38,INDIRECT($I38&"!$A:$A"),),MATCH(V$2,INDIRECT($I38&"!$1:$1"),)) -> 1400513 | W38: =INDEX(INDIRECT($I38&"!$1:$1048576"),MATCH($B38,INDIRECT($I38&"!$A:$A"),),MATCH(W$2,INDIRECT($I38&"!$1:$1"),)) -> 0 | X38: =INDEX(INDIRECT($I38&"!$1:$1048576"),MATCH($B38,INDIRECT($I38&"!$A:$A"),),MATCH(X$2,INDIRECT($I38&"!$1:$1"),)) -> Real | Y38: =INDEX(INDIRECT($I38&"!$1:$1048576"),MATCH($B38,INDIRECT($I38&"!$A:$A"),),MATCH(Y$2,INDIRECT($I38&"!$1:$1"),)) -> 0 | Z38: =INDEX(INDIRECT($I38&"!$1:$1048576"),MATCH($B38,INDIRECT($I38&"!$A:$A"),),MATCH(Z$2,INDIRECT($I38&"!$1:$1"),)) -> 0 | AA38: =INDEX(INDIRECT($I38&"!$1:$1048576"),MATCH($B38,INDIRECT($I38&"!$A:$A"),),MATCH(AA$2,INDIRECT($I38&"!$1:$1"),)) -> 0 | AB38: =IFERROR(INDEX(INDIRECT($I38&"!$1:$1048576"),MATCH($B38,INDIRECT($I38&"!$A:$A"),),MATCH(AB$2,INDIRECT($I38&"!$1:$1"),)),"") -> 0
B39: 623 | C39: Sim | D39: Classificado plano Antigo | G39: =INDEX(INDIRECT($I39&"!$1:$1048576"),MATCH($B39,INDIRECT($I39&"!$A:$A"),),MATCH(G$2,INDIRECT($I39&"!$1:$1"),)) -> OSCN | I39: Fornecedores | J39: Quirografário | K39: CLASSE III | L39: =INDEX(INDIRECT($I39&"!$1:$1048576"),MATCH($B39,INDIRECT($I39&"!$A:$A"),),MATCH(L$2,INDIRECT($I39&"!$1:$1"),)) -> TRANSDATA TRANSPORTES LTDA | M39: =INDEX(INDIRECT($I39&"!$1:$1048576"),MATCH($B39,INDIRECT($I39&"!$A:$A"),),MATCH(M$2,INDIRECT($I39&"!$1:$1"),)) -> 43053081000109 | N39: =INDEX(INDIRECT($I39&"!$1:$1048576"),MATCH($B39,INDIRECT($I39&"!$A:$A"),),MATCH(N$2,INDIRECT($I39&"!$1:$1"),)) -> não encontrado | O39: =INDEX(INDIRECT($I39&"!$1:$1048576"),MATCH($B39,INDIRECT($I39&"!$A:$A"),),MATCH(O$2,INDIRECT($I39&"!$1:$1"),)) -> contato@transdata.com.br | P39: =INDEX(INDIRECT($I39&"!$1:$1048576"),MATCH($B39,INDIRECT($I39&"!$A:$A"),),MATCH(P$2,INDIRECT($I39&"!$1:$1"),)) -> Rua Augusto Severo 13 Centro 11010050 São Paulo Santos SP BRASIL | Q39: =INDEX(INDIRECT($I39&"!$1:$1048576"),MATCH($B39,INDIRECT($I39&"!$A:$A"),),MATCH(Q$2,INDIRECT($I39&"!$1:$1"),)) -> Real | R39: =INDEX(INDIRECT($I39&"!$1:$1048576"),MATCH($B39,INDIRECT($I39&"!$A:$A"),),MATCH(R$2,INDIRECT($I39&"!$1:$1"),)) -> 8370879.5 | S39: =INDEX(INDIRECT($I39&"!$1:$1048576"),MATCH($B39,INDIRECT($I39&"!$A:$A"),),MATCH(S$2,INDIRECT($I39&"!$1:$1"),)) -> 8461585.4 | T39: =INDEX(INDIRECT($I39&"!$1:$1048576"),MATCH($B39,INDIRECT($I39&"!$A:$A"),),MATCH(T$2,INDIRECT($I39&"!$1:$1"),)) -> 8461585.4 | V39: =INDEX(INDIRECT($I39&"!$1:$1048576"),MATCH($B39,INDIRECT($I39&"!$A:$A"),),MATCH(V$2,INDIRECT($I39&"!$1:$1"),)) -> SIM | W39: =INDEX(INDIRECT($I39&"!$1:$1048576"),MATCH($B39,INDIRECT($I39&"!$A:$A"),),MATCH(W$2,INDIRECT($I39&"!$1:$1"),)) -> 3 | X39: =INDEX(INDIRECT($I39&"!$1:$1048576"),MATCH($B39,INDIRECT($I39&"!$A:$A"),),MATCH(X$2,INDIRECT($I39&"!$1:$1"),)) -> Real | Y39: =INDEX(INDIRECT($I39&"!$1:$1048576"),MATCH($B39,INDIRECT($I39&"!$A:$A"),),MATCH(Y$2,INDIRECT($I39&"!$1:$1"),)) -> 5087097.4 | Z39: =INDEX(INDIRECT($I39&"!$1:$1048576"),MATCH($B39,INDIRECT($I39&"!$A:$A"),),MATCH(Z$2,INDIRECT($I39&"!$1:$1"),)) -> Não | AA39: =INDEX(INDIRECT($I39&"!$1:$1048576"),MATCH($B39,INDIRECT($I39&"!$A:$A"),),MATCH(AA$2,INDIRECT($I39&"!$1:$1"),)) -> 0 | AB39: =IFERROR(INDEX(INDIRECT($I39&"!$1:$1048576"),MATCH($B39,INDIRECT($I39&"!$A:$A"),),MATCH(AB$2,INDIRECT($I39&"!$1:$1"),)),"") -> 0
B40: 45 | C40: Sim | D40: Classificado plano Antigo | G40: =INDEX(INDIRECT($I40&"!$1:$1048576"),MATCH($B40,INDIRECT($I40&"!$A:$A"),),MATCH(G$2,INDIRECT($I40&"!$1:$1"),)) -> OSCN | I40: Fornecedores | J40: Quirografário | K40: CLASSE III | L40: =INDEX(INDIRECT($I40&"!$1:$1048576"),MATCH($B40,INDIRECT($I40&"!$A:$A"),),MATCH(L$2,INDIRECT($I40&"!$1:$1"),)) -> ALPHATEC S/A - EM RECUPERACAO JUDICIAL | M40: =INDEX(INDIRECT($I40&"!$1:$1048576"),MATCH($B40,INDIRECT($I40&"!$A:$A"),),MATCH(M$2,INDIRECT($I40&"!$1:$1"),)) -> 5928067000104 | N40: =INDEX(INDIRECT($I40&"!$1:$1048576"),MATCH($B40,INDIRECT($I40&"!$A:$A"),),MATCH(N$2,INDIRECT($I40&"!$1:$1"),)) -> 22 27730009 | O40: =INDEX(INDIRECT($I40&"!$1:$1048576"),MATCH($B40,INDIRECT($I40&"!$A:$A"),),MATCH(O$2,INDIRECT($I40&"!$1:$1"),)) -> romauro.matsuda@alphatec.ind.br | P40: =INDEX(INDIRECT($I40&"!$1:$1048576"),MATCH($B40,INDIRECT($I40&"!$A:$A"),),MATCH(P$2,INDIRECT($I40&"!$1:$1"),)) -> Av Brasil 141 Sala 603 Centro 28970000 Rio de Janeiro Araruama BRASIL | Q40: =INDEX(INDIRECT($I40&"!$1:$1048576"),MATCH($B40,INDIRECT($I40&"!$A:$A"),),MATCH(Q$2,INDIRECT($I40&"!$1:$1"),)) -> Real | R40: =INDEX(INDIRECT($I40&"!$1:$1048576"),MATCH($B40,INDIRECT($I40&"!$A:$A"),),MATCH(R$2,INDIRECT($I40&"!$1:$1"),)) -> 8022355.4 | S40: =INDEX(INDIRECT($I40&"!$1:$1048576"),MATCH($B40,INDIRECT($I40&"!$A:$A"),),MATCH(S$2,INDIRECT($I40&"!$1:$1"),)) -> 8109284.7 | T40: =INDEX(INDIRECT($I40&"!$1:$1048576"),MATCH($B40,INDIRECT($I40&"!$A:$A"),),MATCH(T$2,INDIRECT($I40&"!$1:$1"),)) -> 8109284.7 | V40: =INDEX(INDIRECT($I40&"!$1:$1048576"),MATCH($B40,INDIRECT($I40&"!$A:$A"),),MATCH(V$2,INDIRECT($I40&"!$1:$1"),)) -> SIM | W40: =INDEX(INDIRECT($I40&"!$1:$1048576"),MATCH($B40,INDIRECT($I40&"!$A:$A"),),MATCH(W$2,INDIRECT($I40&"!$1:$1"),)) -> 3 | X40: =INDEX(INDIRECT($I40&"!$1:$1048576"),MATCH($B40,INDIRECT($I40&"!$A:$A"),),MATCH(X$2,INDIRECT($I40&"!$1:$1"),)) -> Real | Y40: =INDEX(INDIRECT($I40&"!$1:$1048576"),MATCH($B40,INDIRECT($I40&"!$A:$A"),),MATCH(Y$2,INDIRECT($I40&"!$1:$1"),)) -> 4875294.6 | Z40: =INDEX(INDIRECT($I40&"!$1:$1048576"),MATCH($B40,INDIRECT($I40&"!$A:$A"),),MATCH(Z$2,INDIRECT($I40&"!$1:$1"),)) -> Não | AA40: =INDEX(INDIRECT($I40&"!$1:$1048576"),MATCH($B40,INDIRECT($I40&"!$A:$A"),),MATCH(AA$2,INDIRECT($I40&"!$1:$1"),)) -> 0 | AB40: =IFERROR(INDEX(INDIRECT($I40&"!$1:$1048576"),MATCH($B40,INDIRECT($I40&"!$A:$A"),),MATCH(AB$2,INDIRECT($I40&"!$1:$1"),)),"") -> 0
B41: 635 | C41: Sim | D41: Classificado plano Antigo | G41: =INDEX(INDIRECT($I41&"!$1:$1048576"),MATCH($B41,INDIRECT($I41&"!$A:$A"),),MATCH(G$2,INDIRECT($I41&"!$1:$1"),)) -> OSCN | I41: Fornecedores | J41: Quirografário | K41: CLASSE III | L41: =INDEX(INDIRECT($I41&"!$1:$1048576"),MATCH($B41,INDIRECT($I41&"!$A:$A"),),MATCH(L$2,INDIRECT($I41&"!$1:$1"),)) -> TRIUNFO LOGISTICA LTDA | M41: =INDEX(INDIRECT($I41&"!$1:$1048576"),MATCH($B41,INDIRECT($I41&"!$A:$A"),),MATCH(M$2,INDIRECT($I41&"!$1:$1"),)) -> 29355260000161 | N41: =INDEX(INDIRECT($I41&"!$1:$1048576"),MATCH($B41,INDIRECT($I41&"!$A:$A"),),MATCH(N$2,INDIRECT($I41&"!$1:$1"),)) -> 21 21788800 | O41: =INDEX(INDIRECT($I41&"!$1:$1048576"),MATCH($B41,INDIRECT($I41&"!$A:$A"),),MATCH(O$2,INDIRECT($I41&"!$1:$1"),)) -> comunicacao@triunfologistica.com.br | P41: =INDEX(INDIRECT($I41&"!$1:$1048576"),MATCH($B41,INDIRECT($I41&"!$A:$A"),),MATCH(P$2,INDIRECT($I41&"!$1:$1"),)) -> Rua Quintada 86 9o andar sala 901 Centro 20091005 Rio de Janeiro Rio de Janeiro RJ BRASIL | Q41: =INDEX(INDIRECT($I41&"!$1:$1048576"),MATCH($B41,INDIRECT($I41&"!$A:$A"),),MATCH(Q$2,INDIRECT($I41&"!$1:$1"),)) -> Real | R41: =INDEX(INDIRECT($I41&"!$1:$1048576"),MATCH($B41,INDIRECT($I41&"!$A:$A"),),MATCH(R$2,INDIRECT($I41&"!$1:$1"),)) -> 6334697 | S41: =INDEX(INDIRECT($I41&"!$1:$1048576"),MATCH($B41,INDIRECT($I41&"!$A:$A"),),MATCH(S$2,INDIRECT($I41&"!$1:$1"),)) -> 6403339 | T41: =INDEX(INDIRECT($I41&"!$1:$1048576"),MATCH($B41,INDIRECT($I41&"!$A:$A"),),MATCH(T$2,INDIRECT($I41&"!$1:$1"),)) -> 6403339 | V41: =INDEX(INDIRECT($I41&"!$1:$1048576"),MATCH($B41,INDIRECT($I41&"!$A:$A"),),MATCH(V$2,INDIRECT($I41&"!$1:$1"),)) -> SIM | W41: =INDEX(INDIRECT($I41&"!$1:$1048576"),MATCH($B41,INDIRECT($I41&"!$A:$A"),),MATCH(W$2,INDIRECT($I41&"!$1:$1"),)) -> 3 | X41: =INDEX(INDIRECT($I41&"!$1:$1048576"),MATCH($B41,INDIRECT($I41&"!$A:$A"),),MATCH(X$2,INDIRECT($I41&"!$1:$1"),)) -> Real | Y41: =INDEX(INDIRECT($I41&"!$1:$1048576"),MATCH($B41,INDIRECT($I41&"!$A:$A"),),MATCH(Y$2,INDIRECT($I41&"!$1:$1"),)) -> 3849681.6 | Z41: =INDEX(INDIRECT($I41&"!$1:$1048576"),MATCH($B41,INDIRECT($I41&"!$A:$A"),),MATCH(Z$2,INDIRECT($I41&"!$1:$1"),)) -> Não | AA41: =INDEX(INDIRECT($I41&"!$1:$1048576"),MATCH($B41,INDIRECT($I41&"!$A:$A"),),MATCH(AA$2,INDIRECT($I41&"!$1:$1"),)) -> 0 | AB41: =IFERROR(INDEX(INDIRECT($I41&"!$1:$1048576"),MATCH($B41,INDIRECT($I41&"!$A:$A"),),MATCH(AB$2,INDIRECT($I41&"!$1:$1"),)),"") -> 0
B42: 208 | C42: Sim | D42: Classificado plano Antigo | G42: =INDEX(INDIRECT($I42&"!$1:$1048576"),MATCH($B42,INDIRECT($I42&"!$A:$A"),),MATCH(G$2,INDIRECT($I42&"!$1:$1"),)) -> OSCN | I42: Fornecedores | J42: Quirografário | K42: CLASSE III | L42: =INDEX(INDIRECT($I42&"!$1:$1048576"),MATCH($B42,INDIRECT($I42&"!$A:$A"),),MATCH(L$2,INDIRECT($I42&"!$1:$1"),)) -> EPC ENGENHARIA PROJETOS CONSULTORIA SA. | M42: =INDEX(INDIRECT($I42&"!$1:$1048576"),MATCH($B42,INDIRECT($I42&"!$A:$A"),),MATCH(M$2,INDIRECT($I42&"!$1:$1"),)) -> 16593410000123 | N42: =INDEX(INDIRECT($I42&"!$1:$1048576"),MATCH($B42,INDIRECT($I42&"!$A:$A"),),MATCH(N$2,INDIRECT($I42&"!$1:$1"),)) -> 31 21225659 | O42: =INDEX(INDIRECT($I42&"!$1:$1048576"),MATCH($B42,INDIRECT($I42&"!$A:$A"),),MATCH(O$2,INDIRECT($I42&"!$1:$1"),)) -> mrporfirio@epc.com.br | P42: =INDEX(INDIRECT($I42&"!$1:$1048576"),MATCH($B42,INDIRECT($I42&"!$A:$A"),),MATCH(P$2,INDIRECT($I42&"!$1:$1"),)) -> Rua Da Quitanda 191 6o andar Centro 20091-005 Rio de Janeiro Rio de Janeiro BRASIL | Q42: =INDEX(INDIRECT($I42&"!$1:$1048576"),MATCH($B42,INDIRECT($I42&"!$A:$A"),),MATCH(Q$2,INDIRECT($I42&"!$1:$1"),)) -> Real | R42: =INDEX(INDIRECT($I42&"!$1:$1048576"),MATCH($B42,INDIRECT($I42&"!$A:$A"),),MATCH(R$2,INDIRECT($I42&"!$1:$1"),)) -> 6294380.2 | S42: =INDEX(INDIRECT($I42&"!$1:$1048576"),MATCH($B42,INDIRECT($I42&"!$A:$A"),),MATCH(S$2,INDIRECT($I42&"!$1:$1"),)) -> 6362585.3 | T42: =INDEX(INDIRECT($I42&"!$1:$1048576"),MATCH($B42,INDIRECT($I42&"!$A:$A"),),MATCH(T$2,INDIRECT($I42&"!$1:$1"),)) -> 6362585.3 | V42: =INDEX(INDIRECT($I42&"!$1:$1048576"),MATCH($B42,INDIRECT($I42&"!$A:$A"),),MATCH(V$2,INDIRECT($I42&"!$1:$1"),)) -> SIM | W42: =INDEX(INDIRECT($I42&"!$1:$1048576"),MATCH($B42,INDIRECT($I42&"!$A:$A"),),MATCH(W$2,INDIRECT($I42&"!$1:$1"),)) -> 3 | X42: =INDEX(INDIRECT($I42&"!$1:$1048576"),MATCH($B42,INDIRECT($I42&"!$A:$A"),),MATCH(X$2,INDIRECT($I42&"!$1:$1"),)) -> Real | Y42: =INDEX(INDIRECT($I42&"!$1:$1048576"),MATCH($B42,INDIRECT($I42&"!$A:$A"),),MATCH(Y$2,INDIRECT($I42&"!$1:$1"),)) -> 3825180.5 | Z42: =INDEX(INDIRECT($I42&"!$1:$1048576"),MATCH($B42,INDIRECT($I42&"!$A:$A"),),MATCH(Z$2,INDIRECT($I42&"!$1:$1"),)) -> Não | AA42: =INDEX(INDIRECT($I42&"!$1:$1048576"),MATCH($B42,INDIRECT($I42&"!$A:$A"),),MATCH(AA$2,INDIRECT($I42&"!$1:$1"),)) -> invalido | AB42: =IFERROR(INDEX(INDIRECT($I42&"!$1:$1048576"),MATCH($B42,INDIRECT($I42&"!$A:$A"),),MATCH(AB$2,INDIRECT($I42&"!$1:$1"),)),"") -> 0
B43: 697 | C43: Sim | D43: Classificado pela Meden | G43: =INDEX(INDIRECT($I43&"!$1:$1048576"),MATCH($B43,INDIRECT($I43&"!$A:$A"),),MATCH(G$2,INDIRECT($I43&"!$1:$1"),)) -> OSBR | I43: Partes_Relacionadas | J43: Partes Relacionadas | K43: PARTES RELACIONADAS | L43: =INDEX(INDIRECT($I43&"!$1:$1048576"),MATCH($B43,INDIRECT($I43&"!$A:$A"),),MATCH(L$2,INDIRECT($I43&"!$1:$1"),)) -> OSX Serviços Gerais Ltda | M43: =INDEX(INDIRECT($I43&"!$1:$1048576"),MATCH($B43,INDIRECT($I43&"!$A:$A"),),MATCH(M$2,INDIRECT($I43&"!$1:$1"),)) -> 13.434.844/0001-92 | N43: =INDEX(INDIRECT($I43&"!$1:$1048576"),MATCH($B43,INDIRECT($I43&"!$A:$A"),),MATCH(N$2,INDIRECT($I43&"!$1:$1"),)) -> 21 2555-6100 | O43: =INDEX(INDIRECT($I43&"!$1:$1048576"),MATCH($B43,INDIRECT($I43&"!$A:$A"),),MATCH(O$2,INDIRECT($I43&"!$1:$1"),)) -> faturamento@osx.com.br | P43: =INDEX(INDIRECT($I43&"!$1:$1048576"),MATCH($B43,INDIRECT($I43&"!$A:$A"),),MATCH(P$2,INDIRECT($I43&"!$1:$1"),)) -> Rua Lauro Muller 116 Sala 2405 Botafogo Rio de Janeiro Rio de Janeiro BRASIL | Q43: =INDEX(INDIRECT($I43&"!$1:$1048576"),MATCH($B43,INDIRECT($I43&"!$A:$A"),),MATCH(Q$2,INDIRECT($I43&"!$1:$1"),)) -> Real | R43: =INDEX(INDIRECT($I43&"!$1:$1048576"),MATCH($B43,INDIRECT($I43&"!$A:$A"),),MATCH(R$2,INDIRECT($I43&"!$1:$1"),)) -> 6200015.4 | S43: =INDEX(INDIRECT($I43&"!$1:$1048576"),MATCH($B43,INDIRECT($I43&"!$A:$A"),),MATCH(S$2,INDIRECT($I43&"!$1:$1"),)) -> 6276973 | T43: =INDEX(INDIRECT($I43&"!$1:$1048576"),MATCH($B43,INDIRECT($I43&"!$A:$A"),),MATCH(T$2,INDIRECT($I43&"!$1:$1"),)) -> 6276973 | V43: =INDEX(INDIRECT($I43&"!$1:$1048576"),MATCH($B43,INDIRECT($I43&"!$A:$A"),),MATCH(V$2,INDIRECT($I43&"!$1:$1"),)) -> -76957.58 | W43: =INDEX(INDIRECT($I43&"!$1:$1048576"),MATCH($B43,INDIRECT($I43&"!$A:$A"),),MATCH(W$2,INDIRECT($I43&"!$1:$1"),)) -> 0 | X43: =INDEX(INDIRECT($I43&"!$1:$1048576"),MATCH($B43,INDIRECT($I43&"!$A:$A"),),MATCH(X$2,INDIRECT($I43&"!$1:$1"),)) -> Real | Y43: =INDEX(INDIRECT($I43&"!$1:$1048576"),MATCH($B43,INDIRECT($I43&"!$A:$A"),),MATCH(Y$2,INDIRECT($I43&"!$1:$1"),)) -> 0 | Z43: =INDEX(INDIRECT($I43&"!$1:$1048576"),MATCH($B43,INDIRECT($I43&"!$A:$A"),),MATCH(Z$2,INDIRECT($I43&"!$1:$1"),)) -> 0 | AA43: =INDEX(INDIRECT($I43&"!$1:$1048576"),MATCH($B43,INDIRECT($I43&"!$A:$A"),),MATCH(AA$2,INDIRECT($I43&"!$1:$1"),)) -> 0 | AB43: =IFERROR(INDEX(INDIRECT($I43&"!$1:$1048576"),MATCH($B43,INDIRECT($I43&"!$A:$A"),),MATCH(AB$2,INDIRECT($I43&"!$1:$1"),)),"") -> 0
B44: 263 | C44: Sim | D44: Classificado plano Antigo | G44: =INDEX(INDIRECT($I44&"!$1:$1048576"),MATCH($B44,INDIRECT($I44&"!$A:$A"),),MATCH(G$2,INDIRECT($I44&"!$1:$1"),)) -> OSCN | I44: Fornecedores | J44: Quirografário | K44: CLASSE III | L44: =INDEX(INDIRECT($I44&"!$1:$1048576"),MATCH($B44,INDIRECT($I44&"!$A:$A"),),MATCH(L$2,INDIRECT($I44&"!$1:$1"),)) -> GENERAL ELECTRIC DO BRASIL LTDA | M44: =INDEX(INDIRECT($I44&"!$1:$1048576"),MATCH($B44,INDIRECT($I44&"!$A:$A"),),MATCH(M$2,INDIRECT($I44&"!$1:$1"),)) -> 33.482.241/0026-21 | N44: =INDEX(INDIRECT($I44&"!$1:$1048576"),MATCH($B44,INDIRECT($I44&"!$A:$A"),),MATCH(N$2,INDIRECT($I44&"!$1:$1"),)) -> 11 3067-8181 | O44: =INDEX(INDIRECT($I44&"!$1:$1048576"),MATCH($B44,INDIRECT($I44&"!$A:$A"),),MATCH(O$2,INDIRECT($I44&"!$1:$1"),)) -> taxcoe.clear@ge.com | P44: =INDEX(INDIRECT($I44&"!$1:$1048576"),MATCH($B44,INDIRECT($I44&"!$A:$A"),),MATCH(P$2,INDIRECT($I44&"!$1:$1"),)) -> Rua General David Sarnoff 4650 Cidade Industrial 32210-110 Contagem Contagem MG BRASIL | Q44: =INDEX(INDIRECT($I44&"!$1:$1048576"),MATCH($B44,INDIRECT($I44&"!$A:$A"),),MATCH(Q$2,INDIRECT($I44&"!$1:$1"),)) -> Real | R44: =INDEX(INDIRECT($I44&"!$1:$1048576"),MATCH($B44,INDIRECT($I44&"!$A:$A"),),MATCH(R$2,INDIRECT($I44&"!$1:$1"),)) -> 5094439.5 | S44: =INDEX(INDIRECT($I44&"!$1:$1048576"),MATCH($B44,INDIRECT($I44&"!$A:$A"),),MATCH(S$2,INDIRECT($I44&"!$1:$1"),)) -> 5149642.2 | T44: =INDEX(INDIRECT($I44&"!$1:$1048576"),MATCH($B44,INDIRECT($I44&"!$A:$A"),),MATCH(T$2,INDIRECT($I44&"!$1:$1"),)) -> 5149642.2 | V44: =INDEX(INDIRECT($I44&"!$1:$1048576"),MATCH($B44,INDIRECT($I44&"!$A:$A"),),MATCH(V$2,INDIRECT($I44&"!$1:$1"),)) -> SIM | W44: =INDEX(INDIRECT($I44&"!$1:$1048576"),MATCH($B44,INDIRECT($I44&"!$A:$A"),),MATCH(W$2,INDIRECT($I44&"!$1:$1"),)) -> 3 | X44: =INDEX(INDIRECT($I44&"!$1:$1048576"),MATCH($B44,INDIRECT($I44&"!$A:$A"),),MATCH(X$2,INDIRECT($I44&"!$1:$1"),)) -> Real | Y44: =INDEX(INDIRECT($I44&"!$1:$1048576"),MATCH($B44,INDIRECT($I44&"!$A:$A"),),MATCH(Y$2,INDIRECT($I44&"!$1:$1"),)) -> 3095960.2 | Z44: =INDEX(INDIRECT($I44&"!$1:$1048576"),MATCH($B44,INDIRECT($I44&"!$A:$A"),),MATCH(Z$2,INDIRECT($I44&"!$1:$1"),)) -> Não | AA44: =INDEX(INDIRECT($I44&"!$1:$1048576"),MATCH($B44,INDIRECT($I44&"!$A:$A"),),MATCH(AA$2,INDIRECT($I44&"!$1:$1"),)) -> 0 | AB44: =IFERROR(INDEX(INDIRECT($I44&"!$1:$1048576"),MATCH($B44,INDIRECT($I44&"!$A:$A"),),MATCH(AB$2,INDIRECT($I44&"!$1:$1"),)),"") -> 0
B45: 485 | C45: Sim | D45: Classificado plano Antigo | E45: Cliente recorrente | G45: =INDEX(INDIRECT($I45&"!$1:$1048576"),MATCH($B45,INDIRECT($I45&"!$A:$A"),),MATCH(G$2,INDIRECT($I45&"!$1:$1"),)) -> OSCN | I45: Fornecedores | J45: Quirografário | K45: CLASSE III | L45: =INDEX(INDIRECT($I45&"!$1:$1048576"),MATCH($B45,INDIRECT($I45&"!$A:$A"),),MATCH(L$2,INDIRECT($I45&"!$1:$1"),)) -> PLANAVE S.A. ESTUD E PROJETOS DE ENGENHARIA | M45: =INDEX(INDIRECT($I45&"!$1:$1048576"),MATCH($B45,INDIRECT($I45&"!$A:$A"),),MATCH(M$2,INDIRECT($I45&"!$1:$1"),)) -> 33953340000196 | N45: =INDEX(INDIRECT($I45&"!$1:$1048576"),MATCH($B45,INDIRECT($I45&"!$A:$A"),),MATCH(N$2,INDIRECT($I45&"!$1:$1"),)) -> 21 32328777 | O45: =INDEX(INDIRECT($I45&"!$1:$1048576"),MATCH($B45,INDIRECT($I45&"!$A:$A"),),MATCH(O$2,INDIRECT($I45&"!$1:$1"),)) -> planave@planave.com | P45: =INDEX(INDIRECT($I45&"!$1:$1048576"),MATCH($B45,INDIRECT($I45&"!$A:$A"),),MATCH(P$2,INDIRECT($I45&"!$1:$1"),)) -> Rua Porena 76 Ramos 21040140 Rio de Janeiro Rio de Janeiro RJ BRASIL | Q45: =INDEX(INDIRECT($I45&"!$1:$1048576"),MATCH($B45,INDIRECT($I45&"!$A:$A"),),MATCH(Q$2,INDIRECT($I45&"!$1:$1"),)) -> Real | R45: =INDEX(INDIRECT($I45&"!$1:$1048576"),MATCH($B45,INDIRECT($I45&"!$A:$A"),),MATCH(R$2,INDIRECT($I45&"!$1:$1"),)) -> 5101410.3 | S45: =INDEX(INDIRECT($I45&"!$1:$1048576"),MATCH($B45,INDIRECT($I45&"!$A:$A"),),MATCH(S$2,INDIRECT($I45&"!$1:$1"),)) -> 5131796.7 | T45: =INDEX(INDIRECT($I45&"!$1:$1048576"),MATCH($B45,INDIRECT($I45&"!$A:$A"),),MATCH(T$2,INDIRECT($I45&"!$1:$1"),)) -> 5131796.7 | V45: =INDEX(INDIRECT($I45&"!$1:$1048576"),MATCH($B45,INDIRECT($I45&"!$A:$A"),),MATCH(V$2,INDIRECT($I45&"!$1:$1"),)) -> SIM | W45: =INDEX(INDIRECT($I45&"!$1:$1048576"),MATCH($B45,INDIRECT($I45&"!$A:$A"),),MATCH(W$2,INDIRECT($I45&"!$1:$1"),)) -> 3 | X45: =INDEX(INDIRECT($I45&"!$1:$1048576"),MATCH($B45,INDIRECT($I45&"!$A:$A"),),MATCH(X$2,INDIRECT($I45&"!$1:$1"),)) -> Real | Y45: =INDEX(INDIRECT($I45&"!$1:$1048576"),MATCH($B45,INDIRECT($I45&"!$A:$A"),),MATCH(Y$2,INDIRECT($I45&"!$1:$1"),))-24625 -> 3060606.5 | Z45: =INDEX(INDIRECT($I45&"!$1:$1048576"),MATCH($B45,INDIRECT($I45&"!$A:$A"),),MATCH(Z$2,INDIRECT($I45&"!$1:$1"),)) -> Sim | AA45: =INDEX(INDIRECT($I45&"!$1:$1048576"),MATCH($B45,INDIRECT($I45&"!$A:$A"),),MATCH(AA$2,INDIRECT($I45&"!$1:$1"),)) -> Pagamento mensalmente | AB45: =IFERROR(INDEX(INDIRECT($I45&"!$1:$1048576"),MATCH($B45,INDIRECT($I45&"!$A:$A"),),MATCH(AB$2,INDIRECT($I45&"!$1:$1"),)),"") -> Saldo RJ e pós RJ (R$ 24.625,00 )
B46: 67 | C46: Sim | D46: Classificado plano Antigo | F46: Telefone; Email | G46: =INDEX(INDIRECT($I46&"!$1:$1048576"),MATCH($B46,INDIRECT($I46&"!$A:$A"),),MATCH(G$2,INDIRECT($I46&"!$1:$1"),)) -> OSCN | I46: Fornecedores | J46: Quirografário | K46: CLASSE III | L46: =INDEX(INDIRECT($I46&"!$1:$1048576"),MATCH($B46,INDIRECT($I46&"!$A:$A"),),MATCH(L$2,INDIRECT($I46&"!$1:$1"),)) -> ATLAS COPCO (WUXI) COMPRESSOR CO. | M46: =INDEX(INDIRECT($I46&"!$1:$1048576"),MATCH($B46,INDIRECT($I46&"!$A:$A"),),MATCH(M$2,INDIRECT($I46&"!$1:$1"),)) -> estrangeira | N46: =INDEX(INDIRECT($I46&"!$1:$1048576"),MATCH($B46,INDIRECT($I46&"!$A:$A"),),MATCH(N$2,INDIRECT($I46&"!$1:$1"),)) -> não encontrado | O46: =INDEX(INDIRECT($I46&"!$1:$1048576"),MATCH($B46,INDIRECT($I46&"!$A:$A"),),MATCH(O$2,INDIRECT($I46&"!$1:$1"),)) -> não encontrado | P46: =INDEX(INDIRECT($I46&"!$1:$1048576"),MATCH($B46,INDIRECT($I46&"!$A:$A"),),MATCH(P$2,INDIRECT($I46&"!$1:$1"),)) -> China, 22, Changjiang Road, Wuxi214028 | Q46: =INDEX(INDIRECT($I46&"!$1:$1048576"),MATCH($B46,INDIRECT($I46&"!$A:$A"),),MATCH(Q$2,INDIRECT($I46&"!$1:$1"),)) -> Real | R46: =INDEX(INDIRECT($I46&"!$1:$1048576"),MATCH($B46,INDIRECT($I46&"!$A:$A"),),MATCH(R$2,INDIRECT($I46&"!$1:$1"),)) -> 5096076.4 | S46: =INDEX(INDIRECT($I46&"!$1:$1048576"),MATCH($B46,INDIRECT($I46&"!$A:$A"),),MATCH(S$2,INDIRECT($I46&"!$1:$1"),)) -> 5118251.7 | T46: =INDEX(INDIRECT($I46&"!$1:$1048576"),MATCH($B46,INDIRECT($I46&"!$A:$A"),),MATCH(T$2,INDIRECT($I46&"!$1:$1"),)) -> 5118251.7 | V46: =INDEX(INDIRECT($I46&"!$1:$1048576"),MATCH($B46,INDIRECT($I46&"!$A:$A"),),MATCH(V$2,INDIRECT($I46&"!$1:$1"),)) -> SIM | W46: =INDEX(INDIRECT($I46&"!$1:$1048576"),MATCH($B46,INDIRECT($I46&"!$A:$A"),),MATCH(W$2,INDIRECT($I46&"!$1:$1"),)) -> 3 | X46: =INDEX(INDIRECT($I46&"!$1:$1048576"),MATCH($B46,INDIRECT($I46&"!$A:$A"),),MATCH(X$2,INDIRECT($I46&"!$1:$1"),)) -> Real | Y46: =INDEX(INDIRECT($I46&"!$1:$1048576"),MATCH($B46,INDIRECT($I46&"!$A:$A"),),MATCH(Y$2,INDIRECT($I46&"!$1:$1"),)) -> 4531001.1 | Z46: =INDEX(INDIRECT($I46&"!$1:$1048576"),MATCH($B46,INDIRECT($I46&"!$A:$A"),),MATCH(Z$2,INDIRECT($I46&"!$1:$1"),)) -> Não | AA46: =INDEX(INDIRECT($I46&"!$1:$1048576"),MATCH($B46,INDIRECT($I46&"!$A:$A"),),MATCH(AA$2,INDIRECT($I46&"!$1:$1"),)) -> 0 | AB46: =IFERROR(INDEX(INDIRECT($I46&"!$1:$1048576"),MATCH($B46,INDIRECT($I46&"!$A:$A"),),MATCH(AB$2,INDIRECT($I46&"!$1:$1"),)),"") -> 0 | AC46: x
B47: 689 | C47: Sim | F47: Telefone | G47: =INDEX(INDIRECT($I47&"!$1:$1048576"),MATCH($B47,INDIRECT($I47&"!$A:$A"),),MATCH(G$2,INDIRECT($I47&"!$1:$1"),)) -> OSCN | H47: X | I47: Debêntures | J47: Debenture | K47: CLASSE III | L47: =INDEX(INDIRECT($I47&"!$1:$1048576"),MATCH($B47,INDIRECT($I47&"!$A:$A"),),MATCH(L$2,INDIRECT($I47&"!$1:$1"),)) -> BANCO SANTANDER (BRASIL) S.A. | M47: =INDEX(INDIRECT($I47&"!$1:$1048576"),MATCH($B47,INDIRECT($I47&"!$A:$A"),),MATCH(M$2,INDIRECT($I47&"!$1:$1"),)) -> 90.400.888/0001-42 | N47: =INDEX(INDIRECT($I47&"!$1:$1048576"),MATCH($B47,INDIRECT($I47&"!$A:$A"),),MATCH(N$2,INDIRECT($I47&"!$1:$1"),)) -> 4004 3535 | O47: =INDEX(INDIRECT($I47&"!$1:$1048576"),MATCH($B47,INDIRECT($I47&"!$A:$A"),),MATCH(O$2,INDIRECT($I47&"!$1:$1"),)) -> arcastel@santander.com.br; andrepcosta@santander.com.br; andrepcosta@santander.com.br | P47: =INDEX(INDIRECT($I47&"!$1:$1048576"),MATCH($B47,INDIRECT($I47&"!$A:$A"),),MATCH(P$2,INDIRECT($I47&"!$1:$1"),)) -> AV PRES JUSCELINO KUBITSCHEK 2041 - SÃO PAULO/SP | Q47: =INDEX(INDIRECT($I47&"!$1:$1048576"),MATCH($B47,INDIRECT($I47&"!$A:$A"),),MATCH(Q$2,INDIRECT($I47&"!$1:$1"),)) -> Real | R47: =INDEX(INDIRECT($I47&"!$1:$1048576"),MATCH($B47,INDIRECT($I47&"!$A:$A"),),MATCH(R$2,INDIRECT($I47&"!$1:$1"),)) -> 4677368.5 | S47: =INDEX(INDIRECT($I47&"!$1:$1048576"),MATCH($B47,INDIRECT($I47&"!$A:$A"),),MATCH(S$2,INDIRECT($I47&"!$1:$1"),)) -> 4833226.9 | T47: =INDEX(INDIRECT($I47&"!$1:$1048576"),MATCH($B47,INDIRECT($I47&"!$A:$A"),),MATCH(T$2,INDIRECT($I47&"!$1:$1"),)) -> 4833226.9 | V47: =INDEX(INDIRECT($I47&"!$1:$1048576"),MATCH($B47,INDIRECT($I47&"!$A:$A"),),MATCH(V$2,INDIRECT($I47&"!$1:$1"),)) -> 0 | W47: =INDEX(INDIRECT($I47&"!$1:$1048576"),MATCH($B47,INDIRECT($I47&"!$A:$A"),),MATCH(W$2,INDIRECT($I47&"!$1:$1"),)) -> 0 | X47: =INDEX(INDIRECT($I47&"!$1:$1048576"),MATCH($B47,INDIRECT($I47&"!$A:$A"),),MATCH(X$2,INDIRECT($I47&"!$1:$1"),)) -> Real | Y47: =INDEX(INDIRECT($I47&"!$1:$1048576"),MATCH($B47,INDIRECT($I47&"!$A:$A"),),MATCH(Y$2,INDIRECT($I47&"!$1:$1"),)) -> 0 | Z47: =INDEX(INDIRECT($I47&"!$1:$1048576"),MATCH($B47,INDIRECT($I47&"!$A:$A"),),MATCH(Z$2,INDIRECT($I47&"!$1:$1"),)) -> 0 | AA47: =INDEX(INDIRECT($I47&"!$1:$1048576"),MATCH($B47,INDIRECT($I47&"!$A:$A"),),MATCH(AA$2,INDIRECT($I47&"!$1:$1"),)) -> 0 | AB47: =IFERROR(INDEX(INDIRECT($I47&"!$1:$1048576"),MATCH($B47,INDIRECT($I47&"!$A:$A"),),MATCH(AB$2,INDIRECT($I47&"!$1:$1"),)),"") -> 0
B48: 569 | C48: Sim | D48: Classificado plano Antigo | F48: Telefone; Email | G48: =INDEX(INDIRECT($I48&"!$1:$1048576"),MATCH($B48,INDIRECT($I48&"!$A:$A"),),MATCH(G$2,INDIRECT($I48&"!$1:$1"),)) -> OSCN | I48: Fornecedores | J48: Quirografário | K48: CLASSE III | L48: =INDEX(INDIRECT($I48&"!$1:$1048576"),MATCH($B48,INDIRECT($I48&"!$A:$A"),),MATCH(L$2,INDIRECT($I48&"!$1:$1"),)) -> SIMTECH CO LTD | M48: =INDEX(INDIRECT($I48&"!$1:$1048576"),MATCH($B48,INDIRECT($I48&"!$A:$A"),),MATCH(M$2,INDIRECT($I48&"!$1:$1"),)) -> estrangeira | N48: =INDEX(INDIRECT($I48&"!$1:$1048576"),MATCH($B48,INDIRECT($I48&"!$A:$A"),),MATCH(N$2,INDIRECT($I48&"!$1:$1"),)) -> não encontrado | O48: =INDEX(INDIRECT($I48&"!$1:$1048576"),MATCH($B48,INDIRECT($I48&"!$A:$A"),),MATCH(O$2,INDIRECT($I48&"!$1:$1"),)) -> não encontrado | P48: =INDEX(INDIRECT($I48&"!$1:$1048576"),MATCH($B48,INDIRECT($I48&"!$A:$A"),),MATCH(P$2,INDIRECT($I48&"!$1:$1"),)) -> Yangsan-City,Kyungnam,S,korea | Q48: =INDEX(INDIRECT($I48&"!$1:$1048576"),MATCH($B48,INDIRECT($I48&"!$A:$A"),),MATCH(Q$2,INDIRECT($I48&"!$1:$1"),)) -> Real | R48: =INDEX(INDIRECT($I48&"!$1:$1048576"),MATCH($B48,INDIRECT($I48&"!$A:$A"),),MATCH(R$2,INDIRECT($I48&"!$1:$1"),)) -> 4707599.1 | S48: =INDEX(INDIRECT($I48&"!$1:$1048576"),MATCH($B48,INDIRECT($I48&"!$A:$A"),),MATCH(S$2,INDIRECT($I48&"!$1:$1"),)) -> 4600575.7 | T48: =INDEX(INDIRECT($I48&"!$1:$1048576"),MATCH($B48,INDIRECT($I48&"!$A:$A"),),MATCH(T$2,INDIRECT($I48&"!$1:$1"),)) -> 4600575.7 | V48: =INDEX(INDIRECT($I48&"!$1:$1048576"),MATCH($B48,INDIRECT($I48&"!$A:$A"),),MATCH(V$2,INDIRECT($I48&"!$1:$1"),)) -> SIM | W48: =INDEX(INDIRECT($I48&"!$1:$1048576"),MATCH($B48,INDIRECT($I48&"!$A:$A"),),MATCH(W$2,INDIRECT($I48&"!$1:$1"),)) -> 3 | X48: =INDEX(INDIRECT($I48&"!$1:$1048576"),MATCH($B48,INDIRECT($I48&"!$A:$A"),),MATCH(X$2,INDIRECT($I48&"!$1:$1"),)) -> Real | Y48: =INDEX(INDIRECT($I48&"!$1:$1048576"),MATCH($B48,INDIRECT($I48&"!$A:$A"),),MATCH(Y$2,INDIRECT($I48&"!$1:$1"),)) -> 572412.08 | Z48: =INDEX(INDIRECT($I48&"!$1:$1048576"),MATCH($B48,INDIRECT($I48&"!$A:$A"),),MATCH(Z$2,INDIRECT($I48&"!$1:$1"),)) -> Não | AA48: =INDEX(INDIRECT($I48&"!$1:$1048576"),MATCH($B48,INDIRECT($I48&"!$A:$A"),),MATCH(AA$2,INDIRECT($I48&"!$1:$1"),)) -> 0 | AB48: =IFERROR(INDEX(INDIRECT($I48&"!$1:$1048576"),MATCH($B48,INDIRECT($I48&"!$A:$A"),),MATCH(AB$2,INDIRECT($I48&"!$1:$1"),)),"") -> 0 | AC48: x
B49: 709 | C49: Sim | D49: Classificado pela Meden | G49: =INDEX(INDIRECT($I49&"!$1:$1048576"),MATCH($B49,INDIRECT($I49&"!$A:$A"),),MATCH(G$2,INDIRECT($I49&"!$1:$1"),)) -> OSCN | I49: Partes_Relacionadas | J49: Partes Relacionadas | K49: PARTES RELACIONADAS | L49: =INDEX(INDIRECT($I49&"!$1:$1048576"),MATCH($B49,INDIRECT($I49&"!$A:$A"),),MATCH(L$2,INDIRECT($I49&"!$1:$1"),)) -> Integra OFFshore Ltda | M49: =INDEX(INDIRECT($I49&"!$1:$1048576"),MATCH($B49,INDIRECT($I49&"!$A:$A"),),MATCH(M$2,INDIRECT($I49&"!$1:$1"),)) -> 15.837.634/0002-51 | N49: =INDEX(INDIRECT($I49&"!$1:$1048576"),MATCH($B49,INDIRECT($I49&"!$A:$A"),),MATCH(N$2,INDIRECT($I49&"!$1:$1"),)) -> 21 3550-9150 | O49: =INDEX(INDIRECT($I49&"!$1:$1048576"),MATCH($B49,INDIRECT($I49&"!$A:$A"),),MATCH(O$2,INDIRECT($I49&"!$1:$1"),)) -> contato@mendesjunior.com | P49: =INDEX(INDIRECT($I49&"!$1:$1048576"),MATCH($B49,INDIRECT($I49&"!$A:$A"),),MATCH(P$2,INDIRECT($I49&"!$1:$1"),)) -> V 5 Projetada S/N Parte Lote A-12 Distrito Industrial 28200-000 Rio de Janeiro Sao Joao Da Barra RJ | Q49: =INDEX(INDIRECT($I49&"!$1:$1048576"),MATCH($B49,INDIRECT($I49&"!$A:$A"),),MATCH(Q$2,INDIRECT($I49&"!$1:$1"),)) -> Real | R49: =INDEX(INDIRECT($I49&"!$1:$1048576"),MATCH($B49,INDIRECT($I49&"!$A:$A"),),MATCH(R$2,INDIRECT($I49&"!$1:$1"),)) -> 4014073.7 | S49: =INDEX(INDIRECT($I49&"!$1:$1048576"),MATCH($B49,INDIRECT($I49&"!$A:$A"),),MATCH(S$2,INDIRECT($I49&"!$1:$1"),)) -> 4014073.7 | T49: =INDEX(INDIRECT($I49&"!$1:$1048576"),MATCH($B49,INDIRECT($I49&"!$A:$A"),),MATCH(T$2,INDIRECT($I49&"!$1:$1"),)) -> 4014073.7 | V49: =INDEX(INDIRECT($I49&"!$1:$1048576"),MATCH($B49,INDIRECT($I49&"!$A:$A"),),MATCH(V$2,INDIRECT($I49&"!$1:$1"),)) -> 0 | W49: =INDEX(INDIRECT($I49&"!$1:$1048576"),MATCH($B49,INDIRECT($I49&"!$A:$A"),),MATCH(W$2,INDIRECT($I49&"!$1:$1"),)) -> 0 | X49: =INDEX(INDIRECT($I49&"!$1:$1048576"),MATCH($B49,INDIRECT($I49&"!$A:$A"),),MATCH(X$2,INDIRECT($I49&"!$1:$1"),)) -> Real | Y49: =INDEX(INDIRECT($I49&"!$1:$1048576"),MATCH($B49,INDIRECT($I49&"!$A:$A"),),MATCH(Y$2,INDIRECT($I49&"!$1:$1"),)) -> 0 | Z49: =INDEX(INDIRECT($I49&"!$1:$1048576"),MATCH($B49,INDIRECT($I49&"!$A:$A"),),MATCH(Z$2,INDIRECT($I49&"!$1:$1"),)) -> 0 | AA49: =INDEX(INDIRECT($I49&"!$1:$1048576"),MATCH($B49,INDIRECT($I49&"!$A:$A"),),MATCH(AA$2,INDIRECT($I49&"!$1:$1"),)) -> A Intrega em uma reunião alegou que esse valor não é mais devido. | AB49: =IFERROR(INDEX(INDIRECT($I49&"!$1:$1048576"),MATCH($B49,INDIRECT($I49&"!$A:$A"),),MATCH(AB$2,INDIRECT($I49&"!$1:$1"),)),"") -> 0
B50: 712 | C50: Sim | D50: Classificado pela Meden | G50: =INDEX(INDIRECT($I50&"!$1:$1048576"),MATCH($B50,INDIRECT($I50&"!$A:$A"),),MATCH(G$2,INDIRECT($I50&"!$1:$1"),)) -> OSCN | I50: Partes_Relacionadas | J50: Partes Relacionadas | K50: PARTES RELACIONADAS | L50: =INDEX(INDIRECT($I50&"!$1:$1048576"),MATCH($B50,INDIRECT($I50&"!$A:$A"),),MATCH(L$2,INDIRECT($I50&"!$1:$1"),)) -> EBX HOLDING LTDA | M50: =INDEX(INDIRECT($I50&"!$1:$1048576"),MATCH($B50,INDIRECT($I50&"!$A:$A"),),MATCH(M$2,INDIRECT($I50&"!$1:$1"),)) -> 12.334.551/0001-70 | N50: =INDEX(INDIRECT($I50&"!$1:$1048576"),MATCH($B50,INDIRECT($I50&"!$A:$A"),),MATCH(N$2,INDIRECT($I50&"!$1:$1"),)) -> 21 2163-4687 | O50: =INDEX(INDIRECT($I50&"!$1:$1048576"),MATCH($B50,INDIRECT($I50&"!$A:$A"),),MATCH(O$2,INDIRECT($I50&"!$1:$1"),)) -> sirlene.pacheco@ebx.com.br | P50: =INDEX(INDIRECT($I50&"!$1:$1048576"),MATCH($B50,INDIRECT($I50&"!$A:$A"),),MATCH(P$2,INDIRECT($I50&"!$1:$1"),)) -> Praia do Flamengo 154 10º andar Flamengo 22210-030 Rio de Janeiro Rio de Janeiro RJ | Q50: =INDEX(INDIRECT($I50&"!$1:$1048576"),MATCH($B50,INDIRECT($I50&"!$A:$A"),),MATCH(Q$2,INDIRECT($I50&"!$1:$1"),)) -> Real | R50: =INDEX(INDIRECT($I50&"!$1:$1048576"),MATCH($B50,INDIRECT($I50&"!$A:$A"),),MATCH(R$2,INDIRECT($I50&"!$1:$1"),)) -> 3821825.2 | S50: =INDEX(INDIRECT($I50&"!$1:$1048576"),MATCH($B50,INDIRECT($I50&"!$A:$A"),),MATCH(S$2,INDIRECT($I50&"!$1:$1"),)) -> 3821825.2 | T50: =INDEX(INDIRECT($I50&"!$1:$1048576"),MATCH($B50,INDIRECT($I50&"!$A:$A"),),MATCH(T$2,INDIRECT($I50&"!$1:$1"),)) -> 3821825.2 | V50: =INDEX(INDIRECT($I50&"!$1:$1048576"),MATCH($B50,INDIRECT($I50&"!$A:$A"),),MATCH(V$2,INDIRECT($I50&"!$1:$1"),)) -> 0 | W50: =INDEX(INDIRECT($I50&"!$1:$1048576"),MATCH($B50,INDIRECT($I50&"!$A:$A"),),MATCH(W$2,INDIRECT($I50&"!$1:$1"),)) -> 0 | X50: =INDEX(INDIRECT($I50&"!$1:$1048576"),MATCH($B50,INDIRECT($I50&"!$A:$A"),),MATCH(X$2,INDIRECT($I50&"!$1:$1"),)) -> Real | Y50: =INDEX(INDIRECT($I50&"!$1:$1048576"),MATCH($B50,INDIRECT($I50&"!$A:$A"),),MATCH(Y$2,INDIRECT($I50&"!$1:$1"),)) -> 0 | Z50: =INDEX(INDIRECT($I50&"!$1:$1048576"),MATCH($B50,INDIRECT($I50&"!$A:$A"),),MATCH(Z$2,INDIRECT($I50&"!$1:$1"),)) -> 0 | AA50: =INDEX(INDIRECT($I50&"!$1:$1048576"),MATCH($B50,INDIRECT($I50&"!$A:$A"),),MATCH(AA$2,INDIRECT($I50&"!$1:$1"),)) -> 0 | AB50: =IFERROR(INDEX(INDIRECT($I50&"!$1:$1048576"),MATCH($B50,INDIRECT($I50&"!$A:$A"),),MATCH(AB$2,INDIRECT($I50&"!$1:$1"),)),"") -> 0
B51: 505 | C51: Sim | D51: Classificado plano Antigo | G51: =INDEX(INDIRECT($I51&"!$1:$1048576"),MATCH($B51,INDIRECT($I51&"!$A:$A"),),MATCH(G$2,INDIRECT($I51&"!$1:$1"),)) -> OSCN | I51: Fornecedores | J51: Quirografário | K51: CLASSE III | L51: =INDEX(INDIRECT($I51&"!$1:$1048576"),MATCH($B51,INDIRECT($I51&"!$A:$A"),),MATCH(L$2,INDIRECT($I51&"!$1:$1"),)) -> PROSEGUR BRASIL SA TRANSPORTADORA D | M51: =INDEX(INDIRECT($I51&"!$1:$1048576"),MATCH($B51,INDIRECT($I51&"!$A:$A"),),MATCH(M$2,INDIRECT($I51&"!$1:$1"),)) -> 17428731005447 | N51: =INDEX(INDIRECT($I51&"!$1:$1048576"),MATCH($B51,INDIRECT($I51&"!$A:$A"),),MATCH(N$2,INDIRECT($I51&"!$1:$1"),)) -> 21 21322250 | O51: =INDEX(INDIRECT($I51&"!$1:$1048576"),MATCH($B51,INDIRECT($I51&"!$A:$A"),),MATCH(O$2,INDIRECT($I51&"!$1:$1"),)) -> correspondenciafiscal@prosegur.com | P51: =INDEX(INDIRECT($I51&"!$1:$1048576"),MATCH($B51,INDIRECT($I51&"!$A:$A"),),MATCH(P$2,INDIRECT($I51&"!$1:$1"),)) -> Rua Faz Monte Libano Monte Libano 29300970 Espirito Santo Cachoeiro de Itapemirim ES BRASIL | Q51: =INDEX(INDIRECT($I51&"!$1:$1048576"),MATCH($B51,INDIRECT($I51&"!$A:$A"),),MATCH(Q$2,INDIRECT($I51&"!$1:$1"),)) -> Real | R51: =INDEX(INDIRECT($I51&"!$1:$1048576"),MATCH($B51,INDIRECT($I51&"!$A:$A"),),MATCH(R$2,INDIRECT($I51&"!$1:$1"),)) -> 3655456.5 | S51: =INDEX(INDIRECT($I51&"!$1:$1048576"),MATCH($B51,INDIRECT($I51&"!$A:$A"),),MATCH(S$2,INDIRECT($I51&"!$1:$1"),)) -> 3695066.6 | T51: =INDEX(INDIRECT($I51&"!$1:$1048576"),MATCH($B51,INDIRECT($I51&"!$A:$A"),),MATCH(T$2,INDIRECT($I51&"!$1:$1"),)) -> 3695066.6 | V51: =INDEX(INDIRECT($I51&"!$1:$1048576"),MATCH($B51,INDIRECT($I51&"!$A:$A"),),MATCH(V$2,INDIRECT($I51&"!$1:$1"),)) -> SIM | W51: =INDEX(INDIRECT($I51&"!$1:$1048576"),MATCH($B51,INDIRECT($I51&"!$A:$A"),),MATCH(W$2,INDIRECT($I51&"!$1:$1"),)) -> 3 | X51: =INDEX(INDIRECT($I51&"!$1:$1048576"),MATCH($B51,INDIRECT($I51&"!$A:$A"),),MATCH(X$2,INDIRECT($I51&"!$1:$1"),)) -> Real | Y51: =INDEX(INDIRECT($I51&"!$1:$1048576"),MATCH($B51,INDIRECT($I51&"!$A:$A"),),MATCH(Y$2,INDIRECT($I51&"!$1:$1"),)) -> 2221470.7 | Z51: =INDEX(INDIRECT($I51&"!$1:$1048576"),MATCH($B51,INDIRECT($I51&"!$A:$A"),),MATCH(Z$2,INDIRECT($I51&"!$1:$1"),)) -> Não | AA51: =INDEX(INDIRECT($I51&"!$1:$1048576"),MATCH($B51,INDIRECT($I51&"!$A:$A"),),MATCH(AA$2,INDIRECT($I51&"!$1:$1"),)) -> 0 | AB51: =IFERROR(INDEX(INDIRECT($I51&"!$1:$1048576"),MATCH($B51,INDIRECT($I51&"!$A:$A"),),MATCH(AB$2,INDIRECT($I51&"!$1:$1"),)),"") -> 0
B52: 170 | C52: Sim | D52: Classificado plano Antigo | E52: Cliente recorrente | G52: =INDEX(INDIRECT($I52&"!$1:$1048576"),MATCH($B52,INDIRECT($I52&"!$A:$A"),),MATCH(G$2,INDIRECT($I52&"!$1:$1"),)) -> OSCN | I52: Fornecedores | J52: Quirografário | K52: CLASSE III | L52: =INDEX(INDIRECT($I52&"!$1:$1048576"),MATCH($B52,INDIRECT($I52&"!$A:$A"),),MATCH(L$2,INDIRECT($I52&"!$1:$1"),)) -> DELL COMPUTADORES DO BRASIL LTDA | M52: =INDEX(INDIRECT($I52&"!$1:$1048576"),MATCH($B52,INDIRECT($I52&"!$A:$A"),),MATCH(M$2,INDIRECT($I52&"!$1:$1"),)) -> 72381189000625 | N52: =INDEX(INDIRECT($I52&"!$1:$1048576"),MATCH($B52,INDIRECT($I52&"!$A:$A"),),MATCH(N$2,INDIRECT($I52&"!$1:$1"),)) -> 19 21184000 | O52: =INDEX(INDIRECT($I52&"!$1:$1048576"),MATCH($B52,INDIRECT($I52&"!$A:$A"),),MATCH(O$2,INDIRECT($I52&"!$1:$1"),)) -> diogo_oliveira@dell.com | P52: =INDEX(INDIRECT($I52&"!$1:$1048576"),MATCH($B52,INDIRECT($I52&"!$A:$A"),),MATCH(P$2,INDIRECT($I52&"!$1:$1"),)) -> Av Da Emancipação 5000 Parque dos Pinheiros 13184-654 Hortolandia Hortolandia BRASIL | Q52: =INDEX(INDIRECT($I52&"!$1:$1048576"),MATCH($B52,INDIRECT($I52&"!$A:$A"),),MATCH(Q$2,INDIRECT($I52&"!$1:$1"),)) -> Real | R52: =INDEX(INDIRECT($I52&"!$1:$1048576"),MATCH($B52,INDIRECT($I52&"!$A:$A"),),MATCH(R$2,INDIRECT($I52&"!$1:$1"),)) -> 3430098 | S52: =INDEX(INDIRECT($I52&"!$1:$1048576"),MATCH($B52,INDIRECT($I52&"!$A:$A"),),MATCH(S$2,INDIRECT($I52&"!$1:$1"),)) -> 3467266.1 | T52: =INDEX(INDIRECT($I52&"!$1:$1048576"),MATCH($B52,INDIRECT($I52&"!$A:$A"),),MATCH(T$2,INDIRECT($I52&"!$1:$1"),)) -> 3467266.1 | V52: =INDEX(INDIRECT($I52&"!$1:$1048576"),MATCH($B52,INDIRECT($I52&"!$A:$A"),),MATCH(V$2,INDIRECT($I52&"!$1:$1"),)) -> SIM | W52: =INDEX(INDIRECT($I52&"!$1:$1048576"),MATCH($B52,INDIRECT($I52&"!$A:$A"),),MATCH(W$2,INDIRECT($I52&"!$1:$1"),)) -> 3 | X52: =INDEX(INDIRECT($I52&"!$1:$1048576"),MATCH($B52,INDIRECT($I52&"!$A:$A"),),MATCH(X$2,INDIRECT($I52&"!$1:$1"),)) -> Real | Y52: =INDEX(INDIRECT($I52&"!$1:$1048576"),MATCH($B52,INDIRECT($I52&"!$A:$A"),),MATCH(Y$2,INDIRECT($I52&"!$1:$1"),)) -> 2084517.2 | Z52: =INDEX(INDIRECT($I52&"!$1:$1048576"),MATCH($B52,INDIRECT($I52&"!$A:$A"),),MATCH(Z$2,INDIRECT($I52&"!$1:$1"),)) -> Sim | AA52: =INDEX(INDIRECT($I52&"!$1:$1048576"),MATCH($B52,INDIRECT($I52&"!$A:$A"),),MATCH(AA$2,INDIRECT($I52&"!$1:$1"),)) -> 0 | AB52: =IFERROR(INDEX(INDIRECT($I52&"!$1:$1048576"),MATCH($B52,INDIRECT($I52&"!$A:$A"),),MATCH(AB$2,INDIRECT($I52&"!$1:$1"),)),"") -> Saldo só RJ
B53: 442 | C53: Sim | D53: Classificado plano Antigo | G53: =INDEX(INDIRECT($I53&"!$1:$1048576"),MATCH($B53,INDIRECT($I53&"!$A:$A"),),MATCH(G$2,INDIRECT($I53&"!$1:$1"),)) -> OSCN | I53: Fornecedores | J53: Quirografário | K53: CLASSE III | L53: =INDEX(INDIRECT($I53&"!$1:$1048576"),MATCH($B53,INDIRECT($I53&"!$A:$A"),),MATCH(L$2,INDIRECT($I53&"!$1:$1"),)) -> NADIR MARIN NOGUEIRA TRANSPORTES | M53: =INDEX(INDIRECT($I53&"!$1:$1048576"),MATCH($B53,INDIRECT($I53&"!$A:$A"),),MATCH(M$2,INDIRECT($I53&"!$1:$1"),)) -> 11680988000101 | N53: =INDEX(INDIRECT($I53&"!$1:$1048576"),MATCH($B53,INDIRECT($I53&"!$A:$A"),),MATCH(N$2,INDIRECT($I53&"!$1:$1"),)) -> 19 34762401 | O53: =INDEX(INDIRECT($I53&"!$1:$1048576"),MATCH($B53,INDIRECT($I53&"!$A:$A"),),MATCH(O$2,INDIRECT($I53&"!$1:$1"),)) -> comercial@dalpoztransportes.com.br | P53: =INDEX(INDIRECT($I53&"!$1:$1048576"),MATCH($B53,INDIRECT($I53&"!$A:$A"),),MATCH(P$2,INDIRECT($I53&"!$1:$1"),)) -> Rua Eugenio Netto 714 Loja 01 Santa Lucia 29056240 Espirito Santo Vitoria ES BRASIL | Q53: =INDEX(INDIRECT($I53&"!$1:$1048576"),MATCH($B53,INDIRECT($I53&"!$A:$A"),),MATCH(Q$2,INDIRECT($I53&"!$1:$1"),)) -> Real | R53: =INDEX(INDIRECT($I53&"!$1:$1048576"),MATCH($B53,INDIRECT($I53&"!$A:$A"),),MATCH(R$2,INDIRECT($I53&"!$1:$1"),)) -> 3400582.5 | S53: =INDEX(INDIRECT($I53&"!$1:$1048576"),MATCH($B53,INDIRECT($I53&"!$A:$A"),),MATCH(S$2,INDIRECT($I53&"!$1:$1"),)) -> 3437430.8 | T53: =INDEX(INDIRECT($I53&"!$1:$1048576"),MATCH($B53,INDIRECT($I53&"!$A:$A"),),MATCH(T$2,INDIRECT($I53&"!$1:$1"),)) -> 3437430.8 | V53: =INDEX(INDIRECT($I53&"!$1:$1048576"),MATCH($B53,INDIRECT($I53&"!$A:$A"),),MATCH(V$2,INDIRECT($I53&"!$1:$1"),)) -> SIM | W53: =INDEX(INDIRECT($I53&"!$1:$1048576"),MATCH($B53,INDIRECT($I53&"!$A:$A"),),MATCH(W$2,INDIRECT($I53&"!$1:$1"),)) -> 3 | X53: =INDEX(INDIRECT($I53&"!$1:$1048576"),MATCH($B53,INDIRECT($I53&"!$A:$A"),),MATCH(X$2,INDIRECT($I53&"!$1:$1"),)) -> Real | Y53: =INDEX(INDIRECT($I53&"!$1:$1048576"),MATCH($B53,INDIRECT($I53&"!$A:$A"),),MATCH(Y$2,INDIRECT($I53&"!$1:$1"),)) -> 2066580.3 | Z53: =INDEX(INDIRECT($I53&"!$1:$1048576"),MATCH($B53,INDIRECT($I53&"!$A:$A"),),MATCH(Z$2,INDIRECT($I53&"!$1:$1"),)) -> Não | AA53: =INDEX(INDIRECT($I53&"!$1:$1048576"),MATCH($B53,INDIRECT($I53&"!$A:$A"),),MATCH(AA$2,INDIRECT($I53&"!$1:$1"),)) -> 0 | AB53: =IFERROR(INDEX(INDIRECT($I53&"!$1:$1048576"),MATCH($B53,INDIRECT($I53&"!$A:$A"),),MATCH(AB$2,INDIRECT($I53&"!$1:$1"),)),"") -> 0
B54: 392 | C54: Sim | D54: Classificado plano Antigo | G54: =INDEX(INDIRECT($I54&"!$1:$1048576"),MATCH($B54,INDIRECT($I54&"!$A:$A"),),MATCH(G$2,INDIRECT($I54&"!$1:$1"),)) -> OSCN | I54: Fornecedores | J54: Quirografário | K54: CLASSE III | L54: =INDEX(INDIRECT($I54&"!$1:$1048576"),MATCH($B54,INDIRECT($I54&"!$A:$A"),),MATCH(L$2,INDIRECT($I54&"!$1:$1"),)) -> MAPS TRANSPORTES LTDA | M54: =INDEX(INDIRECT($I54&"!$1:$1048576"),MATCH($B54,INDIRECT($I54&"!$A:$A"),),MATCH(M$2,INDIRECT($I54&"!$1:$1"),)) -> 4779384000143 | N54: =INDEX(INDIRECT($I54&"!$1:$1048576"),MATCH($B54,INDIRECT($I54&"!$A:$A"),),MATCH(N$2,INDIRECT($I54&"!$1:$1"),)) -> 51 84843351 | O54: =INDEX(INDIRECT($I54&"!$1:$1048576"),MATCH($B54,INDIRECT($I54&"!$A:$A"),),MATCH(O$2,INDIRECT($I54&"!$1:$1"),)) -> miguelarcanjosilva@gmail.com | P54: =INDEX(INDIRECT($I54&"!$1:$1048576"),MATCH($B54,INDIRECT($I54&"!$A:$A"),),MATCH(P$2,INDIRECT($I54&"!$1:$1"),)) -> Rod Regis Bittencourt Km 287 Jardim Itapecerica 6888700 São Paulo Itapecerica da Serra BRASIL | Q54: =INDEX(INDIRECT($I54&"!$1:$1048576"),MATCH($B54,INDIRECT($I54&"!$A:$A"),),MATCH(Q$2,INDIRECT($I54&"!$1:$1"),)) -> Real | R54: =INDEX(INDIRECT($I54&"!$1:$1048576"),MATCH($B54,INDIRECT($I54&"!$A:$A"),),MATCH(R$2,INDIRECT($I54&"!$1:$1"),)) -> 3399300.4 | S54: =INDEX(INDIRECT($I54&"!$1:$1048576"),MATCH($B54,INDIRECT($I54&"!$A:$A"),),MATCH(S$2,INDIRECT($I54&"!$1:$1"),)) -> 3436134.8 | T54: =INDEX(INDIRECT($I54&"!$1:$1048576"),MATCH($B54,INDIRECT($I54&"!$A:$A"),),MATCH(T$2,INDIRECT($I54&"!$1:$1"),)) -> 3436134.8 | V54: =INDEX(INDIRECT($I54&"!$1:$1048576"),MATCH($B54,INDIRECT($I54&"!$A:$A"),),MATCH(V$2,INDIRECT($I54&"!$1:$1"),)) -> SIM | W54: =INDEX(INDIRECT($I54&"!$1:$1048576"),MATCH($B54,INDIRECT($I54&"!$A:$A"),),MATCH(W$2,INDIRECT($I54&"!$1:$1"),)) -> 3 | X54: =INDEX(INDIRECT($I54&"!$1:$1048576"),MATCH($B54,INDIRECT($I54&"!$A:$A"),),MATCH(X$2,INDIRECT($I54&"!$1:$1"),)) -> Real | Y54: =INDEX(INDIRECT($I54&"!$1:$1048576"),MATCH($B54,INDIRECT($I54&"!$A:$A"),),MATCH(Y$2,INDIRECT($I54&"!$1:$1"),)) -> 2065801.1 | Z54: =INDEX(INDIRECT($I54&"!$1:$1048576"),MATCH($B54,INDIRECT($I54&"!$A:$A"),),MATCH(Z$2,INDIRECT($I54&"!$1:$1"),)) -> NÃO | AA54: =INDEX(INDIRECT($I54&"!$1:$1048576"),MATCH($B54,INDIRECT($I54&"!$A:$A"),),MATCH(AA$2,INDIRECT($I54&"!$1:$1"),)) -> 0 | AB54: =IFERROR(INDEX(INDIRECT($I54&"!$1:$1048576"),MATCH($B54,INDIRECT($I54&"!$A:$A"),),MATCH(AB$2,INDIRECT($I54&"!$1:$1"),)),"") -> 0
B55: 292 | C55: Sim | D55: Classificado plano Antigo | G55: =INDEX(INDIRECT($I55&"!$1:$1048576"),MATCH($B55,INDIRECT($I55&"!$A:$A"),),MATCH(G$2,INDIRECT($I55&"!$1:$1"),)) -> OSCN | I55: Fornecedores | J55: Quirografário | K55: CLASSE III | L55: =INDEX(INDIRECT($I55&"!$1:$1048576"),MATCH($B55,INDIRECT($I55&"!$A:$A"),),MATCH(L$2,INDIRECT($I55&"!$1:$1"),)) -> ICEC INDUSTRIA DE CONSTRUCAO LTDA | M55: =INDEX(INDIRECT($I55&"!$1:$1048576"),MATCH($B55,INDIRECT($I55&"!$A:$A"),),MATCH(M$2,INDIRECT($I55&"!$1:$1"),)) -> 49974918000120 | N55: =INDEX(INDIRECT($I55&"!$1:$1048576"),MATCH($B55,INDIRECT($I55&"!$A:$A"),),MATCH(N$2,INDIRECT($I55&"!$1:$1"),)) -> não encontrado | O55: =INDEX(INDIRECT($I55&"!$1:$1048576"),MATCH($B55,INDIRECT($I55&"!$A:$A"),),MATCH(O$2,INDIRECT($I55&"!$1:$1"),)) -> controladoria_fiscal@icec.com.br | P55: =INDEX(INDIRECT($I55&"!$1:$1048576"),MATCH($B55,INDIRECT($I55&"!$A:$A"),),MATCH(P$2,INDIRECT($I55&"!$1:$1"),)) -> Rua Conselheiro Jose Fernandes 1 Sala 301 Centro 28035231 Rio de Janeiro Campos dos Goytacazes BRASIL | Q55: =INDEX(INDIRECT($I55&"!$1:$1048576"),MATCH($B55,INDIRECT($I55&"!$A:$A"),),MATCH(Q$2,INDIRECT($I55&"!$1:$1"),)) -> Real | R55: =INDEX(INDIRECT($I55&"!$1:$1048576"),MATCH($B55,INDIRECT($I55&"!$A:$A"),),MATCH(R$2,INDIRECT($I55&"!$1:$1"),)) -> 3249337.6 | S55: =INDEX(INDIRECT($I55&"!$1:$1048576"),MATCH($B55,INDIRECT($I55&"!$A:$A"),),MATCH(S$2,INDIRECT($I55&"!$1:$1"),)) -> 3284547 | T55: =INDEX(INDIRECT($I55&"!$1:$1048576"),MATCH($B55,INDIRECT($I55&"!$A:$A"),),MATCH(T$2,INDIRECT($I55&"!$1:$1"),)) -> 3284547 | V55: =INDEX(INDIRECT($I55&"!$1:$1048576"),MATCH($B55,INDIRECT($I55&"!$A:$A"),),MATCH(V$2,INDIRECT($I55&"!$1:$1"),)) -> SIM | W55: =INDEX(INDIRECT($I55&"!$1:$1048576"),MATCH($B55,INDIRECT($I55&"!$A:$A"),),MATCH(W$2,INDIRECT($I55&"!$1:$1"),)) -> 3 | X55: =INDEX(INDIRECT($I55&"!$1:$1048576"),MATCH($B55,INDIRECT($I55&"!$A:$A"),),MATCH(X$2,INDIRECT($I55&"!$1:$1"),)) -> Real | Y55: =INDEX(INDIRECT($I55&"!$1:$1048576"),MATCH($B55,INDIRECT($I55&"!$A:$A"),),MATCH(Y$2,INDIRECT($I55&"!$1:$1"),)) -> 1974666.7 | Z55: =INDEX(INDIRECT($I55&"!$1:$1048576"),MATCH($B55,INDIRECT($I55&"!$A:$A"),),MATCH(Z$2,INDIRECT($I55&"!$1:$1"),)) -> Não | AA55: =INDEX(INDIRECT($I55&"!$1:$1048576"),MATCH($B55,INDIRECT($I55&"!$A:$A"),),MATCH(AA$2,INDIRECT($I55&"!$1:$1"),)) -> 0 | AB55: =IFERROR(INDEX(INDIRECT($I55&"!$1:$1048576"),MATCH($B55,INDIRECT($I55&"!$A:$A"),),MATCH(AB$2,INDIRECT($I55&"!$1:$1"),)),"") -> 0
B56: 230 | C56: Sim | D56: Classificado plano Antigo | G56: =INDEX(INDIRECT($I56&"!$1:$1048576"),MATCH($B56,INDIRECT($I56&"!$A:$A"),),MATCH(G$2,INDIRECT($I56&"!$1:$1"),)) -> OSCN | I56: Fornecedores | J56: Quirografário | K56: CLASSE III | L56: =INDEX(INDIRECT($I56&"!$1:$1048576"),MATCH($B56,INDIRECT($I56&"!$A:$A"),),MATCH(L$2,INDIRECT($I56&"!$1:$1"),)) -> INSTITUTO DE DESENVOLVIMENTO GERENC | M56: =INDEX(INDIRECT($I56&"!$1:$1048576"),MATCH($B56,INDIRECT($I56&"!$A:$A"),),MATCH(M$2,INDIRECT($I56&"!$1:$1"),)) -> 5485279000164 | N56: =INDEX(INDIRECT($I56&"!$1:$1048576"),MATCH($B56,INDIRECT($I56&"!$A:$A"),),MATCH(N$2,INDIRECT($I56&"!$1:$1"),)) -> 11 35126000 | O56: =INDEX(INDIRECT($I56&"!$1:$1048576"),MATCH($B56,INDIRECT($I56&"!$A:$A"),),MATCH(O$2,INDIRECT($I56&"!$1:$1"),)) -> falconi@falconi.com.br | P56: =INDEX(INDIRECT($I56&"!$1:$1048576"),MATCH($B56,INDIRECT($I56&"!$A:$A"),),MATCH(P$2,INDIRECT($I56&"!$1:$1"),)) -> Av Presidente Juscelino Kubitschek 1327 Conj 171 Vila Nova Conceição 4543011 São Paulo São Paulo BRASIL | Q56: =INDEX(INDIRECT($I56&"!$1:$1048576"),MATCH($B56,INDIRECT($I56&"!$A:$A"),),MATCH(Q$2,INDIRECT($I56&"!$1:$1"),)) -> Real | R56: =INDEX(INDIRECT($I56&"!$1:$1048576"),MATCH($B56,INDIRECT($I56&"!$A:$A"),),MATCH(R$2,INDIRECT($I56&"!$1:$1"),)) -> 3101592.5 | S56: =INDEX(INDIRECT($I56&"!$1:$1048576"),MATCH($B56,INDIRECT($I56&"!$A:$A"),),MATCH(S$2,INDIRECT($I56&"!$1:$1"),)) -> 3135201 | T56: =INDEX(INDIRECT($I56&"!$1:$1048576"),MATCH($B56,INDIRECT($I56&"!$A:$A"),),MATCH(T$2,INDIRECT($I56&"!$1:$1"),)) -> 3135201 | V56: =INDEX(INDIRECT($I56&"!$1:$1048576"),MATCH($B56,INDIRECT($I56&"!$A:$A"),),MATCH(V$2,INDIRECT($I56&"!$1:$1"),)) -> SIM | W56: =INDEX(INDIRECT($I56&"!$1:$1048576"),MATCH($B56,INDIRECT($I56&"!$A:$A"),),MATCH(W$2,INDIRECT($I56&"!$1:$1"),)) -> 3 | X56: =INDEX(INDIRECT($I56&"!$1:$1048576"),MATCH($B56,INDIRECT($I56&"!$A:$A"),),MATCH(X$2,INDIRECT($I56&"!$1:$1"),)) -> Real | Y56: =INDEX(INDIRECT($I56&"!$1:$1048576"),MATCH($B56,INDIRECT($I56&"!$A:$A"),),MATCH(Y$2,INDIRECT($I56&"!$1:$1"),)) -> 1884880 | Z56: =INDEX(INDIRECT($I56&"!$1:$1048576"),MATCH($B56,INDIRECT($I56&"!$A:$A"),),MATCH(Z$2,INDIRECT($I56&"!$1:$1"),)) -> 0 | AA56: =INDEX(INDIRECT($I56&"!$1:$1048576"),MATCH($B56,INDIRECT($I56&"!$A:$A"),),MATCH(AA$2,INDIRECT($I56&"!$1:$1"),)) -> 0 | AB56: =IFERROR(INDEX(INDIRECT($I56&"!$1:$1048576"),MATCH($B56,INDIRECT($I56&"!$A:$A"),),MATCH(AB$2,INDIRECT($I56&"!$1:$1"),)),"") -> 0
B57: 560 | C57: Sim | D57: Classificado plano Antigo | G57: =INDEX(INDIRECT($I57&"!$1:$1048576"),MATCH($B57,INDIRECT($I57&"!$A:$A"),),MATCH(G$2,INDIRECT($I57&"!$1:$1"),)) -> OSBR | I57: Fornecedores | J57: Quirografário | K57: CLASSE III | L57: =INDEX(INDIRECT($I57&"!$1:$1048576"),MATCH($B57,INDIRECT($I57&"!$A:$A"),),MATCH(L$2,INDIRECT($I57&"!$1:$1"),)) -> SERRADOR RIO EMPREENDIMENTOS E PART | M57: =INDEX(INDIRECT($I57&"!$1:$1048576"),MATCH($B57,INDIRECT($I57&"!$A:$A"),),MATCH(M$2,INDIRECT($I57&"!$1:$1"),)) -> 5076817000167 | N57: =INDEX(INDIRECT($I57&"!$1:$1048576"),MATCH($B57,INDIRECT($I57&"!$A:$A"),),MATCH(N$2,INDIRECT($I57&"!$1:$1"),)) -> 21 21955500 | O57: =INDEX(INDIRECT($I57&"!$1:$1048576"),MATCH($B57,INDIRECT($I57&"!$A:$A"),),MATCH(O$2,INDIRECT($I57&"!$1:$1"),)) -> fiscal@windsorhoteis.com.br | P57: =INDEX(INDIRECT($I57&"!$1:$1048576"),MATCH($B57,INDIRECT($I57&"!$A:$A"),),MATCH(P$2,INDIRECT($I57&"!$1:$1"),)) -> Rua Senador Dantas 14 Centro 20031203 Rio de Janeiro Rio de Janeiro RJ BRASIL | Q57: =INDEX(INDIRECT($I57&"!$1:$1048576"),MATCH($B57,INDIRECT($I57&"!$A:$A"),),MATCH(Q$2,INDIRECT($I57&"!$1:$1"),)) -> Real | R57: =INDEX(INDIRECT($I57&"!$1:$1048576"),MATCH($B57,INDIRECT($I57&"!$A:$A"),),MATCH(R$2,INDIRECT($I57&"!$1:$1"),)) -> 2977859.8 | S57: =INDEX(INDIRECT($I57&"!$1:$1048576"),MATCH($B57,INDIRECT($I57&"!$A:$A"),),MATCH(S$2,INDIRECT($I57&"!$1:$1"),)) -> 3010127.5 | T57: =INDEX(INDIRECT($I57&"!$1:$1048576"),MATCH($B57,INDIRECT($I57&"!$A:$A"),),MATCH(T$2,INDIRECT($I57&"!$1:$1"),)) -> 3010127.5 | V57: =INDEX(INDIRECT($I57&"!$1:$1048576"),MATCH($B57,INDIRECT($I57&"!$A:$A"),),MATCH(V$2,INDIRECT($I57&"!$1:$1"),)) -> SIM | W57: =INDEX(INDIRECT($I57&"!$1:$1048576"),MATCH($B57,INDIRECT($I57&"!$A:$A"),),MATCH(W$2,INDIRECT($I57&"!$1:$1"),)) -> 3 | X57: =INDEX(INDIRECT($I57&"!$1:$1048576"),MATCH($B57,INDIRECT($I57&"!$A:$A"),),MATCH(X$2,INDIRECT($I57&"!$1:$1"),)) -> Real | Y57: =INDEX(INDIRECT($I57&"!$1:$1048576"),MATCH($B57,INDIRECT($I57&"!$A:$A"),),MATCH(Y$2,INDIRECT($I57&"!$1:$1"),)) -> 1809685.9 | Z57: =INDEX(INDIRECT($I57&"!$1:$1048576"),MATCH($B57,INDIRECT($I57&"!$A:$A"),),MATCH(Z$2,INDIRECT($I57&"!$1:$1"),)) -> Não | AA57: =INDEX(INDIRECT($I57&"!$1:$1048576"),MATCH($B57,INDIRECT($I57&"!$A:$A"),),MATCH(AA$2,INDIRECT($I57&"!$1:$1"),)) -> 0 | AB57: =IFERROR(INDEX(INDIRECT($I57&"!$1:$1048576"),MATCH($B57,INDIRECT($I57&"!$A:$A"),),MATCH(AB$2,INDIRECT($I57&"!$1:$1"),)),"") -> 0
B58: 620 | C58: Sim | D58: Classificado plano Antigo | G58: =INDEX(INDIRECT($I58&"!$1:$1048576"),MATCH($B58,INDIRECT($I58&"!$A:$A"),),MATCH(G$2,INDIRECT($I58&"!$1:$1"),)) -> OSCN | I58: Fornecedores | J58: Quirografário | K58: CLASSE III | L58: =INDEX(INDIRECT($I58&"!$1:$1048576"),MATCH($B58,INDIRECT($I58&"!$A:$A"),),MATCH(L$2,INDIRECT($I58&"!$1:$1"),)) -> TRACOMAL TERRAPLENAGEM E CONSTRUCOE | M58: =INDEX(INDIRECT($I58&"!$1:$1048576"),MATCH($B58,INDIRECT($I58&"!$A:$A"),),MATCH(M$2,INDIRECT($I58&"!$1:$1"),)) -> 27143007000895 | N58: =INDEX(INDIRECT($I58&"!$1:$1048576"),MATCH($B58,INDIRECT($I58&"!$A:$A"),),MATCH(N$2,INDIRECT($I58&"!$1:$1"),)) -> 27 33486940 | O58: =INDEX(INDIRECT($I58&"!$1:$1048576"),MATCH($B58,INDIRECT($I58&"!$A:$A"),),MATCH(O$2,INDIRECT($I58&"!$1:$1"),)) -> contabil@tracomal.com.br | P58: =INDEX(INDIRECT($I58&"!$1:$1048576"),MATCH($B58,INDIRECT($I58&"!$A:$A"),),MATCH(P$2,INDIRECT($I58&"!$1:$1"),)) -> Av Vinte e Oito de Março 13 Loja 55 Centro 28020740 Rio de Janeiro Campos dos Goytacazes RJ BRASIL | Q58: =INDEX(INDIRECT($I58&"!$1:$1048576"),MATCH($B58,INDIRECT($I58&"!$A:$A"),),MATCH(Q$2,INDIRECT($I58&"!$1:$1"),)) -> Real | R58: =INDEX(INDIRECT($I58&"!$1:$1048576"),MATCH($B58,INDIRECT($I58&"!$A:$A"),),MATCH(R$2,INDIRECT($I58&"!$1:$1"),)) -> 2891493.4 | S58: =INDEX(INDIRECT($I58&"!$1:$1048576"),MATCH($B58,INDIRECT($I58&"!$A:$A"),),MATCH(S$2,INDIRECT($I58&"!$1:$1"),)) -> 2922825.3 | T58: =INDEX(INDIRECT($I58&"!$1:$1048576"),MATCH($B58,INDIRECT($I58&"!$A:$A"),),MATCH(T$2,INDIRECT($I58&"!$1:$1"),)) -> 2922825.3 | V58: =INDEX(INDIRECT($I58&"!$1:$1048576"),MATCH($B58,INDIRECT($I58&"!$A:$A"),),MATCH(V$2,INDIRECT($I58&"!$1:$1"),)) -> SIM | W58: =INDEX(INDIRECT($I58&"!$1:$1048576"),MATCH($B58,INDIRECT($I58&"!$A:$A"),),MATCH(W$2,INDIRECT($I58&"!$1:$1"),)) -> 3 | X58: =INDEX(INDIRECT($I58&"!$1:$1048576"),MATCH($B58,INDIRECT($I58&"!$A:$A"),),MATCH(X$2,INDIRECT($I58&"!$1:$1"),)) -> Real | Y58: =INDEX(INDIRECT($I58&"!$1:$1048576"),MATCH($B58,INDIRECT($I58&"!$A:$A"),),MATCH(Y$2,INDIRECT($I58&"!$1:$1"),)) -> 1757199.9 | Z58: =INDEX(INDIRECT($I58&"!$1:$1048576"),MATCH($B58,INDIRECT($I58&"!$A:$A"),),MATCH(Z$2,INDIRECT($I58&"!$1:$1"),)) -> Não | AA58: =INDEX(INDIRECT($I58&"!$1:$1048576"),MATCH($B58,INDIRECT($I58&"!$A:$A"),),MATCH(AA$2,INDIRECT($I58&"!$1:$1"),)) -> 0 | AB58: =IFERROR(INDEX(INDIRECT($I58&"!$1:$1048576"),MATCH($B58,INDIRECT($I58&"!$A:$A"),),MATCH(AB$2,INDIRECT($I58&"!$1:$1"),)),"") -> 0
B59: 262 | C59: Sim | D59: Classificado plano Antigo | G59: =INDEX(INDIRECT($I59&"!$1:$1048576"),MATCH($B59,INDIRECT($I59&"!$A:$A"),),MATCH(G$2,INDIRECT($I59&"!$1:$1"),)) -> OSCN | I59: Fornecedores | J59: Quirografário | K59: CLASSE III | L59: =INDEX(INDIRECT($I59&"!$1:$1048576"),MATCH($B59,INDIRECT($I59&"!$A:$A"),),MATCH(L$2,INDIRECT($I59&"!$1:$1"),)) -> GE ENERGY POWER CONVERSION BRASIL LTDA | M59: =INDEX(INDIRECT($I59&"!$1:$1048576"),MATCH($B59,INDIRECT($I59&"!$A:$A"),),MATCH(M$2,INDIRECT($I59&"!$1:$1"),)) -> 07.608.927/0001-58 | N59: =INDEX(INDIRECT($I59&"!$1:$1048576"),MATCH($B59,INDIRECT($I59&"!$A:$A"),),MATCH(N$2,INDIRECT($I59&"!$1:$1"),)) -> 31 3268-2900 | O59: =INDEX(INDIRECT($I59&"!$1:$1048576"),MATCH($B59,INDIRECT($I59&"!$A:$A"),),MATCH(O$2,INDIRECT($I59&"!$1:$1"),)) -> pc.tax@ge.com | P59: =INDEX(INDIRECT($I59&"!$1:$1048576"),MATCH($B59,INDIRECT($I59&"!$A:$A"),),MATCH(P$2,INDIRECT($I59&"!$1:$1"),)) -> Av Dos Andradas 3000 Andar 8 e 9 sala 101 Santa Efigenia 30260-070 Belo Horizonte Belo Horizonte MG BRASIL | Q59: =INDEX(INDIRECT($I59&"!$1:$1048576"),MATCH($B59,INDIRECT($I59&"!$A:$A"),),MATCH(Q$2,INDIRECT($I59&"!$1:$1"),)) -> Real | R59: =INDEX(INDIRECT($I59&"!$1:$1048576"),MATCH($B59,INDIRECT($I59&"!$A:$A"),),MATCH(R$2,INDIRECT($I59&"!$1:$1"),)) -> 2865622.2 | S59: =INDEX(INDIRECT($I59&"!$1:$1048576"),MATCH($B59,INDIRECT($I59&"!$A:$A"),),MATCH(S$2,INDIRECT($I59&"!$1:$1"),)) -> 2896673.8 | T59: =INDEX(INDIRECT($I59&"!$1:$1048576"),MATCH($B59,INDIRECT($I59&"!$A:$A"),),MATCH(T$2,INDIRECT($I59&"!$1:$1"),)) -> 2896673.8 | V59: =INDEX(INDIRECT($I59&"!$1:$1048576"),MATCH($B59,INDIRECT($I59&"!$A:$A"),),MATCH(V$2,INDIRECT($I59&"!$1:$1"),)) -> SIM | W59: =INDEX(INDIRECT($I59&"!$1:$1048576"),MATCH($B59,INDIRECT($I59&"!$A:$A"),),MATCH(W$2,INDIRECT($I59&"!$1:$1"),)) -> 3 | X59: =INDEX(INDIRECT($I59&"!$1:$1048576"),MATCH($B59,INDIRECT($I59&"!$A:$A"),),MATCH(X$2,INDIRECT($I59&"!$1:$1"),)) -> Real | Y59: =INDEX(INDIRECT($I59&"!$1:$1048576"),MATCH($B59,INDIRECT($I59&"!$A:$A"),),MATCH(Y$2,INDIRECT($I59&"!$1:$1"),)) -> 1741477.6 | Z59: =INDEX(INDIRECT($I59&"!$1:$1048576"),MATCH($B59,INDIRECT($I59&"!$A:$A"),),MATCH(Z$2,INDIRECT($I59&"!$1:$1"),)) -> Não | AA59: =INDEX(INDIRECT($I59&"!$1:$1048576"),MATCH($B59,INDIRECT($I59&"!$A:$A"),),MATCH(AA$2,INDIRECT($I59&"!$1:$1"),)) -> 0 | AB59: =IFERROR(INDEX(INDIRECT($I59&"!$1:$1048576"),MATCH($B59,INDIRECT($I59&"!$A:$A"),),MATCH(AB$2,INDIRECT($I59&"!$1:$1"),)),"") -> 0
B60: 69 | C60: Sim | D60: Classificado plano Antigo | F60: Email | G60: =INDEX(INDIRECT($I60&"!$1:$1048576"),MATCH($B60,INDIRECT($I60&"!$A:$A"),),MATCH(G$2,INDIRECT($I60&"!$1:$1"),)) -> OSCN | I60: Fornecedores | J60: Quirografário | K60: CLASSE III | L60: =INDEX(INDIRECT($I60&"!$1:$1048576"),MATCH($B60,INDIRECT($I60&"!$A:$A"),),MATCH(L$2,INDIRECT($I60&"!$1:$1"),)) -> AVEVA DO BRASIL INFORMATICA LTDA | M60: =INDEX(INDIRECT($I60&"!$1:$1048576"),MATCH($B60,INDIRECT($I60&"!$A:$A"),),MATCH(M$2,INDIRECT($I60&"!$1:$1"),)) -> 10265898000183 | N60: =INDEX(INDIRECT($I60&"!$1:$1048576"),MATCH($B60,INDIRECT($I60&"!$A:$A"),),MATCH(N$2,INDIRECT($I60&"!$1:$1"),)) -> 21 38244747 | O60: =INDEX(INDIRECT($I60&"!$1:$1048576"),MATCH($B60,INDIRECT($I60&"!$A:$A"),),MATCH(O$2,INDIRECT($I60&"!$1:$1"),)) -> não encontrado | P60: =INDEX(INDIRECT($I60&"!$1:$1048576"),MATCH($B60,INDIRECT($I60&"!$A:$A"),),MATCH(P$2,INDIRECT($I60&"!$1:$1"),)) -> Rua Europa 3059 Catarina Zanaga 13469372 São Paulo Americana BRASIL | Q60: =INDEX(INDIRECT($I60&"!$1:$1048576"),MATCH($B60,INDIRECT($I60&"!$A:$A"),),MATCH(Q$2,INDIRECT($I60&"!$1:$1"),)) -> Real | R60: =INDEX(INDIRECT($I60&"!$1:$1048576"),MATCH($B60,INDIRECT($I60&"!$A:$A"),),MATCH(R$2,INDIRECT($I60&"!$1:$1"),)) -> 2859688.6 | S60: =INDEX(INDIRECT($I60&"!$1:$1048576"),MATCH($B60,INDIRECT($I60&"!$A:$A"),),MATCH(S$2,INDIRECT($I60&"!$1:$1"),)) -> 2890675.9 | T60: =INDEX(INDIRECT($I60&"!$1:$1048576"),MATCH($B60,INDIRECT($I60&"!$A:$A"),),MATCH(T$2,INDIRECT($I60&"!$1:$1"),)) -> 2890675.9 | V60: =INDEX(INDIRECT($I60&"!$1:$1048576"),MATCH($B60,INDIRECT($I60&"!$A:$A"),),MATCH(V$2,INDIRECT($I60&"!$1:$1"),)) -> SIM | W60: =INDEX(INDIRECT($I60&"!$1:$1048576"),MATCH($B60,INDIRECT($I60&"!$A:$A"),),MATCH(W$2,INDIRECT($I60&"!$1:$1"),)) -> 3 | X60: =INDEX(INDIRECT($I60&"!$1:$1048576"),MATCH($B60,INDIRECT($I60&"!$A:$A"),),MATCH(X$2,INDIRECT($I60&"!$1:$1"),)) -> Real | Y60: =INDEX(INDIRECT($I60&"!$1:$1048576"),MATCH($B60,INDIRECT($I60&"!$A:$A"),),MATCH(Y$2,INDIRECT($I60&"!$1:$1"),)) -> 1737871.7 | Z60: =INDEX(INDIRECT($I60&"!$1:$1048576"),MATCH($B60,INDIRECT($I60&"!$A:$A"),),MATCH(Z$2,INDIRECT($I60&"!$1:$1"),)) -> Não | AA60: =INDEX(INDIRECT($I60&"!$1:$1048576"),MATCH($B60,INDIRECT($I60&"!$A:$A"),),MATCH(AA$2,INDIRECT($I60&"!$1:$1"),)) -> 0 | AB60: =IFERROR(INDEX(INDIRECT($I60&"!$1:$1048576"),MATCH($B60,INDIRECT($I60&"!$A:$A"),),MATCH(AB$2,INDIRECT($I60&"!$1:$1"),)),"") -> 0 | AC60: x
B61: 550 | C61: Sim | D61: Classificado plano Antigo | G61: =INDEX(INDIRECT($I61&"!$1:$1048576"),MATCH($B61,INDIRECT($I61&"!$A:$A"),),MATCH(G$2,INDIRECT($I61&"!$1:$1"),)) -> OSCN | I61: Fornecedores | J61: Quirografário | K61: CLASSE III | L61: =INDEX(INDIRECT($I61&"!$1:$1048576"),MATCH($B61,INDIRECT($I61&"!$A:$A"),),MATCH(L$2,INDIRECT($I61&"!$1:$1"),)) -> SCAVASUL TERRAPLENAGEM E MINERACAO | M61: =INDEX(INDIRECT($I61&"!$1:$1048576"),MATCH($B61,INDIRECT($I61&"!$A:$A"),),MATCH(M$2,INDIRECT($I61&"!$1:$1"),)) -> 90272055000496 | N61: =INDEX(INDIRECT($I61&"!$1:$1048576"),MATCH($B61,INDIRECT($I61&"!$A:$A"),),MATCH(N$2,INDIRECT($I61&"!$1:$1"),)) -> 54 30281551 | O61: =INDEX(INDIRECT($I61&"!$1:$1048576"),MATCH($B61,INDIRECT($I61&"!$A:$A"),),MATCH(O$2,INDIRECT($I61&"!$1:$1"),)) -> atendimento@dietrichconsultores.com.br | P61: =INDEX(INDIRECT($I61&"!$1:$1048576"),MATCH($B61,INDIRECT($I61&"!$A:$A"),),MATCH(P$2,INDIRECT($I61&"!$1:$1"),)) -> Rua Professora Maria do Carmo 748 Campinas 88101360 Santa Catarina São José SC BRASIL | Q61: =INDEX(INDIRECT($I61&"!$1:$1048576"),MATCH($B61,INDIRECT($I61&"!$A:$A"),),MATCH(Q$2,INDIRECT($I61&"!$1:$1"),)) -> Real | R61: =INDEX(INDIRECT($I61&"!$1:$1048576"),MATCH($B61,INDIRECT($I61&"!$A:$A"),),MATCH(R$2,INDIRECT($I61&"!$1:$1"),)) -> 2763126.3 | S61: =INDEX(INDIRECT($I61&"!$1:$1048576"),MATCH($B61,INDIRECT($I61&"!$A:$A"),),MATCH(S$2,INDIRECT($I61&"!$1:$1"),)) -> 2793067.2 | T61: =INDEX(INDIRECT($I61&"!$1:$1048576"),MATCH($B61,INDIRECT($I61&"!$A:$A"),),MATCH(T$2,INDIRECT($I61&"!$1:$1"),)) -> 2793067.2 | V61: =INDEX(INDIRECT($I61&"!$1:$1048576"),MATCH($B61,INDIRECT($I61&"!$A:$A"),),MATCH(V$2,INDIRECT($I61&"!$1:$1"),)) -> SIM | W61: =INDEX(INDIRECT($I61&"!$1:$1048576"),MATCH($B61,INDIRECT($I61&"!$A:$A"),),MATCH(W$2,INDIRECT($I61&"!$1:$1"),)) -> 3 | X61: =INDEX(INDIRECT($I61&"!$1:$1048576"),MATCH($B61,INDIRECT($I61&"!$A:$A"),),MATCH(X$2,INDIRECT($I61&"!$1:$1"),)) -> Real | Y61: =INDEX(INDIRECT($I61&"!$1:$1048576"),MATCH($B61,INDIRECT($I61&"!$A:$A"),),MATCH(Y$2,INDIRECT($I61&"!$1:$1"),)) -> 1679189.5 | Z61: =INDEX(INDIRECT($I61&"!$1:$1048576"),MATCH($B61,INDIRECT($I61&"!$A:$A"),),MATCH(Z$2,INDIRECT($I61&"!$1:$1"),)) -> Não | AA61: =INDEX(INDIRECT($I61&"!$1:$1048576"),MATCH($B61,INDIRECT($I61&"!$A:$A"),),MATCH(AA$2,INDIRECT($I61&"!$1:$1"),)) -> 0 | AB61: =IFERROR(INDEX(INDIRECT($I61&"!$1:$1048576"),MATCH($B61,INDIRECT($I61&"!$A:$A"),),MATCH(AB$2,INDIRECT($I61&"!$1:$1"),)),"") -> 0
B62: 663 | C62: Sim | D62: Classificado plano Antigo | G62: =INDEX(INDIRECT($I62&"!$1:$1048576"),MATCH($B62,INDIRECT($I62&"!$A:$A"),),MATCH(G$2,INDIRECT($I62&"!$1:$1"),)) -> OSCN | I62: Fornecedores | J62: Quirografário | K62: CLASSE III | L62: =INDEX(INDIRECT($I62&"!$1:$1048576"),MATCH($B62,INDIRECT($I62&"!$A:$A"),),MATCH(L$2,INDIRECT($I62&"!$1:$1"),)) -> WEG EQUIPAMENTOS ELETRICOS SA | M62: =INDEX(INDIRECT($I62&"!$1:$1048576"),MATCH($B62,INDIRECT($I62&"!$A:$A"),),MATCH(M$2,INDIRECT($I62&"!$1:$1"),)) -> 7175725000402 | N62: =INDEX(INDIRECT($I62&"!$1:$1048576"),MATCH($B62,INDIRECT($I62&"!$A:$A"),),MATCH(N$2,INDIRECT($I62&"!$1:$1"),)) -> 47 32764000 | O62: =INDEX(INDIRECT($I62&"!$1:$1048576"),MATCH($B62,INDIRECT($I62&"!$A:$A"),),MATCH(O$2,INDIRECT($I62&"!$1:$1"),)) -> contabil1@weg.net | P62: =INDEX(INDIRECT($I62&"!$1:$1048576"),MATCH($B62,INDIRECT($I62&"!$A:$A"),),MATCH(P$2,INDIRECT($I62&"!$1:$1"),)) -> Av Graça Aranha 1 5o andar Sala 502 Centro 20030002 Rio de Janeiro Rio de Janeiro RJ BRASIL | Q62: =INDEX(INDIRECT($I62&"!$1:$1048576"),MATCH($B62,INDIRECT($I62&"!$A:$A"),),MATCH(Q$2,INDIRECT($I62&"!$1:$1"),)) -> Real | R62: =INDEX(INDIRECT($I62&"!$1:$1048576"),MATCH($B62,INDIRECT($I62&"!$A:$A"),),MATCH(R$2,INDIRECT($I62&"!$1:$1"),)) -> 2744233.6 | S62: =INDEX(INDIRECT($I62&"!$1:$1048576"),MATCH($B62,INDIRECT($I62&"!$A:$A"),),MATCH(S$2,INDIRECT($I62&"!$1:$1"),)) -> 2773969.8 | T62: =INDEX(INDIRECT($I62&"!$1:$1048576"),MATCH($B62,INDIRECT($I62&"!$A:$A"),),MATCH(T$2,INDIRECT($I62&"!$1:$1"),)) -> 2773969.8 | V62: =INDEX(INDIRECT($I62&"!$1:$1048576"),MATCH($B62,INDIRECT($I62&"!$A:$A"),),MATCH(V$2,INDIRECT($I62&"!$1:$1"),)) -> SIM | W62: =INDEX(INDIRECT($I62&"!$1:$1048576"),MATCH($B62,INDIRECT($I62&"!$A:$A"),),MATCH(W$2,INDIRECT($I62&"!$1:$1"),)) -> 3 | X62: =INDEX(INDIRECT($I62&"!$1:$1048576"),MATCH($B62,INDIRECT($I62&"!$A:$A"),),MATCH(X$2,INDIRECT($I62&"!$1:$1"),)) -> Real | Y62: =INDEX(INDIRECT($I62&"!$1:$1048576"),MATCH($B62,INDIRECT($I62&"!$A:$A"),),MATCH(Y$2,INDIRECT($I62&"!$1:$1"),)) -> 1667708.1 | Z62: =INDEX(INDIRECT($I62&"!$1:$1048576"),MATCH($B62,INDIRECT($I62&"!$A:$A"),),MATCH(Z$2,INDIRECT($I62&"!$1:$1"),)) -> Não | AA62: =INDEX(INDIRECT($I62&"!$1:$1048576"),MATCH($B62,INDIRECT($I62&"!$A:$A"),),MATCH(AA$2,INDIRECT($I62&"!$1:$1"),)) -> 0 | AB62: =IFERROR(INDEX(INDIRECT($I62&"!$1:$1048576"),MATCH($B62,INDIRECT($I62&"!$A:$A"),),MATCH(AB$2,INDIRECT($I62&"!$1:$1"),)),"") -> 0
B63: 297 | C63: Sim | D63: Classificado plano Antigo | G63: =INDEX(INDIRECT($I63&"!$1:$1048576"),MATCH($B63,INDIRECT($I63&"!$A:$A"),),MATCH(G$2,INDIRECT($I63&"!$1:$1"),)) -> OSCN | I63: Fornecedores | J63: Quirografário | K63: CLASSE III | L63: =INDEX(INDIRECT($I63&"!$1:$1048576"),MATCH($B63,INDIRECT($I63&"!$A:$A"),),MATCH(L$2,INDIRECT($I63&"!$1:$1"),)) -> INDUSTRIA BRASILEIRA DE INFLAVEIS N | M63: =INDEX(INDIRECT($I63&"!$1:$1048576"),MATCH($B63,INDIRECT($I63&"!$A:$A"),),MATCH(M$2,INDIRECT($I63&"!$1:$1"),)) -> 47262407000150 | N63: =INDEX(INDIRECT($I63&"!$1:$1048576"),MATCH($B63,INDIRECT($I63&"!$A:$A"),),MATCH(N$2,INDIRECT($I63&"!$1:$1"),)) -> não encontrado | O63: =INDEX(INDIRECT($I63&"!$1:$1048576"),MATCH($B63,INDIRECT($I63&"!$A:$A"),),MATCH(O$2,INDIRECT($I63&"!$1:$1"),)) -> faturamento@nautika.com.br | P63: =INDEX(INDIRECT($I63&"!$1:$1048576"),MATCH($B63,INDIRECT($I63&"!$A:$A"),),MATCH(P$2,INDIRECT($I63&"!$1:$1"),)) -> Rua Santana de Ipanema 450 Cumbica 7220010 São Paulo Guarulhos BRASIL | Q63: =INDEX(INDIRECT($I63&"!$1:$1048576"),MATCH($B63,INDIRECT($I63&"!$A:$A"),),MATCH(Q$2,INDIRECT($I63&"!$1:$1"),)) -> Real | R63: =INDEX(INDIRECT($I63&"!$1:$1048576"),MATCH($B63,INDIRECT($I63&"!$A:$A"),),MATCH(R$2,INDIRECT($I63&"!$1:$1"),)) -> 2560104.8 | S63: =INDEX(INDIRECT($I63&"!$1:$1048576"),MATCH($B63,INDIRECT($I63&"!$A:$A"),),MATCH(S$2,INDIRECT($I63&"!$1:$1"),)) -> 2587845.8 | T63: =INDEX(INDIRECT($I63&"!$1:$1048576"),MATCH($B63,INDIRECT($I63&"!$A:$A"),),MATCH(T$2,INDIRECT($I63&"!$1:$1"),)) -> 2587845.8 | V63: =INDEX(INDIRECT($I63&"!$1:$1048576"),MATCH($B63,INDIRECT($I63&"!$A:$A"),),MATCH(V$2,INDIRECT($I63&"!$1:$1"),)) -> SIM | W63: =INDEX(INDIRECT($I63&"!$1:$1048576"),MATCH($B63,INDIRECT($I63&"!$A:$A"),),MATCH(W$2,INDIRECT($I63&"!$1:$1"),)) -> 3 | X63: =INDEX(INDIRECT($I63&"!$1:$1048576"),MATCH($B63,INDIRECT($I63&"!$A:$A"),),MATCH(X$2,INDIRECT($I63&"!$1:$1"),)) -> Real | Y63: =INDEX(INDIRECT($I63&"!$1:$1048576"),MATCH($B63,INDIRECT($I63&"!$A:$A"),),MATCH(Y$2,INDIRECT($I63&"!$1:$1"),)) -> 1555810.6 | Z63: =INDEX(INDIRECT($I63&"!$1:$1048576"),MATCH($B63,INDIRECT($I63&"!$A:$A"),),MATCH(Z$2,INDIRECT($I63&"!$1:$1"),)) -> Não | AA63: =INDEX(INDIRECT($I63&"!$1:$1048576"),MATCH($B63,INDIRECT($I63&"!$A:$A"),),MATCH(AA$2,INDIRECT($I63&"!$1:$1"),)) -> 0 | AB63: =IFERROR(INDEX(INDIRECT($I63&"!$1:$1048576"),MATCH($B63,INDIRECT($I63&"!$A:$A"),),MATCH(AB$2,INDIRECT($I63&"!$1:$1"),)),"") -> 0
B64: 496 | C64: Sim | D64: Classificado plano Antigo | G64: =INDEX(INDIRECT($I64&"!$1:$1048576"),MATCH($B64,INDIRECT($I64&"!$A:$A"),),MATCH(G$2,INDIRECT($I64&"!$1:$1"),)) -> OSCN | I64: Fornecedores | J64: Quirografário | K64: CLASSE III | L64: =INDEX(INDIRECT($I64&"!$1:$1048576"),MATCH($B64,INDIRECT($I64&"!$A:$A"),),MATCH(L$2,INDIRECT($I64&"!$1:$1"),)) -> PRATICA ENGENHARIA LTDA | M64: =INDEX(INDIRECT($I64&"!$1:$1048576"),MATCH($B64,INDIRECT($I64&"!$A:$A"),),MATCH(M$2,INDIRECT($I64&"!$1:$1"),)) -> 3112766000156 | N64: =INDEX(INDIRECT($I64&"!$1:$1048576"),MATCH($B64,INDIRECT($I64&"!$A:$A"),),MATCH(N$2,INDIRECT($I64&"!$1:$1"),)) -> 21 33845075 | O64: =INDEX(INDIRECT($I64&"!$1:$1048576"),MATCH($B64,INDIRECT($I64&"!$A:$A"),),MATCH(O$2,INDIRECT($I64&"!$1:$1"),)) -> patrica.adm@patricaltda.com.br | P64: =INDEX(INDIRECT($I64&"!$1:$1048576"),MATCH($B64,INDIRECT($I64&"!$A:$A"),),MATCH(P$2,INDIRECT($I64&"!$1:$1"),)) -> Rua 2b Quadra lll Lote 20A Civit ll 29168068 Espirito Santo Serra ES BRASIL | Q64: =INDEX(INDIRECT($I64&"!$1:$1048576"),MATCH($B64,INDIRECT($I64&"!$A:$A"),),MATCH(Q$2,INDIRECT($I64&"!$1:$1"),)) -> Real | R64: =INDEX(INDIRECT($I64&"!$1:$1048576"),MATCH($B64,INDIRECT($I64&"!$A:$A"),),MATCH(R$2,INDIRECT($I64&"!$1:$1"),)) -> 2279261.7 | S64: =INDEX(INDIRECT($I64&"!$1:$1048576"),MATCH($B64,INDIRECT($I64&"!$A:$A"),),MATCH(S$2,INDIRECT($I64&"!$1:$1"),)) -> 2303959.5 | T64: =INDEX(INDIRECT($I64&"!$1:$1048576"),MATCH($B64,INDIRECT($I64&"!$A:$A"),),MATCH(T$2,INDIRECT($I64&"!$1:$1"),)) -> 2303959.5 | V64: =INDEX(INDIRECT($I64&"!$1:$1048576"),MATCH($B64,INDIRECT($I64&"!$A:$A"),),MATCH(V$2,INDIRECT($I64&"!$1:$1"),)) -> SIM | W64: =INDEX(INDIRECT($I64&"!$1:$1048576"),MATCH($B64,INDIRECT($I64&"!$A:$A"),),MATCH(W$2,INDIRECT($I64&"!$1:$1"),)) -> 3 | X64: =INDEX(INDIRECT($I64&"!$1:$1048576"),MATCH($B64,INDIRECT($I64&"!$A:$A"),),MATCH(X$2,INDIRECT($I64&"!$1:$1"),)) -> Real | Y64: =INDEX(INDIRECT($I64&"!$1:$1048576"),MATCH($B64,INDIRECT($I64&"!$A:$A"),),MATCH(Y$2,INDIRECT($I64&"!$1:$1"),)) -> 1385138.3 | Z64: =INDEX(INDIRECT($I64&"!$1:$1048576"),MATCH($B64,INDIRECT($I64&"!$A:$A"),),MATCH(Z$2,INDIRECT($I64&"!$1:$1"),)) -> Não | AA64: =INDEX(INDIRECT($I64&"!$1:$1048576"),MATCH($B64,INDIRECT($I64&"!$A:$A"),),MATCH(AA$2,INDIRECT($I64&"!$1:$1"),)) -> 0 | AB64: =IFERROR(INDEX(INDIRECT($I64&"!$1:$1048576"),MATCH($B64,INDIRECT($I64&"!$A:$A"),),MATCH(AB$2,INDIRECT($I64&"!$1:$1"),)),"") -> 0
B65: 210 | C65: Sim | D65: Classificado plano Antigo | G65: =INDEX(INDIRECT($I65&"!$1:$1048576"),MATCH($B65,INDIRECT($I65&"!$A:$A"),),MATCH(G$2,INDIRECT($I65&"!$1:$1"),)) -> OSCN | I65: Fornecedores | J65: Quirografário | K65: CLASSE III | L65: =INDEX(INDIRECT($I65&"!$1:$1048576"),MATCH($B65,INDIRECT($I65&"!$A:$A"),),MATCH(L$2,INDIRECT($I65&"!$1:$1"),)) -> ERM BRASIL LTDA | M65: =INDEX(INDIRECT($I65&"!$1:$1048576"),MATCH($B65,INDIRECT($I65&"!$A:$A"),),MATCH(M$2,INDIRECT($I65&"!$1:$1"),)) -> 65456832000596 | N65: =INDEX(INDIRECT($I65&"!$1:$1048576"),MATCH($B65,INDIRECT($I65&"!$A:$A"),),MATCH(N$2,INDIRECT($I65&"!$1:$1"),)) -> 11 50957900 | O65: =INDEX(INDIRECT($I65&"!$1:$1048576"),MATCH($B65,INDIRECT($I65&"!$A:$A"),),MATCH(O$2,INDIRECT($I65&"!$1:$1"),)) -> camila.bortolucci@erm.com | P65: =INDEX(INDIRECT($I65&"!$1:$1048576"),MATCH($B65,INDIRECT($I65&"!$A:$A"),),MATCH(P$2,INDIRECT($I65&"!$1:$1"),)) -> Av Alphaville Alphaville 06541-038 São Paulo São Paulo BRASIL | Q65: =INDEX(INDIRECT($I65&"!$1:$1048576"),MATCH($B65,INDIRECT($I65&"!$A:$A"),),MATCH(Q$2,INDIRECT($I65&"!$1:$1"),)) -> Real | R65: =INDEX(INDIRECT($I65&"!$1:$1048576"),MATCH($B65,INDIRECT($I65&"!$A:$A"),),MATCH(R$2,INDIRECT($I65&"!$1:$1"),)) -> 2277349 | S65: =INDEX(INDIRECT($I65&"!$1:$1048576"),MATCH($B65,INDIRECT($I65&"!$A:$A"),),MATCH(S$2,INDIRECT($I65&"!$1:$1"),)) -> 2302026.1 | T65: =INDEX(INDIRECT($I65&"!$1:$1048576"),MATCH($B65,INDIRECT($I65&"!$A:$A"),),MATCH(T$2,INDIRECT($I65&"!$1:$1"),)) -> 2302026.1 | V65: =INDEX(INDIRECT($I65&"!$1:$1048576"),MATCH($B65,INDIRECT($I65&"!$A:$A"),),MATCH(V$2,INDIRECT($I65&"!$1:$1"),)) -> SIM | W65: =INDEX(INDIRECT($I65&"!$1:$1048576"),MATCH($B65,INDIRECT($I65&"!$A:$A"),),MATCH(W$2,INDIRECT($I65&"!$1:$1"),)) -> 3 | X65: =INDEX(INDIRECT($I65&"!$1:$1048576"),MATCH($B65,INDIRECT($I65&"!$A:$A"),),MATCH(X$2,INDIRECT($I65&"!$1:$1"),)) -> Real | Y65: =INDEX(INDIRECT($I65&"!$1:$1048576"),MATCH($B65,INDIRECT($I65&"!$A:$A"),),MATCH(Y$2,INDIRECT($I65&"!$1:$1"),)) -> 1383976 | Z65: =INDEX(INDIRECT($I65&"!$1:$1048576"),MATCH($B65,INDIRECT($I65&"!$A:$A"),),MATCH(Z$2,INDIRECT($I65&"!$1:$1"),)) -> Não | AA65: =INDEX(INDIRECT($I65&"!$1:$1048576"),MATCH($B65,INDIRECT($I65&"!$A:$A"),),MATCH(AA$2,INDIRECT($I65&"!$1:$1"),)) -> 0 | AB65: =IFERROR(INDEX(INDIRECT($I65&"!$1:$1048576"),MATCH($B65,INDIRECT($I65&"!$A:$A"),),MATCH(AB$2,INDIRECT($I65&"!$1:$1"),)),"") -> 0
B66: 395 | C66: Sim | D66: Classificado plano Antigo | G66: =INDEX(INDIRECT($I66&"!$1:$1048576"),MATCH($B66,INDIRECT($I66&"!$A:$A"),),MATCH(G$2,INDIRECT($I66&"!$1:$1"),)) -> OSCN | I66: Fornecedores | J66: Quirografário | K66: CLASSE III | L66: =INDEX(INDIRECT($I66&"!$1:$1048576"),MATCH($B66,INDIRECT($I66&"!$A:$A"),),MATCH(L$2,INDIRECT($I66&"!$1:$1"),)) -> MARPEM CONSTRUTORA E LOGISTICA LTDA | M66: =INDEX(INDIRECT($I66&"!$1:$1048576"),MATCH($B66,INDIRECT($I66&"!$A:$A"),),MATCH(M$2,INDIRECT($I66&"!$1:$1"),)) -> 11121956000168 | N66: =INDEX(INDIRECT($I66&"!$1:$1048576"),MATCH($B66,INDIRECT($I66&"!$A:$A"),),MATCH(N$2,INDIRECT($I66&"!$1:$1"),)) -> 21 26433928 | O66: =INDEX(INDIRECT($I66&"!$1:$1048576"),MATCH($B66,INDIRECT($I66&"!$A:$A"),),MATCH(O$2,INDIRECT($I66&"!$1:$1"),)) -> raul@mrbt.com.br | P66: =INDEX(INDIRECT($I66&"!$1:$1048576"),MATCH($B66,INDIRECT($I66&"!$A:$A"),),MATCH(P$2,INDIRECT($I66&"!$1:$1"),)) -> Av Nossa Senhora da Penha 98 Atafona 28200000 Rio de Janeiro São João da Barra BRASIL | Q66: =INDEX(INDIRECT($I66&"!$1:$1048576"),MATCH($B66,INDIRECT($I66&"!$A:$A"),),MATCH(Q$2,INDIRECT($I66&"!$1:$1"),)) -> Real | R66: =INDEX(INDIRECT($I66&"!$1:$1048576"),MATCH($B66,INDIRECT($I66&"!$A:$A"),),MATCH(R$2,INDIRECT($I66&"!$1:$1"),)) -> 2256325 | S66: =INDEX(INDIRECT($I66&"!$1:$1048576"),MATCH($B66,INDIRECT($I66&"!$A:$A"),),MATCH(S$2,INDIRECT($I66&"!$1:$1"),)) -> 2280774.2 | T66: =INDEX(INDIRECT($I66&"!$1:$1048576"),MATCH($B66,INDIRECT($I66&"!$A:$A"),),MATCH(T$2,INDIRECT($I66&"!$1:$1"),)) -> 2280774.2 | V66: =INDEX(INDIRECT($I66&"!$1:$1048576"),MATCH($B66,INDIRECT($I66&"!$A:$A"),),MATCH(V$2,INDIRECT($I66&"!$1:$1"),)) -> SIM | W66: =INDEX(INDIRECT($I66&"!$1:$1048576"),MATCH($B66,INDIRECT($I66&"!$A:$A"),),MATCH(W$2,INDIRECT($I66&"!$1:$1"),)) -> 3 | X66: =INDEX(INDIRECT($I66&"!$1:$1048576"),MATCH($B66,INDIRECT($I66&"!$A:$A"),),MATCH(X$2,INDIRECT($I66&"!$1:$1"),)) -> Real | Y66: =INDEX(INDIRECT($I66&"!$1:$1048576"),MATCH($B66,INDIRECT($I66&"!$A:$A"),),MATCH(Y$2,INDIRECT($I66&"!$1:$1"),)) -> 1371199.4 | Z66: =INDEX(INDIRECT($I66&"!$1:$1048576"),MATCH($B66,INDIRECT($I66&"!$A:$A"),),MATCH(Z$2,INDIRECT($I66&"!$1:$1"),)) -> Não | AA66: =INDEX(INDIRECT($I66&"!$1:$1048576"),MATCH($B66,INDIRECT($I66&"!$A:$A"),),MATCH(AA$2,INDIRECT($I66&"!$1:$1"),)) -> 0 | AB66: =IFERROR(INDEX(INDIRECT($I66&"!$1:$1048576"),MATCH($B66,INDIRECT($I66&"!$A:$A"),),MATCH(AB$2,INDIRECT($I66&"!$1:$1"),)),"") -> 0
B67: 703 | C67: Sim | D67: Classificado pela Meden | G67: =INDEX(INDIRECT($I67&"!$1:$1048576"),MATCH($B67,INDIRECT($I67&"!$A:$A"),),MATCH(G$2,INDIRECT($I67&"!$1:$1"),)) -> OSCN | I67: Partes_Relacionadas | J67: Partes Relacionadas | K67: PARTES RELACIONADAS | L67: =INDEX(INDIRECT($I67&"!$1:$1048576"),MATCH($B67,INDIRECT($I67&"!$A:$A"),),MATCH(L$2,INDIRECT($I67&"!$1:$1"),)) -> Six Soluções Inteligentes S.A. | M67: =INDEX(INDIRECT($I67&"!$1:$1048576"),MATCH($B67,INDIRECT($I67&"!$A:$A"),),MATCH(M$2,INDIRECT($I67&"!$1:$1"),)) -> 13.405.322/0001-62 | N67: =INDEX(INDIRECT($I67&"!$1:$1048576"),MATCH($B67,INDIRECT($I67&"!$A:$A"),),MATCH(N$2,INDIRECT($I67&"!$1:$1"),)) -> 21 2163-4687 | O67: =INDEX(INDIRECT($I67&"!$1:$1048576"),MATCH($B67,INDIRECT($I67&"!$A:$A"),),MATCH(O$2,INDIRECT($I67&"!$1:$1"),)) -> sirlene.pacheco@ebx.com.br | P67: =INDEX(INDIRECT($I67&"!$1:$1048576"),MATCH($B67,INDIRECT($I67&"!$A:$A"),),MATCH(P$2,INDIRECT($I67&"!$1:$1"),)) -> Praia do Flamengo 154 10º andar Flamengo 22210-030 Rio de Janeiro Rio de Janeiro RJ | Q67: =INDEX(INDIRECT($I67&"!$1:$1048576"),MATCH($B67,INDIRECT($I67&"!$A:$A"),),MATCH(Q$2,INDIRECT($I67&"!$1:$1"),)) -> Real | R67: =INDEX(INDIRECT($I67&"!$1:$1048576"),MATCH($B67,INDIRECT($I67&"!$A:$A"),),MATCH(R$2,INDIRECT($I67&"!$1:$1"),)) -> 2235181.5 | S67: =INDEX(INDIRECT($I67&"!$1:$1048576"),MATCH($B67,INDIRECT($I67&"!$A:$A"),),MATCH(S$2,INDIRECT($I67&"!$1:$1"),)) -> 2235181.5 | T67: =INDEX(INDIRECT($I67&"!$1:$1048576"),MATCH($B67,INDIRECT($I67&"!$A:$A"),),MATCH(T$2,INDIRECT($I67&"!$1:$1"),)) -> 2235181.5 | V67: =INDEX(INDIRECT($I67&"!$1:$1048576"),MATCH($B67,INDIRECT($I67&"!$A:$A"),),MATCH(V$2,INDIRECT($I67&"!$1:$1"),)) -> 0 | W67: =INDEX(INDIRECT($I67&"!$1:$1048576"),MATCH($B67,INDIRECT($I67&"!$A:$A"),),MATCH(W$2,INDIRECT($I67&"!$1:$1"),)) -> 0 | X67: =INDEX(INDIRECT($I67&"!$1:$1048576"),MATCH($B67,INDIRECT($I67&"!$A:$A"),),MATCH(X$2,INDIRECT($I67&"!$1:$1"),)) -> Real | Y67: =INDEX(INDIRECT($I67&"!$1:$1048576"),MATCH($B67,INDIRECT($I67&"!$A:$A"),),MATCH(Y$2,INDIRECT($I67&"!$1:$1"),)) -> 0 | Z67: =INDEX(INDIRECT($I67&"!$1:$1048576"),MATCH($B67,INDIRECT($I67&"!$A:$A"),),MATCH(Z$2,INDIRECT($I67&"!$1:$1"),)) -> 0 | AA67: =INDEX(INDIRECT($I67&"!$1:$1048576"),MATCH($B67,INDIRECT($I67&"!$A:$A"),),MATCH(AA$2,INDIRECT($I67&"!$1:$1"),)) -> 0 | AB67: =IFERROR(INDEX(INDIRECT($I67&"!$1:$1048576"),MATCH($B67,INDIRECT($I67&"!$A:$A"),),MATCH(AB$2,INDIRECT($I67&"!$1:$1"),)),"") -> 0
B68: 413 | C68: Sim | D68: Classificado plano Antigo | G68: =INDEX(INDIRECT($I68&"!$1:$1048576"),MATCH($B68,INDIRECT($I68&"!$A:$A"),),MATCH(G$2,INDIRECT($I68&"!$1:$1"),)) -> OSCN | I68: Fornecedores | J68: Quirografário | K68: CLASSE III | L68: =INDEX(INDIRECT($I68&"!$1:$1048576"),MATCH($B68,INDIRECT($I68&"!$A:$A"),),MATCH(L$2,INDIRECT($I68&"!$1:$1"),)) -> METALURGICA BARRA DO PIRAI SA | M68: =INDEX(INDIRECT($I68&"!$1:$1048576"),MATCH($B68,INDIRECT($I68&"!$A:$A"),),MATCH(M$2,INDIRECT($I68&"!$1:$1"),)) -> 28566933000160 | N68: =INDEX(INDIRECT($I68&"!$1:$1048576"),MATCH($B68,INDIRECT($I68&"!$A:$A"),),MATCH(N$2,INDIRECT($I68&"!$1:$1"),)) -> 24 24479771 | O68: =INDEX(INDIRECT($I68&"!$1:$1048576"),MATCH($B68,INDIRECT($I68&"!$A:$A"),),MATCH(O$2,INDIRECT($I68&"!$1:$1"),)) -> marahernandes@mbp.com.br | P68: =INDEX(INDIRECT($I68&"!$1:$1048576"),MATCH($B68,INDIRECT($I68&"!$A:$A"),),MATCH(P$2,INDIRECT($I68&"!$1:$1"),)) -> Loc Ibitioca Decimo Distrito 28120000 Rio de Janeiro Campos dos Goytacazes RJ BRASIL | Q68: =INDEX(INDIRECT($I68&"!$1:$1048576"),MATCH($B68,INDIRECT($I68&"!$A:$A"),),MATCH(Q$2,INDIRECT($I68&"!$1:$1"),)) -> Real | R68: =INDEX(INDIRECT($I68&"!$1:$1048576"),MATCH($B68,INDIRECT($I68&"!$A:$A"),),MATCH(R$2,INDIRECT($I68&"!$1:$1"),)) -> 2172849.3 | S68: =INDEX(INDIRECT($I68&"!$1:$1048576"),MATCH($B68,INDIRECT($I68&"!$A:$A"),),MATCH(S$2,INDIRECT($I68&"!$1:$1"),)) -> 2196394 | T68: =INDEX(INDIRECT($I68&"!$1:$1048576"),MATCH($B68,INDIRECT($I68&"!$A:$A"),),MATCH(T$2,INDIRECT($I68&"!$1:$1"),)) -> 2196394 | V68: =INDEX(INDIRECT($I68&"!$1:$1048576"),MATCH($B68,INDIRECT($I68&"!$A:$A"),),MATCH(V$2,INDIRECT($I68&"!$1:$1"),)) -> SIM | W68: =INDEX(INDIRECT($I68&"!$1:$1048576"),MATCH($B68,INDIRECT($I68&"!$A:$A"),),MATCH(W$2,INDIRECT($I68&"!$1:$1"),)) -> 3 | X68: =INDEX(INDIRECT($I68&"!$1:$1048576"),MATCH($B68,INDIRECT($I68&"!$A:$A"),),MATCH(X$2,INDIRECT($I68&"!$1:$1"),)) -> Real | Y68: =INDEX(INDIRECT($I68&"!$1:$1048576"),MATCH($B68,INDIRECT($I68&"!$A:$A"),),MATCH(Y$2,INDIRECT($I68&"!$1:$1"),)) -> 1320470.1 | Z68: =INDEX(INDIRECT($I68&"!$1:$1048576"),MATCH($B68,INDIRECT($I68&"!$A:$A"),),MATCH(Z$2,INDIRECT($I68&"!$1:$1"),)) -> Não | AA68: =INDEX(INDIRECT($I68&"!$1:$1048576"),MATCH($B68,INDIRECT($I68&"!$A:$A"),),MATCH(AA$2,INDIRECT($I68&"!$1:$1"),)) -> 0 | AB68: =IFERROR(INDEX(INDIRECT($I68&"!$1:$1048576"),MATCH($B68,INDIRECT($I68&"!$A:$A"),),MATCH(AB$2,INDIRECT($I68&"!$1:$1"),)),"") -> 0
B69: 321 | C69: Sim | D69: Classificado plano Antigo | G69: =INDEX(INDIRECT($I69&"!$1:$1048576"),MATCH($B69,INDIRECT($I69&"!$A:$A"),),MATCH(G$2,INDIRECT($I69&"!$1:$1"),)) -> OSCN | I69: Fornecedores | J69: Quirografário | K69: CLASSE III | L69: =INDEX(INDIRECT($I69&"!$1:$1048576"),MATCH($B69,INDIRECT($I69&"!$A:$A"),),MATCH(L$2,INDIRECT($I69&"!$1:$1"),)) -> ITABIRA AGRO INDUSTRIAL SA | M69: =INDEX(INDIRECT($I69&"!$1:$1048576"),MATCH($B69,INDIRECT($I69&"!$A:$A"),),MATCH(M$2,INDIRECT($I69&"!$1:$1"),)) -> 27175959000114 | N69: =INDEX(INDIRECT($I69&"!$1:$1048576"),MATCH($B69,INDIRECT($I69&"!$A:$A"),),MATCH(N$2,INDIRECT($I69&"!$1:$1"),)) -> 81 40404017 | O69: =INDEX(INDIRECT($I69&"!$1:$1048576"),MATCH($B69,INDIRECT($I69&"!$A:$A"),),MATCH(O$2,INDIRECT($I69&"!$1:$1"),)) -> fiscal@nassau.com.br | P69: =INDEX(INDIRECT($I69&"!$1:$1048576"),MATCH($B69,INDIRECT($I69&"!$A:$A"),),MATCH(P$2,INDIRECT($I69&"!$1:$1"),)) -> Av Brasil 934 São Diogo II 29163165 Espirito Santo Serra BRASIL | Q69: =INDEX(INDIRECT($I69&"!$1:$1048576"),MATCH($B69,INDIRECT($I69&"!$A:$A"),),MATCH(Q$2,INDIRECT($I69&"!$1:$1"),)) -> Real | R69: =INDEX(INDIRECT($I69&"!$1:$1048576"),MATCH($B69,INDIRECT($I69&"!$A:$A"),),MATCH(R$2,INDIRECT($I69&"!$1:$1"),)) -> 2160844.4 | S69: =INDEX(INDIRECT($I69&"!$1:$1048576"),MATCH($B69,INDIRECT($I69&"!$A:$A"),),MATCH(S$2,INDIRECT($I69&"!$1:$1"),)) -> 2184259.1 | T69: =INDEX(INDIRECT($I69&"!$1:$1048576"),MATCH($B69,INDIRECT($I69&"!$A:$A"),),MATCH(T$2,INDIRECT($I69&"!$1:$1"),)) -> 2184259.1 | V69: =INDEX(INDIRECT($I69&"!$1:$1048576"),MATCH($B69,INDIRECT($I69&"!$A:$A"),),MATCH(V$2,INDIRECT($I69&"!$1:$1"),)) -> SIM | W69: =INDEX(INDIRECT($I69&"!$1:$1048576"),MATCH($B69,INDIRECT($I69&"!$A:$A"),),MATCH(W$2,INDIRECT($I69&"!$1:$1"),)) -> 3 | X69: =INDEX(INDIRECT($I69&"!$1:$1048576"),MATCH($B69,INDIRECT($I69&"!$A:$A"),),MATCH(X$2,INDIRECT($I69&"!$1:$1"),)) -> Real | Y69: =INDEX(INDIRECT($I69&"!$1:$1048576"),MATCH($B69,INDIRECT($I69&"!$A:$A"),),MATCH(Y$2,INDIRECT($I69&"!$1:$1"),)) -> 1313174.6 | Z69: =INDEX(INDIRECT($I69&"!$1:$1048576"),MATCH($B69,INDIRECT($I69&"!$A:$A"),),MATCH(Z$2,INDIRECT($I69&"!$1:$1"),)) -> Não | AA69: =INDEX(INDIRECT($I69&"!$1:$1048576"),MATCH($B69,INDIRECT($I69&"!$A:$A"),),MATCH(AA$2,INDIRECT($I69&"!$1:$1"),)) -> 0 | AB69: =IFERROR(INDEX(INDIRECT($I69&"!$1:$1048576"),MATCH($B69,INDIRECT($I69&"!$A:$A"),),MATCH(AB$2,INDIRECT($I69&"!$1:$1"),)),"") -> 0
B70: 706 | C70: Sim | D70: Classificado pela Meden | G70: =INDEX(INDIRECT($I70&"!$1:$1048576"),MATCH($B70,INDIRECT($I70&"!$A:$A"),),MATCH(G$2,INDIRECT($I70&"!$1:$1"),)) -> OSSO | I70: Partes_Relacionadas | J70: Partes Relacionadas | K70: PARTES RELACIONADAS | L70: =INDEX(INDIRECT($I70&"!$1:$1048576"),MATCH($B70,INDIRECT($I70&"!$A:$A"),),MATCH(L$2,INDIRECT($I70&"!$1:$1"),)) -> EBX HOLDING LTDA | M70: =INDEX(INDIRECT($I70&"!$1:$1048576"),MATCH($B70,INDIRECT($I70&"!$A:$A"),),MATCH(M$2,INDIRECT($I70&"!$1:$1"),)) -> 12.334.551/0001-70 | N70: =INDEX(INDIRECT($I70&"!$1:$1048576"),MATCH($B70,INDIRECT($I70&"!$A:$A"),),MATCH(N$2,INDIRECT($I70&"!$1:$1"),)) -> 21 2163-4687 | O70: =INDEX(INDIRECT($I70&"!$1:$1048576"),MATCH($B70,INDIRECT($I70&"!$A:$A"),),MATCH(O$2,INDIRECT($I70&"!$1:$1"),)) -> sirlene.pacheco@ebx.com.br | P70: =INDEX(INDIRECT($I70&"!$1:$1048576"),MATCH($B70,INDIRECT($I70&"!$A:$A"),),MATCH(P$2,INDIRECT($I70&"!$1:$1"),)) -> Praia do Flamengo 154 10º andar Flamengo 22210-030 Rio de Janeiro Rio de Janeiro RJ | Q70: =INDEX(INDIRECT($I70&"!$1:$1048576"),MATCH($B70,INDIRECT($I70&"!$A:$A"),),MATCH(Q$2,INDIRECT($I70&"!$1:$1"),)) -> Real | R70: =INDEX(INDIRECT($I70&"!$1:$1048576"),MATCH($B70,INDIRECT($I70&"!$A:$A"),),MATCH(R$2,INDIRECT($I70&"!$1:$1"),)) -> 2013164.9 | S70: =INDEX(INDIRECT($I70&"!$1:$1048576"),MATCH($B70,INDIRECT($I70&"!$A:$A"),),MATCH(S$2,INDIRECT($I70&"!$1:$1"),)) -> 2013164.9 | T70: =INDEX(INDIRECT($I70&"!$1:$1048576"),MATCH($B70,INDIRECT($I70&"!$A:$A"),),MATCH(T$2,INDIRECT($I70&"!$1:$1"),)) -> 2013164.9 | V70: =INDEX(INDIRECT($I70&"!$1:$1048576"),MATCH($B70,INDIRECT($I70&"!$A:$A"),),MATCH(V$2,INDIRECT($I70&"!$1:$1"),)) -> 0 | W70: =INDEX(INDIRECT($I70&"!$1:$1048576"),MATCH($B70,INDIRECT($I70&"!$A:$A"),),MATCH(W$2,INDIRECT($I70&"!$1:$1"),)) -> 0 | X70: =INDEX(INDIRECT($I70&"!$1:$1048576"),MATCH($B70,INDIRECT($I70&"!$A:$A"),),MATCH(X$2,INDIRECT($I70&"!$1:$1"),)) -> Real | Y70: =INDEX(INDIRECT($I70&"!$1:$1048576"),MATCH($B70,INDIRECT($I70&"!$A:$A"),),MATCH(Y$2,INDIRECT($I70&"!$1:$1"),)) -> 0 | Z70: =INDEX(INDIRECT($I70&"!$1:$1048576"),MATCH($B70,INDIRECT($I70&"!$A:$A"),),MATCH(Z$2,INDIRECT($I70&"!$1:$1"),)) -> 0 | AA70: =INDEX(INDIRECT($I70&"!$1:$1048576"),MATCH($B70,INDIRECT($I70&"!$A:$A"),),MATCH(AA$2,INDIRECT($I70&"!$1:$1"),)) -> 0 | AB70: =IFERROR(INDEX(INDIRECT($I70&"!$1:$1048576"),MATCH($B70,INDIRECT($I70&"!$A:$A"),),MATCH(AB$2,INDIRECT($I70&"!$1:$1"),)),"") -> 0
B71: 23 | C71: Sim | D71: Classificado plano Antigo | G71: =INDEX(INDIRECT($I71&"!$1:$1048576"),MATCH($B71,INDIRECT($I71&"!$A:$A"),),MATCH(G$2,INDIRECT($I71&"!$1:$1"),)) -> OSBR | I71: Fornecedores | J71: Quirografário | K71: CLASSE III | L71: =INDEX(INDIRECT($I71&"!$1:$1048576"),MATCH($B71,INDIRECT($I71&"!$A:$A"),),MATCH(L$2,INDIRECT($I71&"!$1:$1"),)) -> ACCENTURE DO BRASIL LTDA | M71: =INDEX(INDIRECT($I71&"!$1:$1048576"),MATCH($B71,INDIRECT($I71&"!$A:$A"),),MATCH(M$2,INDIRECT($I71&"!$1:$1"),)) -> 96534094000239 | N71: =INDEX(INDIRECT($I71&"!$1:$1048576"),MATCH($B71,INDIRECT($I71&"!$A:$A"),),MATCH(N$2,INDIRECT($I71&"!$1:$1"),)) -> 11 5188-3000 | O71: =INDEX(INDIRECT($I71&"!$1:$1048576"),MATCH($B71,INDIRECT($I71&"!$A:$A"),),MATCH(O$2,INDIRECT($I71&"!$1:$1"),)) -> cadastroorgaopublico@accenture.com | P71: =INDEX(INDIRECT($I71&"!$1:$1048576"),MATCH($B71,INDIRECT($I71&"!$A:$A"),),MATCH(P$2,INDIRECT($I71&"!$1:$1"),)) -> Av Republica do Chile 500 Pavmto 18 Centro 20031170 Centro Rio de Janeiro BRASIL | Q71: =INDEX(INDIRECT($I71&"!$1:$1048576"),MATCH($B71,INDIRECT($I71&"!$A:$A"),),MATCH(Q$2,INDIRECT($I71&"!$1:$1"),)) -> Real | R71: =INDEX(INDIRECT($I71&"!$1:$1048576"),MATCH($B71,INDIRECT($I71&"!$A:$A"),),MATCH(R$2,INDIRECT($I71&"!$1:$1"),)) -> 1894152.2 | S71: =INDEX(INDIRECT($I71&"!$1:$1048576"),MATCH($B71,INDIRECT($I71&"!$A:$A"),),MATCH(S$2,INDIRECT($I71&"!$1:$1"),)) -> 1914677 | T71: =INDEX(INDIRECT($I71&"!$1:$1048576"),MATCH($B71,INDIRECT($I71&"!$A:$A"),),MATCH(T$2,INDIRECT($I71&"!$1:$1"),)) -> 1914677 | V71: =INDEX(INDIRECT($I71&"!$1:$1048576"),MATCH($B71,INDIRECT($I71&"!$A:$A"),),MATCH(V$2,INDIRECT($I71&"!$1:$1"),)) -> SIM | W71: =INDEX(INDIRECT($I71&"!$1:$1048576"),MATCH($B71,INDIRECT($I71&"!$A:$A"),),MATCH(W$2,INDIRECT($I71&"!$1:$1"),)) -> 3 | X71: =INDEX(INDIRECT($I71&"!$1:$1048576"),MATCH($B71,INDIRECT($I71&"!$A:$A"),),MATCH(X$2,INDIRECT($I71&"!$1:$1"),)) -> Real | Y71: =INDEX(INDIRECT($I71&"!$1:$1048576"),MATCH($B71,INDIRECT($I71&"!$A:$A"),),MATCH(Y$2,INDIRECT($I71&"!$1:$1"),)) -> 1151102.1 | Z71: =INDEX(INDIRECT($I71&"!$1:$1048576"),MATCH($B71,INDIRECT($I71&"!$A:$A"),),MATCH(Z$2,INDIRECT($I71&"!$1:$1"),)) -> Não | AA71: =INDEX(INDIRECT($I71&"!$1:$1048576"),MATCH($B71,INDIRECT($I71&"!$A:$A"),),MATCH(AA$2,INDIRECT($I71&"!$1:$1"),)) -> 0 | AB71: =IFERROR(INDEX(INDIRECT($I71&"!$1:$1048576"),MATCH($B71,INDIRECT($I71&"!$A:$A"),),MATCH(AB$2,INDIRECT($I71&"!$1:$1"),)),"") -> 0
B72: 543 | C72: Sim | D72: Classificado plano Antigo | G72: =INDEX(INDIRECT($I72&"!$1:$1048576"),MATCH($B72,INDIRECT($I72&"!$A:$A"),),MATCH(G$2,INDIRECT($I72&"!$1:$1"),)) -> OSCN | I72: Fornecedores | J72: Quirografário | K72: CLASSE III | L72: =INDEX(INDIRECT($I72&"!$1:$1048576"),MATCH($B72,INDIRECT($I72&"!$A:$A"),),MATCH(L$2,INDIRECT($I72&"!$1:$1"),)) -> SANTIN – EQUIPAMENTOS, TRANSPORTES | M72: =INDEX(INDIRECT($I72&"!$1:$1048576"),MATCH($B72,INDIRECT($I72&"!$A:$A"),),MATCH(M$2,INDIRECT($I72&"!$1:$1"),)) -> 5134355000197 | N72: =INDEX(INDIRECT($I72&"!$1:$1048576"),MATCH($B72,INDIRECT($I72&"!$A:$A"),),MATCH(N$2,INDIRECT($I72&"!$1:$1"),)) -> 16 33939999 | O72: =INDEX(INDIRECT($I72&"!$1:$1048576"),MATCH($B72,INDIRECT($I72&"!$A:$A"),),MATCH(O$2,INDIRECT($I72&"!$1:$1"),)) -> sergio.froes@gruposantin.com.br | P72: =INDEX(INDIRECT($I72&"!$1:$1048576"),MATCH($B72,INDIRECT($I72&"!$A:$A"),),MATCH(P$2,INDIRECT($I72&"!$1:$1"),)) -> Av Herminio Cristovao 110 lll Distrito Industrial 14820000 São Paulo Americo Brasiliense SP BRASIL | Q72: =INDEX(INDIRECT($I72&"!$1:$1048576"),MATCH($B72,INDIRECT($I72&"!$A:$A"),),MATCH(Q$2,INDIRECT($I72&"!$1:$1"),)) -> Real | R72: =INDEX(INDIRECT($I72&"!$1:$1048576"),MATCH($B72,INDIRECT($I72&"!$A:$A"),),MATCH(R$2,INDIRECT($I72&"!$1:$1"),)) -> 1855018.9 | S72: =INDEX(INDIRECT($I72&"!$1:$1048576"),MATCH($B72,INDIRECT($I72&"!$A:$A"),),MATCH(S$2,INDIRECT($I72&"!$1:$1"),)) -> 1875119.7 | T72: =INDEX(INDIRECT($I72&"!$1:$1048576"),MATCH($B72,INDIRECT($I72&"!$A:$A"),),MATCH(T$2,INDIRECT($I72&"!$1:$1"),)) -> 1875119.7 | V72: =INDEX(INDIRECT($I72&"!$1:$1048576"),MATCH($B72,INDIRECT($I72&"!$A:$A"),),MATCH(V$2,INDIRECT($I72&"!$1:$1"),)) -> SIM | W72: =INDEX(INDIRECT($I72&"!$1:$1048576"),MATCH($B72,INDIRECT($I72&"!$A:$A"),),MATCH(W$2,INDIRECT($I72&"!$1:$1"),)) -> 3 | X72: =INDEX(INDIRECT($I72&"!$1:$1048576"),MATCH($B72,INDIRECT($I72&"!$A:$A"),),MATCH(X$2,INDIRECT($I72&"!$1:$1"),)) -> Real | Y72: =INDEX(INDIRECT($I72&"!$1:$1048576"),MATCH($B72,INDIRECT($I72&"!$A:$A"),),MATCH(Y$2,INDIRECT($I72&"!$1:$1"),)) -> 1127320.2 | Z72: =INDEX(INDIRECT($I72&"!$1:$1048576"),MATCH($B72,INDIRECT($I72&"!$A:$A"),),MATCH(Z$2,INDIRECT($I72&"!$1:$1"),)) -> Não | AA72: =INDEX(INDIRECT($I72&"!$1:$1048576"),MATCH($B72,INDIRECT($I72&"!$A:$A"),),MATCH(AA$2,INDIRECT($I72&"!$1:$1"),)) -> 0 | AB72: =IFERROR(INDEX(INDIRECT($I72&"!$1:$1048576"),MATCH($B72,INDIRECT($I72&"!$A:$A"),),MATCH(AB$2,INDIRECT($I72&"!$1:$1"),)),"") -> 0
B73: 466 | C73: Sim | D73: Classificado plano Antigo | G73: =INDEX(INDIRECT($I73&"!$1:$1048576"),MATCH($B73,INDIRECT($I73&"!$A:$A"),),MATCH(G$2,INDIRECT($I73&"!$1:$1"),)) -> OSCN | I73: Fornecedores | J73: Quirografário | K73: CLASSE III | L73: =INDEX(INDIRECT($I73&"!$1:$1048576"),MATCH($B73,INDIRECT($I73&"!$A:$A"),),MATCH(L$2,INDIRECT($I73&"!$1:$1"),)) -> ORTENG EQUIPAMENTOS E SISTEMAS LTDA | M73: =INDEX(INDIRECT($I73&"!$1:$1048576"),MATCH($B73,INDIRECT($I73&"!$A:$A"),),MATCH(M$2,INDIRECT($I73&"!$1:$1"),)) -> 19884626000136 | N73: =INDEX(INDIRECT($I73&"!$1:$1048576"),MATCH($B73,INDIRECT($I73&"!$A:$A"),),MATCH(N$2,INDIRECT($I73&"!$1:$1"),)) -> não encontrado | O73: =INDEX(INDIRECT($I73&"!$1:$1048576"),MATCH($B73,INDIRECT($I73&"!$A:$A"),),MATCH(O$2,INDIRECT($I73&"!$1:$1"),)) -> izabelamotta@orteng.com.br | P73: =INDEX(INDIRECT($I73&"!$1:$1048576"),MATCH($B73,INDIRECT($I73&"!$A:$A"),),MATCH(P$2,INDIRECT($I73&"!$1:$1"),)) -> Av Via Expressa de Contagem 3850 Cainco 32370-485 Contagem Contagem MG BRASIL | Q73: =INDEX(INDIRECT($I73&"!$1:$1048576"),MATCH($B73,INDIRECT($I73&"!$A:$A"),),MATCH(Q$2,INDIRECT($I73&"!$1:$1"),)) -> Real | R73: =INDEX(INDIRECT($I73&"!$1:$1048576"),MATCH($B73,INDIRECT($I73&"!$A:$A"),),MATCH(R$2,INDIRECT($I73&"!$1:$1"),)) -> 1776956.6 | S73: =INDEX(INDIRECT($I73&"!$1:$1048576"),MATCH($B73,INDIRECT($I73&"!$A:$A"),),MATCH(S$2,INDIRECT($I73&"!$1:$1"),)) -> 1796211.5 | T73: =INDEX(INDIRECT($I73&"!$1:$1048576"),MATCH($B73,INDIRECT($I73&"!$A:$A"),),MATCH(T$2,INDIRECT($I73&"!$1:$1"),)) -> 1796211.5 | V73: =INDEX(INDIRECT($I73&"!$1:$1048576"),MATCH($B73,INDIRECT($I73&"!$A:$A"),),MATCH(V$2,INDIRECT($I73&"!$1:$1"),)) -> SIM | W73: =INDEX(INDIRECT($I73&"!$1:$1048576"),MATCH($B73,INDIRECT($I73&"!$A:$A"),),MATCH(W$2,INDIRECT($I73&"!$1:$1"),)) -> 3 | X73: =INDEX(INDIRECT($I73&"!$1:$1048576"),MATCH($B73,INDIRECT($I73&"!$A:$A"),),MATCH(X$2,INDIRECT($I73&"!$1:$1"),)) -> Real | Y73: =INDEX(INDIRECT($I73&"!$1:$1048576"),MATCH($B73,INDIRECT($I73&"!$A:$A"),),MATCH(Y$2,INDIRECT($I73&"!$1:$1"),)) -> 1079880.7 | Z73: =INDEX(INDIRECT($I73&"!$1:$1048576"),MATCH($B73,INDIRECT($I73&"!$A:$A"),),MATCH(Z$2,INDIRECT($I73&"!$1:$1"),)) -> Não | AA73: =INDEX(INDIRECT($I73&"!$1:$1048576"),MATCH($B73,INDIRECT($I73&"!$A:$A"),),MATCH(AA$2,INDIRECT($I73&"!$1:$1"),)) -> 0 | AB73: =IFERROR(INDEX(INDIRECT($I73&"!$1:$1048576"),MATCH($B73,INDIRECT($I73&"!$A:$A"),),MATCH(AB$2,INDIRECT($I73&"!$1:$1"),)),"") -> 0
B74: 228 | C74: Sim | D74: Classificado plano Antigo | F74: Email | G74: =INDEX(INDIRECT($I74&"!$1:$1048576"),MATCH($B74,INDIRECT($I74&"!$A:$A"),),MATCH(G$2,INDIRECT($I74&"!$1:$1"),)) -> OSCN | I74: Fornecedores | J74: Quirografário | K74: CLASSE III | L74: =INDEX(INDIRECT($I74&"!$1:$1048576"),MATCH($B74,INDIRECT($I74&"!$A:$A"),),MATCH(L$2,INDIRECT($I74&"!$1:$1"),)) -> FALCON GLOBAL BRAZIL SISTEMAS LTDA | M74: =INDEX(INDIRECT($I74&"!$1:$1048576"),MATCH($B74,INDIRECT($I74&"!$A:$A"),),MATCH(M$2,INDIRECT($I74&"!$1:$1"),)) -> 17287439000140 | N74: =INDEX(INDIRECT($I74&"!$1:$1048576"),MATCH($B74,INDIRECT($I74&"!$A:$A"),),MATCH(N$2,INDIRECT($I74&"!$1:$1"),)) -> 21 22522500 | O74: =INDEX(INDIRECT($I74&"!$1:$1048576"),MATCH($B74,INDIRECT($I74&"!$A:$A"),),MATCH(O$2,INDIRECT($I74&"!$1:$1"),)) -> não encontrado | P74: =INDEX(INDIRECT($I74&"!$1:$1048576"),MATCH($B74,INDIRECT($I74&"!$A:$A"),),MATCH(P$2,INDIRECT($I74&"!$1:$1"),)) -> Rua Curicica 1164 Jacarepagua 22780194 Rio de Janeiro Rio de Janeiro BRASIL | Q74: =INDEX(INDIRECT($I74&"!$1:$1048576"),MATCH($B74,INDIRECT($I74&"!$A:$A"),),MATCH(Q$2,INDIRECT($I74&"!$1:$1"),)) -> Real | R74: =INDEX(INDIRECT($I74&"!$1:$1048576"),MATCH($B74,INDIRECT($I74&"!$A:$A"),),MATCH(R$2,INDIRECT($I74&"!$1:$1"),)) -> 1752916.1 | S74: =INDEX(INDIRECT($I74&"!$1:$1048576"),MATCH($B74,INDIRECT($I74&"!$A:$A"),),MATCH(S$2,INDIRECT($I74&"!$1:$1"),)) -> 1771910.5 | T74: =INDEX(INDIRECT($I74&"!$1:$1048576"),MATCH($B74,INDIRECT($I74&"!$A:$A"),),MATCH(T$2,INDIRECT($I74&"!$1:$1"),)) -> 1771910.5 | V74: =INDEX(INDIRECT($I74&"!$1:$1048576"),MATCH($B74,INDIRECT($I74&"!$A:$A"),),MATCH(V$2,INDIRECT($I74&"!$1:$1"),)) -> SIM | W74: =INDEX(INDIRECT($I74&"!$1:$1048576"),MATCH($B74,INDIRECT($I74&"!$A:$A"),),MATCH(W$2,INDIRECT($I74&"!$1:$1"),)) -> 3 | X74: =INDEX(INDIRECT($I74&"!$1:$1048576"),MATCH($B74,INDIRECT($I74&"!$A:$A"),),MATCH(X$2,INDIRECT($I74&"!$1:$1"),)) -> Real | Y74: =INDEX(INDIRECT($I74&"!$1:$1048576"),MATCH($B74,INDIRECT($I74&"!$A:$A"),),MATCH(Y$2,INDIRECT($I74&"!$1:$1"),)) -> 1065271 | Z74: =INDEX(INDIRECT($I74&"!$1:$1048576"),MATCH($B74,INDIRECT($I74&"!$A:$A"),),MATCH(Z$2,INDIRECT($I74&"!$1:$1"),)) -> Não | AA74: =INDEX(INDIRECT($I74&"!$1:$1048576"),MATCH($B74,INDIRECT($I74&"!$A:$A"),),MATCH(AA$2,INDIRECT($I74&"!$1:$1"),)) -> 0 | AB74: =IFERROR(INDEX(INDIRECT($I74&"!$1:$1048576"),MATCH($B74,INDIRECT($I74&"!$A:$A"),),MATCH(AB$2,INDIRECT($I74&"!$1:$1"),)),"") -> 0 | AC74: x
B75: 333 | C75: Sim | D75: Classificado plano Antigo | G75: =INDEX(INDIRECT($I75&"!$1:$1048576"),MATCH($B75,INDIRECT($I75&"!$A:$A"),),MATCH(G$2,INDIRECT($I75&"!$1:$1"),)) -> OSCN | I75: Fornecedores | J75: Quirografário | K75: CLASSE III | L75: =INDEX(INDIRECT($I75&"!$1:$1048576"),MATCH($B75,INDIRECT($I75&"!$A:$A"),),MATCH(L$2,INDIRECT($I75&"!$1:$1"),)) -> JSL SA | M75: =INDEX(INDIRECT($I75&"!$1:$1048576"),MATCH($B75,INDIRECT($I75&"!$A:$A"),),MATCH(M$2,INDIRECT($I75&"!$1:$1"),)) -> 52548435000179 | N75: =INDEX(INDIRECT($I75&"!$1:$1048576"),MATCH($B75,INDIRECT($I75&"!$A:$A"),),MATCH(N$2,INDIRECT($I75&"!$1:$1"),)) -> 11 23777000 | O75: =INDEX(INDIRECT($I75&"!$1:$1048576"),MATCH($B75,INDIRECT($I75&"!$A:$A"),),MATCH(O$2,INDIRECT($I75&"!$1:$1"),)) -> isabela.rodrigues@jsl.com.br | P75: =INDEX(INDIRECT($I75&"!$1:$1048576"),MATCH($B75,INDIRECT($I75&"!$A:$A"),),MATCH(P$2,INDIRECT($I75&"!$1:$1"),)) -> Rua Doutor Renato Paes de Barros 1017 Conj 91 Itaim Bibi 4530001 São Paulo São Paulo BRASIL | Q75: =INDEX(INDIRECT($I75&"!$1:$1048576"),MATCH($B75,INDIRECT($I75&"!$A:$A"),),MATCH(Q$2,INDIRECT($I75&"!$1:$1"),)) -> Real | R75: =INDEX(INDIRECT($I75&"!$1:$1048576"),MATCH($B75,INDIRECT($I75&"!$A:$A"),),MATCH(R$2,INDIRECT($I75&"!$1:$1"),)) -> 1725576 | S75: =INDEX(INDIRECT($I75&"!$1:$1048576"),MATCH($B75,INDIRECT($I75&"!$A:$A"),),MATCH(S$2,INDIRECT($I75&"!$1:$1"),)) -> 1744274.1 | T75: =INDEX(INDIRECT($I75&"!$1:$1048576"),MATCH($B75,INDIRECT($I75&"!$A:$A"),),MATCH(T$2,INDIRECT($I75&"!$1:$1"),)) -> 1744274.1 | V75: =INDEX(INDIRECT($I75&"!$1:$1048576"),MATCH($B75,INDIRECT($I75&"!$A:$A"),),MATCH(V$2,INDIRECT($I75&"!$1:$1"),)) -> SIM | W75: =INDEX(INDIRECT($I75&"!$1:$1048576"),MATCH($B75,INDIRECT($I75&"!$A:$A"),),MATCH(W$2,INDIRECT($I75&"!$1:$1"),)) -> 3 | X75: =INDEX(INDIRECT($I75&"!$1:$1048576"),MATCH($B75,INDIRECT($I75&"!$A:$A"),),MATCH(X$2,INDIRECT($I75&"!$1:$1"),)) -> Real | Y75: =INDEX(INDIRECT($I75&"!$1:$1048576"),MATCH($B75,INDIRECT($I75&"!$A:$A"),),MATCH(Y$2,INDIRECT($I75&"!$1:$1"),)) -> 1048656 | Z75: =INDEX(INDIRECT($I75&"!$1:$1048576"),MATCH($B75,INDIRECT($I75&"!$A:$A"),),MATCH(Z$2,INDIRECT($I75&"!$1:$1"),)) -> Não | AA75: =INDEX(INDIRECT($I75&"!$1:$1048576"),MATCH($B75,INDIRECT($I75&"!$A:$A"),),MATCH(AA$2,INDIRECT($I75&"!$1:$1"),)) -> 0 | AB75: =IFERROR(INDEX(INDIRECT($I75&"!$1:$1048576"),MATCH($B75,INDIRECT($I75&"!$A:$A"),),MATCH(AB$2,INDIRECT($I75&"!$1:$1"),)),"") -> 0
